Workbook

Sheet прил.1
C1: Приложение №1
C2: к решению Совета местного самоуправления
C3: городского округа Нальчик "О внесении изменений
C4: в решение Совета местного самоуправления городского округа
C5: Нальчик от 25.12.2018г. №191 "О местном бюджете городского
C6: округа Нальчик на 2019 год и на плановый период 2020 и 2021 годов"
C7: от "13 " декабря 2019г. №277
A10: ГЛАВНЫЕ АДМИНИСТРАТОРЫ ДОХОДОВ
A11: МЕСТНОГО БЮДЖЕТА - ОРГАНЫ МЕСТНОГО САМОУПРАВЛЕНИЯ
A12: ГОРОДСКОГО ОКРУГА НАЛЬЧИК
A15: Код бюджетной классификации Российской Федерации | C15: Наименование главного администратора поступлений и вида доходов местного бюджета
A16: главного админи- стратора доходов | B16: доходов местного бюджета
A17: 1 | B17: 2 | C17: 3
A18: 803 | C18: Местная администрация городского округа Нальчик
A19: 803 | B19: 1 08 07150 01 1000 110 | C19: Государственная пошлина за выдачу разрешения на установку рекламной конструкции
A20: 803 | B20: 1 08 07150 01 4000 110 | C20: Государственная пошлина за выдачу разрешения на установку рекламной конструкции
A21: 803 | B21: 1 13 01994 04 0000 130 | C21: Прочие доходы от оказания платных услуг (работ) получателям средств бюджетов городских округов
A22: 803 | B22: 1 13 02994 04 0000 130 | C22: Прочие доходы от компенсации затрат бюджетов городских округов
A23: 803 | B23: 1 16 90040 04 0000 140 | C23: Прочие поступления от денежных взысканий (штрафов) и иных сумм в возмещение ущерба, зачисляемые в бюджеты городских округов
A24: 803 | B24: 1 17 01040 04 0000 180 | C24: Невыясненные поступления, зачисляемые в бюджеты городских округов
A25: 803 | B25: 1 17 05040 04 0000 180 | C25: Прочие неналоговые доходы бюджетов городских округов
A26: 803 | B26: 2 02 25497 04 0000 150 | C26: Субсидии бюджетам городских округов на реализацию мероприятий по обеспечению жильем молодых семей
A27: 803 | B27: 2 02 30024 04 7009 150 | C27: Субвенции бюджетам городских округов на выполнение передаваемых полномочий субъектов Российской Федерации (ежемесячные денежные выплаты опекунам (попечителям), приемным родителям на содержание детей-сирот и детей, оставшихся без попечения родителей, а также на оплату труда приемных родителей)
A28: 803 | B28: 2 02 30024 04 7010 150 | C28: Субвенции бюджетам городских округов на выполнение передаваемых полномочий субъектов Российской Федерации (содержание территориальных отделов опеки и попечительства)
A29: 803 | B29: 2 02 30024 04 7011 150 | C29: Субвенции бюджетам городских округов на выполнение передаваемых полномочий субъектов Российской Федерации (осуществление полномочий по образованию и организации деятельности комиссий по делам несовершеннолетних и защите их прав)
A30: 803 | B30: 2 02 30024 04 7019 150 | C30: Субвенции бюджетам городских округов на выполнение передаваемых полномочий субъектов Российской Федерации (ежемесячные денежные выплаты на оплату труда приемных родителей)
... A36: 803 | B36: 2 19 60010 04 0000 150 | C36: Возврат прочих остатков субсидий, субвенций и иных межбюджетных трансфертов, имеющих целевое назначение, прошлых лет из бюджетов городских округов
A37: 805 | C37: Контрольно-счетная палата городского округа Нальчик
A38: 805 | B38: 1 16 18040 04 0000 140 | C38: Денежные взыскания (штрафы) за нарушение бюджетного законодательства (в части бюджетов городских округов)
A39: 805 | B39: 1 16 90040 04 0000 140 | C39: Прочие поступления от денежных взысканий (штрафов) и иных сумм в возмещение ущерба, зачисляемые в бюджеты городских округов
A40: 810 | C40: Муниципальное казенное учреждение "Управление жилищно-коммунального хозяйства и благоустройства-служба заказчика" Местной администрации городского округа Нальчик"
A41: 810 | B41: 1 13 01994 04 0000 130 | C41: Прочие доходы от оказания платных услуг (работ) получателям средств бюджетов городских округов
A42: 810 | B42: 1 13 02994 04 0000 130 | C42: Прочие доходы от компенсации затрат бюджетов городских округов
A43: 810 | B43: 1 13 02994 04 0022 130 | C43: Прочие доходы от компенсации затрат бюджетов городских округов
A44: 810 | B44: 1 16 46000 04 0000 140 | C44: Поступления сумм в возмещение ущерба в связи с нарушением исполнителем (подрядчиком) условий государственных контрактов или иных договоров, финансируемых за счет средств муниципальных дорожных фондов городских округов, либо в связи с уклонением от заключения таких контрактов или иных договоров
A45: 810 | B45: 1 16 90040 04 0000 140 | C45: Прочие поступления от денежных взысканий (штрафов) и иных сумм в возмещение ущерба, зачисляемые в бюджеты городских округов
A46: 810 | B46: 1 17 01040 04 0000 180 | C46: Невыясненные поступления, зачисляемые в бюджеты городских округов
A47: 810 | B47: 1 17 14020 04 0000 150 | C47: Средства самообложения граждан, зачисляемые в бюджеты городских округов
A48: 810 | B48: 2 02 20077 04 7051 150 | C48: Субсидии бюджетам городских округов на софинансирование капитальных вложений в объекты государственной (муниципальной) собственности (поддержка муниципальных программ по обеспечению благоустроенными жилыми помещениями семей, проживающих в многоквартирных домах коммунального типа)
A49: 810 | B49: 2 02 20077 04 7126 150 | C49: Субсидии бюджетам муниципальных образований на реализацию муниципальных программ в области жилищно-коммунального хозяйства
A50: 810 | B50: 2 02 20216 04 0000 150 | C50: Субсидии бюджетам городских округов на осуществление дорожной деятельности в отношении автомобильных дорог общего пользования, а также капитального ремонта и ремонта дворовых территорий многоквартирных домов, проездов к дворовым территориям многоквартирных домов населенных пунктов
A51: 810 | B51: 2 02 25495 04 0000 150 | C51: Субсидии бюджетам городских округов на финансовое обеспечение мероприятий федеральной целевой программы «Развитие физической культуры и спорта в Российской Федерации на 2016-2020 годы»
A52: 810 | B52: 2 02 25555 04 0000 150 | C52: Субсидии бюджетам городских округов на поддержку государственных программ субъектов Российской Федерации и муниципальных программ формирования современной городской среды
... A56: 810 | B56: 2 19 60010 04 0000 150 | C56: Возврат прочих остатков субсидий, субвенций и иных межбюджетных трансфертов, имеющих целевое назначение, прошлых лет из бюджетов городских округов
A57: 821 | C57: Отдел ЗАГС городского округа Нальчик
A58: 821 | B58: 1 17 01040 04 0000 180 | C58: Невыясненные поступления, зачисляемые в бюджеты городских округов
A59: 821 | B59: 2 02 35930 04 0000 150 | C59: Субвенции бюджетам городских округов на государственную регистрацию актов гражданского состояния
A60: 821 | B60: 2 19 60010 04 0000 150 | C60: Возврат прочих остатков субсидий, субвенций и иных межбюджетных трансфертов, имеющих целевое назначение, прошлых лет из бюджетов городских округов
A61: 857 | C61: МКУ "Управление культуры Местной администрации городского округа Нальчик"
A62: 857 | B62: 1 13 01994 04 0000 130 | C62: Прочие доходы от оказания платных услуг (работ) получателями средств бюджетов городских округов
A63: 857 | B63: 1 13 02994 04 0000 130 | C63: Прочие доходы от компенсации затрат бюджетов городских округов
A64: 857 | B64: 1 17 01040 04 0000 180 | C64: Невыясненные поступления, зачисляемые в бюджеты городских округов
A65: 857 | B65: 2 01 04020 04 0000 150 | C65: Поступления от денежных пожертвований, предоставляемых нерезидентами получателям средств бюджетов городских округов
A66: 857 | B66: 2 02 25466 04 0000 150 | C66: Субсидии бюджетам городских округов на поддержку творческой деятельности и укрепление материально-технической базы муниципальных театров в населенных пунктах с численностью населения до 300 тысяч человек
A67: 857 | B67: 2 02 25519 04 0000 150 | C67: Субсидия бюджетам городских округов на поддержку отрасли культуры (госпрограмма РФ "Развитие культуры и туризма" на 2013-2020 годы")
A68: 857 | B68: 2 02 25519 04 0000 150 | C68: Субсидия бюджетам городских округов на поддержку отрасли культуры
A69: 857 | B69: 2 03 04020 04 0000 150 | C69: Поступления от денежных пожертвований, предоставляемых государственными (муниципальными) организациями получателям средств бюджетов городских округов
A70: 857 | B70: 2 04 04020 04 0000 150 | C70: Поступления от денежных пожертвований, предоставляемых негосударственными организациями получателям средств бюджетов городских округов
A71: 857 | B71: 2 07 04020 04 0000 150 | C71: Поступления от денежных пожертвований, предоставляемых физическими лицами получателям средств бюджетов городских округов
A72: 857 | B72: 2 19 60010 04 0000 150 | C72: Возврат прочих остатков субсидий, субвенций и иных межбюджетных трансфертов, имеющих целевое назначение, прошлых лет из бюджетов городских округов
A73: 866 | C73: МКУ "Департамент городского имущества и земельных отношений Местной администрации городского округа Нальчик"
A74: 866 | B74: 1 11 01040 04 0000 120 | C74: Доходы в виде прибыли, приходящейся на доли в уставных (складочных) капиталах хозяйственных товариществ и обществ, или дивидендов по акциям, принадлежащим городским округам
A75: 866 | B75: 1 11 05012 04 0000 120 | C75: Доходы, получаемые в виде арендной платы за земельные участки, государственная собственность на которые не разграничена и которые расположены в границах городских округов, а также средства от продажи права на заключение договоров аренды указанных земельных участков
A76: 866 | B76: 1 11 05024 04 0000 120 | C76: Доходы, получаемые в виде арендной платы, а также средства от продажи права на заключение договоров аренды за земли, находящиеся в собственности городских округов (за исключением земельных участков муниципальных бюджетных и автономных учреждений)
A77: 866 | B77: 1 11 05034 04 0000 120 | C77: Доходы от сдачи в аренду имущества, находящегося в оперативном управлении органов управления городских округов и созданных ими учреждений (за исключением имущества муниципальных бюджетных и автономных учреждений)
A78: 866 | B78: 1 11 07014 04 0000 120 | C78: Доходы от перечисления части прибыли, остающейся после уплаты налогов и иных обязательных платежей муниципальных унитарных предприятий, созданных городскими округами
A79: 866 | B79: 1 13 02994 04 0000 130 | C79: Прочие доходы от компенсации затрат бюджетов городских округов
A80: 866 | B80: 1 14 02042 04 0000 410 | C80: Доходы от реализации имущества, находящегося в оперативном управлении учреждений, находящихся в ведении органов управления городских округов (за исключением имущества муниципальных бюджетных и автономных учреждений), в части реализации основных средств по указанному имуществу
A81: 866 | B81: 1 14 02042 04 0000 440 | C81: Доходы от реализации имущества, находящегося в оперативном управлении учреждений, находящихся в ведении органов управления городских округов (за исключением имущества муниципальных бюджетных и автономных учреждений), в части реализации материальных запасов по указанному имуществу
A82: 866 | B82: 1 14 06012 04 0000 430 | C82: Доходы от продажи земельных участков, государственная собственность на которые не разграничена и которые расположены в границах городских округов
A83: 866 | B83: 1 14 06024 04 0000 430 | C83: Доходы от продажи земельных участков, находящихся в собственности городских округов (за исключением земельных участков муниципальных бюджетных и автономных учреждений)
A84: 866 | B84: 1 16 90040 04 0000 140 | C84: Прочие поступления от денежных взысканий (штрафов) и иных сумм в возмещение ущерба, зачисляемые в бюджеты городских округов
A85: 866 | B85: 1 17 01040 04 0000 180 | C85: Невыясненные поступления, зачисляемые в бюджеты городских округов
... A89: 866 | B89: 2 19 60010 04 0000 150 | C89: Возврат прочих остатков субсидий, субвенций и иных межбюджетных трансфертов, имеющих целевое назначение, прошлых лет из бюджетов городских округов
A90: 873 | C90: МКУ "Департамент образования Местной администрации городского округа Нальчик"
A91: 873 | B91: 1 13 01994 04 0701 130 | C91: Прочие доходы от оказания платных услуг (работ) получателями средств бюджетов городских округов (дошкольное образование)
A92: 873 | B92: 1 13 01994 04 0702 130 | C92: Прочие доходы от оказания платных услуг (работ) получателями средств бюджетов городских округов (среднее образование)
A93: 873 | B93: 1 13 01994 04 0703 130 | C93: Прочие доходы от оказания платных услуг (работ) получателями средств бюджетов городских округов (дополнительное образование)
A94: 873 | B94: 1 13 02994 04 0000 130 | C94: Прочие доходы от компенсации затрат бюджетов городских округов
A95: 873 | B95: 1 17 01040 04 0000 180 | C95: Невыясненные поступления, зачисляемые в бюджеты городских округов
A96: 873 | B96: 1 17 05040 04 0000 180 | C96: Прочие неналоговые доходы бюджетов городских округов
A97: 873 | B97: 2 01 04020 04 0000 150 | C97: Поступления от денежных пожертвований, предоставляемых нерезидентами получателям средств бюджетов городских округов
A98: 873 | B98: 2 02 25027 04 0000 150 | C98: Субсидии бюджетам городских округов на реализацию мероприятий государственной программы Российской Федерации "Доступная среда на 2011-2020 годы"
A99: 873 | B99: 2 02 25097 04 0000 150 | C99: Субсидии бюджетам городских округов на создание в общеобразовательных организациях, расположенных в сельской местности, условий для занятия физической культурой и спортом
A100: 873 | B100: 2 02 30024 04 0701 150 | C100: Субвенции бюджетам городских округов на выполнение передаваемых полномочий субъектов Российской Федерации (дошкольное образование)
A101: 873 | B101: 2 02 30024 04 0702 150 | C101: Субвенции бюджетам городских округов на выполнение передаваемых полномочий субъектов Российской Федерации по общему образованию
A102: 873 | B102: 2 02 30024 04 0703 150 | C102: Субвенции бюджетам городских округов на выполнение передаваемых полномочий субъектов Российской Федерации (дополнительное образование)
... A113: 873 | B113: 2 19 60010 04 0000 150 | C113: Возврат прочих остатков субсидий, субвенций и иных межбюджетных трансфертов, имеющих целевое назначение, прошлых лет из бюджетов городских округов
A114: 875 | C114: МКУ "Управление по физической культуре, спорту и делам молодежи Местной администрации городского округа Нальчик"
A115: 875 | B115: 2 01 04020 04 0000 150 | C115: Поступления от денежных пожертвований, предоставляемых нерезидентами получателям средств бюджетов городских округов
A116: 875 | B116: 2 03 04020 04 0000 150 | C116: Поступления от денежных пожертвований, предоставляемых государственными (муниципальными) организациями получателям средств бюджетов городских округов
A117: 875 | B117: 2 04 04020 04 0000 150 | C117: Поступления от денежных пожертвований, предоставляемых негосударственными организациями получателям средств бюджетов городских округов
A118: 875 | B118: 2 07 04020 04 0000 150 | C118: Поступления от денежных пожертвований, предоставляемых физическими лицами получателям средств бюджетов городских округов
A119: 892 | C119: МКУ "Департамент финансов Местной администрации городского округа Нальчик"
A120: 892 | B120: 1 13 02994 04 0000 130 | C120: Прочие доходы от компенсации затрат бюджетов городских округов
A121: 892 | B121: 1 16 90040 04 0000 140 | C121: Прочие поступления от денежных взысканий (штрафов) и иных сумм в возмещение ущерба, зачисляемые в бюджеты городских округов
A122: 892 | B122: 1 17 01040 04 0000 180 | C122: Невыясненные поступления, зачисляемые в бюджеты городских округов
A123: 892 | B123: 1 17 05040 04 0000 180 | C123: Прочие неналоговые доходы бюджетов городских округов
A124: 892 | B124: 2 02 15001 04 0034 150 | C124: Дотации бюджетам городских округов на выравнивание бюджетной обеспеченности
A125: 892 | B125: 2 08 04000 04 0000 150 | C125: Перечисления из бюджетов городских округов (в бюджеты городских округов) для осуществления возврата (зачета) излишне уплаченных или излишне взысканных сумм налогов, сборов и иных платежей, а также сумм процентов за несвоевременное осуществление такого возврата и процентов, начисленных на излишне взысканные суммы
...

Sheet прил. 2
C1: Приложение №2
C2: к решению Совета местного самоуправления
C3: городского округа Нальчик "О внесении изменений
C4: в решение Совета местного самоуправления городского округа
C5: Нальчик от 25.12.2018г. №191 "О местном бюджете городского
C6: округа Нальчик на 2019 год и на плановый период 2020 и 2021 годов"
C7: от " 13 " декабря 2019г. №277
A9: ГЛАВНЫЕ АДМИНИСТРАТОРЫ ДОХОДОВ МЕСТНОГО БЮДЖЕТА -
A10: ТЕРРИТОРИАЛЬНЫЕ ОРГАНЫ ФЕДЕРАЛЬНЫХ ОРГАНОВ
A11: ИСПОЛНИТЕЛЬНОЙ ВЛАСТИ
A12: ПО КАБАРДИНО-БАЛКАРСКОЙ РЕСПУБЛИКЕ,
A13: ОРГАНЫ ГОСУДАРСТВЕННОЙ ВЛАСТИ
A14: КАБАРДИНО-БАЛКАРСКОЙ РЕСПУБЛИКИ
A16: Код бюджетной классификации Российской Федерации | C16: Наименование главного администратора поступлений и вида доходов местного бюджета
A17: главного админи- стратора доходов | B17: доходов местного бюджета
A18: 1 | B18: 2 | C18: 3
A19: 048 | C19: Управление Федеральной службы по надзору в сфере природопользования по Кабардино-Балкарской Республике
A20: 048 | B20: 1 12 01010 01 2100 120 | C20: Плата за выбросы загрязняющих веществ в атмосферный воздух стационарными объектами
A21: 048 | B21: 1 12 01010 01 6000 120 | C21: Плата за выбросы загрязняющих веществ в атмосферный воздух стационарными объектами (федеральные государственные органы, Банк России, органы управления государственными внебюджетными фондами Российской Федерации)
A22: 048 | B22: 1 12 01030 01 2100 120 | C22: Плата за сбросы загрязняющих веществ в водные объекты ( пени по соответствующему платежу)
A23: 048 | B23: 1 12 01030 01 6000 120 | C23: Плата за сбросы загрязняющих веществ в водные объекты
A24: 048 | B24: 1 12 01041 01 6000 120 | C24: Плата за размещение отходов производства (федеральные государственные органы, Банк России, органы управления государственными внебюджетными фондами Российской Федерации)
A25: 048 | B25: 1 12 01042 01 6000 120 | C25: Плата за размещение твердых коммунальных отходов (федеральные государственные органы, Банк России, органы управления государственными внебюджетными фондами Российской Федерации)
A26: 048 | B26: 1 12 01070 01 6000 120 | C26: Плата за выбросы загрязняющих веществ, образующихся при сжигании на факельных установках и (или) рассеивании попутного нефтяного газа
A27: 048 | B27: 1 16 25010 01 6000 140 | C27: Денежные взыскания (штрафы) за нарушение законодательства о недрах
A28: 048 | B28: 1 16 25020 01 6000 140 | C28: Денежные взыскания (штрафы) за нарушение законодательства Российской Федерации об особо охраняемых природных территориях
A29: 048 | B29: 1 16 25040 01 6000 140 | C29: Денежные взыскания (штрафы) за нарушение законодательства Российской Федерации об экологической экспертизе
A30: 048 | B30: 1 16 25050 01 6000 140 | C30: Денежные взыскания (штрафы) за нарушение законодательства в области охраны окружающей среды
A31: 048 | B31: 1 16 25060 01 6000 140 | C31: Денежные взыскания (штрафы) за нарушение земельного законодательства
A32: 048 | B32: 1 16 43000 01 0000 140 | C32: Денежные взыскания (штрафы) за нарушение законодательства Российской Федерации об административных правонарушениях, предусмотренные статьей 20.25 Кодекса Российской Федерации об административных правонарушениях
A33: 060 | C33: Территориальный орган Федеральной службы по надзору в сфере здравоохранения по Кабардино-Балкарской Республике
A34: 060 | B34: 1 16 90040 04 6000 140 | C34: Прочие поступления от денежных взысканий (штрафов) и иных сумм в возмещение ущерба, зачисляемые в бюджеты городских округов
A35: 076 | C35: Западно-Каспийское территориальное управление федерального агентства по рыболовству
A36: 076 | B36: 1 16 25030 01 6000 140 | C36: Денежные взыскания (штрафы) за нарушение законодательства Российской Федерации об охране и использовании животного мира
A37: 076 | B37: 1 16 43000 01 6000 140 | C37: Денежные взыскания (штрафы) за нарушение законодательства Российской Федерации об административных правонарушениях, предусмотренные статьей 20.25 Кодекса Российской Федерации об административных правонарушениях
A38: 076 | B38: 1 16 90040 04 6000 140 | C38: Прочие поступления от денежных взысканий (штрафов) и иных сумм в возмещение ущерба, зачисляемые в бюджеты городских округов
A39: 081 | C39: Управление Федеральной службы по ветеринарному и фитосанитарному надзору по Кабардино-Балкарской Республике
A40: 081 | B40: 1 16 25060 01 6000 140 | C40: Денежные взыскания (штрафы) за нарушение земельного законодательства
A41: 081 | B41: 1 16 43000 01 6000 140 | C41: Денежные взыскания (штрафы) за нарушение законодательства Российской Федерации об административных правонарушениях, предусмотренные статьей 20.25 Кодекса Российской Федерации об административных правонарушениях
A42: 081 | B42: 1 16 90040 04 6000 140 | C42: Прочие поступления от денежных взысканий (штрафов) и иных сумм в возмещение ущерба, зачисляемые в бюджеты городских округов
A43: 096 | C43: Управление Федеральной службы по надзору в сфере связи, информационных технологий и массовых коммуникаций по Кабардино-Балкарской Республике
A44: 096 | B44: 1 16 90040 04 6000 140 | C44: Прочие поступления от денежных взысканий (штрафов) и иных сумм в возмещение ущерба, зачисляемые в бюджеты городских округов
A45: 100 | C45: Управление Федерального казначейства по Кабардино-Балкарской Республике
A46: 100 | B46: 1 03 02230 01 0000 110 | C46: Доходы от уплаты акцизов на дизельное топливо, подлежащие распределению между бюджетами субъектов Российской Федерации и местными бюджетами с учетом установленных дифференцированных нормативов отчислений в местные бюджеты
A47: 100 | B47: 1 03 02240 01 0000 110 | C47: Доходы от уплаты акцизов на моторные масла для дизельных и (или) карбюраторных (инжекторных) двигателей, подлежащие распределению между бюджетами субъектов Российской Федерации и местными бюджетами с учетом установленных дифференцированных нормативов отчислений в местные бюджеты
A48: 100 | B48: 1 03 02250 01 0000 110 | C48: Доходы от уплаты акцизов на автомобильный бензин, подлежащие распределению между бюджетами субъектов Российской Федерации и местными бюджетами с учетом установленных дифференцированных нормативов отчислений в местные бюджеты
A49: 100 | B49: 1 03 02260 01 0000 110 | C49: Доходы от уплаты акцизов на прямогонный бензин, подлежащие распределению между бюджетами субъектов Российской Федерации и местными бюджетами с учетом установленных дифференцированных нормативов отчислений в местные бюджеты
A50: 106 | C50: Межрегиональное территориальное управление Федеральной службы по надзору в сфере транспорта по Северо-Кавказскому федеральному округу
A51: 106 | B51: 1 16 30013 01 6000 140 | C51: Денежные взыскания (штрафы) за нарушение правил перевозки крупногабаритных и тяжеловесных грузов по автомобильным дорогам общего пользования местного значения городских округов
A52: 106 | B52: 1 16 30030 01 6000 140 | C52: Прочие денежные взыскания (штрафы) за правонарушения в области дорожного движения (федеральные государственные органы, Банк России, органы управления государственными внебюджетными фондами Российской Федерации)
A53: 106 | B53: 1 16 43000 01 6000 140 | C53: Денежные взыскания (штрафы) за нарушение законодательства Российской Федерации об административных правонарушениях, предусмотренные статьей 20.25 Кодекса Российской Федерации об административных правонарушениях
A54: 106 | B54: 1 16 90040 04 6000 140 | C54: Прочие поступления от денежных взысканий (штрафов) и иных сумм в возмещение ущерба, зачисляемые в бюджеты городских округов
A55: 141 | C55: Управление Федеральной службы по надзору в сфере защиты прав потребителей и благополучия человека по Кабардино-Балкарской Республике
A56: 141 | B56: 1 16 08010 01 6000 140 | C56: Денежные взыскания (штрафы) за административные правонарушения в области государственного регулирования производства и оборота этилового спирта, алкогольной, спиртосодержащей продукции
A57: 141 | B57: 1 16 08020 01 6000 140 | C57: Денежные взыскания (штрафы) за административные правонарушения в области государственного регулирования производства и оборота табачной продукции
A58: 141 | B58: 1 16 25050 01 6000 140 | C58: Денежные взыскания (штрафы) за нарушение законодательства в области охраны окружающей среды
A59: 141 | B59: 1 16 28000 01 6000 140 | C59: Денежные взыскания (штрафы) за нарушение законодательства в области обеспечения санитарно-эпидемиологического благополучия человека и законодательства в сфере защиты прав потребителей
A60: 141 | B60: 1 16 90040 04 6000 140 | C60: Прочие поступления от денежных взысканий (штрафов) и иных сумм в возмещение ущерба, зачисляемые в бюджеты городских округов
A61: 153 | C61: Федеральная таможенная служба (Северо-Кавказское таможенное управление)
A62: 153 | B62: 1 16 43000 01 6000 140 | C62: Денежные взыскания (штрафы) за нарушение законодательства Российской Федерации об административных правонарушениях, предусмотренные статьей 20.25 Кодекса Российской Федерации об административных правонарушениях
A63: 157 | C63: Федеральная служба государственной статистики
A64: 157 | B64: 1 16 90040 04 6000 140 | C64: Прочие поступления от денежных взысканий (штрафов) и иных сумм в возмещение ущерба, зачисляемые в бюджеты городских округов
A65: 160 | C65: Межрегиональное управление Федеральной службы по регулированию алкогольного рынка по Северо-Кавказскому Федеральному округу
A66: 160 | B66: 1 16 08010 01 6000 140 | C66: Денежные взыскания (штрафы) за административные правонарушения в области государственного регулирования производства и оборота этилового спирта, алкогольной, спиртосодержащей продукции
A67: 160 | B67: 1 16 43000 01 6000 140 | C67: Денежные взыскания (штрафы) за нарушение законодательства Российской Федерации об административных правонарушениях, предусмотренные статьей 20.25 Кодекса Российской Федерации об административных правонарушениях
A68: 161 | C68: Управление Федеральной антимонопольной службы по Кабардино-Балкарской Республике
A69: 161 | B69: 1 16 33040 04 6000 140 | C69: Денежные взыскания (штрафы) за нарушение законодательства Российской Федерации о контрактной системе в сфере закупок товаров, работ, услуг для обеспечения государственных и муниципальных нужд для нужд городских округов (федеральные государственные органы, Банк России, органы управления государственными внебюджетными фондами Российской Федерации)
A70: 180 | C70: Федеральная служба войск Национальной гвардии Российской Федерации
A71: 180 | B71: 1 16 90040 04 6000 140 | C71: Прочие поступления от денежных взысканий (штрафов) и иных сумм в возмещение ущерба, зачисляемые в бюджеты городских округов
A72: 182 | C72: Управление Федеральной налоговой службы по Кабардино-Балкарской Республике
A73: 182 | B73: 1 01 02000 01 0000 110 | C73: Налог на доходы физических лиц
A74: 182 | B74: 1 05 02000 02 0000 110 | C74: Единый налог на вмененный доход для отдельных видов деятельности
A75: 182 | B75: 1 05 03000 01 0000 110 | C75: Единый сельскохозяйственный налог
A76: 182 | B76: 1 05 04000 02 0000 110 | C76: Налог, взимаемый в связи с применением патентной системы налогообложения
A77: 182 | B77: 1 06 01020 04 0000 110 | C77: Налог на имущество физических лиц, взимаемый по ставкам, применяемым к объектам налогообложения, расположенным в границах городских округов
A78: 182 | B78: 1 06 06032 04 0000 110 | C78: Земельный налог с организаций, обладающих земельным участком, расположенным в границах городских округов
A79: 182 | B79: 1 06 06042 04 0000 110 | C79: Земельный налог с физических лиц, обладающих земельным участком, расположенным в границах городских округов
A80: 182 | B80: 1 08 03010 01 0000 110 | C80: Государственная пошлина по делам, рассматриваемым в судах общей юрисдикции, мировыми судьями (за исключением Верховного суда Российской Федерации)
A81: 182 | B81: 1 09 00000 00 0000 000 | C81: Задолженность и перерасчеты по отмененным налогам, сборам и иным обязательным платежам
A82: 182 | B82: 1 16 03000 00 0000 140 | C82: Денежные взыскания (штрафы) за нарушение законодательства о налогах и сборах
A83: 182 | B83: 1 16 06000 01 0000 140 | C83: Денежные взыскания (штрафы) за нарушение законодательства о применении контрольно-кассовой техники при осуществлении наличных денежных расчетов и (или) расчетов с использованием платежных карт
A84: 182 | B84: 1.16.43000.01.0031.140 | C84: Денежные взыскания (штрафы) за нарушение законодательства Российской Федерации об административных правонарушениях, предусмотренные статьей 20.25 Кодекса Российской Федерации об административных правонарушениях (уклонение от исполнения административного наказания)
A85: 188 | C85: Министерство внутренних дел по Кабардино-Балкарской Республике
A86: 188 | B86: 1 16 08010 01 6000 140 | C86: Денежные взыскания (штрафы) за административные правонарушения в области государственного регулирования производства и оборота этилового спирта, алкогольной, спиртосодержащей продукции
A87: 188 | B87: 1 16 08020 01 6000 140 | C87: Денежные взыскания (штрафы) за административные правонарушения в области государственного регулирования производства и оборота табачной продукции
A88: 188 | B88: 1 16 25050 01 6000 140 | C88: Денежные взыскания (штрафы) за нарушение законодательства в области охраны окружающей среды
A89: 188 | B89: 1 16 28000 01 6000 140 | C89: Денежные взыскания (штрафы) за нарушение законодательства в области обеспечения санитарно-эпидемиологического благополучия человека и законодательства в сфере защиты прав потребителей
A90: 188 | B90: 1 16 28000 01 7000 140 | C90: Денежные взыскания (штрафы) за нарушение законодательства в области обеспечения санитарно-эпидемиологического благополучия человека и законодательства в сфере защиты прав потребителей
A91: 188 | B91: 1 16 30030 01 6000 140 | C91: Прочие денежные взыскания (штрафы) за правонарушения в области дорожного движения
A92: 188 | B92: 1 16 43000 01 6000 140 | C92: Денежные взыскания (штрафы) за нарушение законодательства Российской Федерации об административных правонарушениях, предусмотренные статьей 20.25 Кодекса Российской Федерации об административных правонарушениях
A93: 188 | B93: 1 16 90040 04 6000 140 | C93: Прочие поступления от денежных взысканий (штрафов) и иных сумм в возмещение ущерба, зачисляемые в бюджеты городских округов
A94: 318 | C94: Управление Министерства юстиции Российской Федерации по Кабардино-Балкарской Республике
A95: 318 | B95: 1 16 90040 04 6000 140 | C95: Прочие поступления от денежных взысканий (штрафов) и иных сумм в возмещение ущерба, зачисляемые в бюджеты городских округов
A96: 321 | C96: Управление Федеральной службы государственной регистрации, кадастра и картографии по Кабардино-Балкарской Республике
A97: 321 | B97: 1 16 25060 01 6000 140 | C97: Денежные взыскания (штрафы) за нарушение земельного законодательства
A98: 321 | B98: 1 16 90040 04 6000 140 | C98: Прочие поступления от денежных взысканий (штрафов) и иных сумм в возмещение ущерба, зачисляемые в бюджеты городских округов
A99: 322 | C99: Управление Федеральной службы судебных приставов по Кабардино-Балкарской Республике
A100: 322 | B100: 1 16 43000 01 6000 140 | C100: Денежные взыскания (штрафы) за нарушение законодательства Российской Федерации об административных правонарушениях, предусмотренные статьей 20.25 Кодекса Российской Федерации об административных правонарушениях
A101: 498 | C101: Кавказское управление Федеральной службы по экологическому, технологическому и атомному надзору
A102: 498 | B102: 1 16 41000 01 6000 140 | C102: Денежные взыскания (штрафы) за нарушение законодательства Российской Федерации об электроэнергетике
...

Sheet прил.3
E1: Приложение №3
E2: к решению Совета местного самоуправления
E3: городского округа Нальчик "О внесении изменений
E4: в решение Совета местного самоуправления городского округа
E5: Нальчик от 25.12.2018г. №191 "О местном бюджете городского
E6: округа Нальчик на 2019 год и на плановый период 2020 и 2021 годов"
E7: от " 13 " декабря 2019г. № 277
A9: ПРОГНОЗ
A10: ПОСТУПЛЕНИЯ ДОХОДОВ В МЕСТНЫЙ БЮДЖЕТ
A11: НА 2019 ГОД И НА ПЛАНОВЫЙ ПЕРИОД 2020 И 2021 ГОДЫ
D13: ( в тыс. руб.)
A14: Код доходов бюджетной классификации Российской Федерации | B14: Наименование кода доходов | C14: 2019 год | D14: 2020 год | E14: 2021 год
A15: 1 | B15: 2 | C15: 3 | D15: 4 | E15: 5
A16: 1 00 00000 00 0000 000 | B16: Налоговые и неналоговые доходы | C16: =C17+C18+C21+C22+C23+C24+C25+C26+C27 -> 1723488.9 | D16: =D17+D18+D21+D22+D23+D24+D25+D26+D27 -> 1789691.4 | E16: =E17+E18+E21+E22+E23+E24+E25+E26+E27 -> 1859199.1
A17: 1 01 02000 01 0000 110 | B17: Налог на доходы физических лиц | C17: 970330.1 | D17: 1018134.8 | E17: 1058860.2
A18: 1 03 00000 00 0000 000 | B18: Налоги на товары (работы, услуги), реализуемые на территории Российской Федерации | C18: =C20 -> 14330.7 | D18: =D20 -> 14330.7 | E18: =E20 -> 14903.9
B19: в том числе:
A20: 1 03 02230 01 0000 110 1 03 02240 01 0000 110 1 03 02250 01 0000 110 1 03 02260 01 0000 110 | B20: Акцизы на нефтепродукты, производимым на территории Российской Федерации | C20: 14330.7 | D20: 14330.7 | E20: 14903.9
A21: 1 05 02010 02 0000 110 | B21: Единый налог на вмененный доход для отдельных видов деятельности | C21: 70000 | D21: 65000 | E21: 67600
A22: 1 05 03010 01 0000 110 | B22: Единый сельскохозяйственный налог | C22: 4198 | D22: 3000 | E22: 3120
A23: 1 05 04010 02 0000 110 | B23: Налог, взимаемый в связи с применением патентной системы налогообложения, зачисляемый в бюджеты городских округов | C23: 4742 | D23: 5000 | E23: 5200
A24: 1 06 01020 04 0000 110 | B24: Налог на имущество физических лиц, взимаемый по ставкам, применяемым к объектам налогообложения, расположенным в границах городских округов | C24: 22500 | D24: 35000 | E24: 36400
A25: 1 06 06032 04 0000 110 | B25: Земельный налог с организаций, обладающих земельным участком, расположенным в границах городских округов | C25: 108810.2 | D25: 114000 | E25: 118560
A26: 1 06 06042 04 0000 110 | B26: Земельный налог с физических лиц, обладающих земельным участком, расположенным в границах городских округов | C26: 14837.8 | D26: 16000 | E26: 16640
B27: Иные налоговые и неналоговые доходы | C27: =513299.1+441 -> 513740.1 | D27: 519225.9 | E27: 537915
A28: 2 00 00000 00 0000 000 | B28: Безвозмездные поступления | C28: =C29+C36+C37 -> 2539632.6 | D28: =D29+D36+D37 -> 2227059.2 | E28: =E29+E36+E37 -> 2219009.5
A29: 2 02 00000 00 0000 000 | B29: Безвозмездные поступления от других бюджетов бюджетной системы Российской Федерации | C29: =SUM(C30+C31+C32+C33) -> 2539090.4 | D29: =D30+D31+D32+D33 -> 2227059.2 | E29: =E30+E31+E32+E33 -> 2219009.5
A30: 2 02 10000 00 0000 150 | B30: Дотации бюджетам бюджетной системы Российской Федерации | C30: 12232.1 | D30: 0 | E30: 0
A31: 2 02 20000 00 0000 150 | B31: Субсидии бюджетам бюджетной системы Российской Федерации (межбюджетные субсидии) | C31: 313640.6 | D31: 485493.5 | E31: 473045.1
A32: 2 02 30000 00 0000 150 | B32: Субвенции бюджетам бюджетной системы Российской Федерации | C32: 1779799.8 | D32: 1740139.6 | E32: 1744538.3
A33: 2 02 40000 00 0000 150 | B33: Иные межбюджетные трансферты | C33: =C34+C35 -> 433417.9 | D33: =D34+D35 -> 1426.1 | E33: =E34+E35 -> 1426.1
A34: 2 02 45393 04 0000 150 | B34: Межбюджетные трансферты, передаваемые бюджетам городских округов на финансовое обеспечение дорожной деятельности в рамках реализации национального проекта "Безопасные и качественные автомобильные дороги" | C34: 432000 | D34: 0 | E34: 0
A35: 2 02 49999 04 7202 150 | B35: Прочие межбюджетные трансферты, передаваемые бюджетам городских округов (отдых детей в каникулярное время в лагерях с дневным пребыванием) | C35: 1417.9 | D35: 1426.1 | E35: 1426.1
A36: 2 04 04020 04 0000 150 | B36: Безвозмездные поступления от негосударственных организаций в бюджеты городских округов | C36: 0 | D36: 0 | E36: 0
A37: 2 07 04020 04 0000 150 | B37: Поступления от денежных пожертвований, предоставляемых физическими лицами получателям средств бюджетов городских округов | C37: 542.2 | D37: 0 | E37: 0
A38: И Т О Г О Д О Х О Д О В: | C38: =C16+C28 -> 4263121.5 | D38: =D16+D28 -> 4016750.6 | E38: =E16+E28 -> 4078208.6
A41: Заместитель Главы городского округа Нальчик-
A42: заместитель Председателя Совета местного самоуправления
A43: городского округа Нальчик В.Б.Назранов

Sheet прил.4
I1: Приложение № 4
I2: к решению Совета местного самоуправления
I3: городского округа Нальчик "О внесении изменений
I4: в решение Совета местного самоуправления городского округа
I5: Нальчик от 25.12.2018г. №191 "О местном бюджете городского
I6: округа Нальчик на 2019 год и на плановый период 2020 и 2021 годов"
I7: от " 13 " декабря 2019г. №277
A9: ВЕДОМСТВЕННАЯ СТРУКТУРА РАСХОДОВ
A10: МЕСТНОГО БЮДЖЕТА НА 2019 ГОД И НА ПЛАНОВЫЙ ПЕРИОД НА 2020 и 2021 ГОДОВ
I12: (в тыс. рублей)
A13: Наименование показателя | B13: Коды бюджетной классификации Российской Федерации | G13: 2019 год | H13: 2020 год | I13: 2021 год
B14: Код главного распорядителя бюджетных средств | C14: Раздел | D14: Под-раздел | E14: Целевая статья | F14: Вид рас-хода
A15: 1 | B15: 2 | C15: 3 | D15: 4 | E15: 5 | F15: 6 | G15: 7 | H15: 8 | I15: 9
A16: УСЛОВНО УТВЕРЖДЕННЫЕ РАСХОДЫ | B16: 000 | G16: =G17 -> 0 | H16: =H17 -> 42750 | I16: =I17 -> 78720
A17: Условно утвержденные расходы | C17: 99 | G17: =G18 -> 0 | H17: =H18 -> 42750 | I17: =I18 -> 78720
A18: Условно утвержденные расходы | C18: 99 | D18: 99 | G18: =G19 -> 0 | H18: =H19 -> 42750 | I18: =I19 -> 78720
A19: Условно утвержденные расходы | C19: 99 | D19: 99 | E19: 9999999999 | G19: =G20 -> 0 | H19: =H20 -> 42750 | I19: =I20 -> 78720
A20: Иные бюджетные ассигнования | C20: 99 | D20: 99 | E20: 9999999999 | F20: 800 | G20: 0 | H20: 42750 | I20: =46532+32188 -> 78720
A21: МЕСТНАЯ АДМИНИСТРАЦИЯ ГОРОДСКОГО ОКРУГА НАЛЬЧИК | B21: 803 | G21: =G22+G53+G66+G74+G86+G94+G114 -> 363841.8 | H21: =H22+H53+H66+H74+H86+H94+H114 -> 319521.3 | I21: =I22+I53+I66+I74+I86+I94+I114 -> 271794.6
A22: ОБЩЕГОСУДАРСТВЕННЫЕ ВОПРОСЫ | C22: 01 | D22: 00 | G22: =G23+G30 -> 140429.5 | H22: =H23+H30 -> 147065.2 | I22: =I23+I30 -> 146932.1
A23: Функционирование Правительства Российской Федерации, высших исполнительных органов государственной власти субъектов Российской Федерации, местных администраций | C23: 01 | D23: 04 | G23: =G24+G26 -> 137384.9 | H23: =H24+H26 -> 145171.4 | I23: =I24+I26 -> 145171.4
A24: Расходы на обеспечение функционирования Главы местной администрации городского округа Нальчик в рамках непрограммных направлений деятельности органов местного самоуправления городского округа Нальчик и муниципальных учреждений городского округа Нальчик | C24: 01 | D24: 04 | E24: 7810090019 | G24: =G25 -> 7826.6 | H24: =H25 -> 7925.9 | I24: =I25 -> 7925.9
A25: Расходы на выплаты персоналу в целях обеспечения выполнения функций государственными (муниципальными) органами, казенными учреждениями, органами управления государственными внебюджетными фондами | C25: 01 | D25: 04 | E25: 7810090019 | F25: 100 | G25: 7826.6 | H25: 7925.9 | I25: =H25 -> 7925.9
A26: Расходы на обеспечение функционирования аппарата Местной администрации городского округа Нальчик, ее территориальных органов, в рамках непрограммных направлений деятельности органов местного самоуправления городского округа Нальчик и муниципальных учреждений городского округа Нальчик | C26: 01 | D26: 04 | E26: 7820090019 | G26: =SUM(G27:G29) -> 129558.3 | H26: =SUM(H27:H29) -> 137245.5 | I26: =SUM(I27:I29) -> 137245.5
A27: Расходы на выплаты персоналу в целях обеспечения выполнения функций государственными (муниципальными) органами, казенными учреждениями, органами управления государственными внебюджетными фондами | C27: 01 | D27: 04 | E27: 7820090019 | F27: 100 | G27: 103803.4 | H27: 110555.3 | I27: =H27 -> 110555.3
A28: Закупка товаров, работ и услуг для государственных (муниципальных) нужд | C28: 01 | D28: 04 | E28: 7820090019 | F28: 200 | G28: 23207.8 | H28: 25090.2 | I28: =H28 -> 25090.2
A29: Иные бюджетные ассигнования | C29: 01 | D29: 04 | E29: 7820090019 | F29: 800 | G29: 2547.1 | H29: 1600 | I29: =H29 -> 1600
A30: Другие общегосударственные вопросы | C30: 01 | D30: 13 | G30: =G43+G45+G40+G37+G34+G49+G47+G31+G51 -> 3044.6 | H30: =H43+H45+H40+H37+H34+H49+H47+H31+H51 -> 1893.8 | I30: =I43+I45+I40+I37+I34+I49+I47+I31+I51 -> 1760.7
A31: Муниципальная программа "Профилактика терроризма и экстремизма в городском округе Нальчик на 2017 - 2021 годы" | C31: 01 | D31: 13 | E31: 02401М5160 | G31: =G32 -> 0 | H31: =H32 -> 150 | I31: =I32 -> 150
A32: Реализация мероприятий муниципальной программы "Профилактика терроризма и экстремизма в городском округе Нальчик на 2017 - 2021 годы" | C32: 01 | D32: 13 | E32: 02401М5160 | G32: =G33 -> 0 | H32: =H33 -> 150 | I32: =I33 -> 150
A33: Закупка товаров, работ и услуг для государственных (муниципальных) нужд | C33: 01 | D33: 13 | E33: 02401М5160 | F33: 200 | G33: 0 | H33: 150 | I33: 150
A34: Муниципальная программа "Профилактика правонарушений в городском округе Нальчик на 2017 - 2021 годы" | C34: 01 | D34: 13 | E34: 02401М9000 | G34: =G35 -> 10 | H34: =H35 -> 10 | I34: =I35 -> 10
A35: Реализация мероприятий муниципальной программы "Профилактика правонарушений в городском округе Нальчик на 2017 - 2021 годы" | C35: 01 | D35: 13 | E35: 02401М9400 | G35: =G36 -> 10 | H35: =H36 -> 10 | I35: =I36 -> 10
A36: Закупка товаров, работ и услуг для государственных (муниципальных) нужд | C36: 01 | D36: 13 | E36: 02401М9400 | F36: 200 | G36: 10 | H36: 10 | I36: =H36 -> 10
A37: Муниципальная программа городского округа Нальчик "Доступная среда в городском округе Нальчик на 2016 - 2020 годы" | C37: 01 | D37: 13 | E37: 0410000000 | G37: =G38 -> 277.1 | H37: =H38 -> 134.1 | I37: =I38 -> 0
A38: Реализация мероприятий муниципальной программы городского округа Нальчик "Доступная среда в городском округе Нальчик на 2016 - 2020 годы" | C38: 01 | D38: 13 | E38: 0410299999 | G38: =G39 -> 277.1 | H38: =H39 -> 134.1 | I38: =I39 -> 0
A39: Закупка товаров, работ и услуг для государственных (муниципальных) нужд | C39: 01 | D39: 13 | E39: 0410299999 | F39: 200 | G39: 277.1 | H39: 134.1 | I39: 0
A40: Муниципальная программа "Противодействие коррупции в городском округе Нальчик" | C40: 01 | D40: 13 | E40: 1500000000 | G40: =G41 -> 100 | H40: =H41 -> 100 | I40: =I41 -> 100
A41: Реализация мероприятий программы | C41: 01 | D41: 13 | E41: 1540100000 | G41: =G42 -> 100 | H41: =H42 -> 100 | I41: =I42 -> 100
A42: Закупка товаров, работ и услуг для государственных (муниципальных) нужд | C42: 01 | D42: 13 | E42: 1540199998 | F42: 200 | G42: 100 | H42: 100 | I42: =H42 -> 100
A43: Осуществление выплат Почетным гражданам городского округа Нальчик в рамках непрограммного направления деятельности "Развитие пенсионной системы" | C43: 01 | D43: 13 | E43: 71000Н0730 | G43: =G44 -> 192 | H43: =H44 -> 192 | I43: =I44 -> 192
A44: Социальное обеспечение и иные выплаты населению | C44: 01 | D44: 13 | E44: 71000Н0730 | F44: 300 | G44: 192 | H44: 192 | I44: =H44 -> 192
A45: Взнос в Ассоциацию "Совет муниципальных образований КБР" | C45: 01 | D45: 13 | E45: 7710092794 | G45: =G46 -> 1525.9 | H45: =H46 -> 1275.9 | I45: =I46 -> 1275.9
A46: Иные бюджетные ассигнования | C46: 01 | D46: 13 | E46: 7710092794 | F46: 800 | G46: 1525.9 | H46: 1275.9 | I46: =H46 -> 1275.9
A47: Расходы на обеспечение функций государственных органов, в том числе территориальных органов | C47: 01 | D47: 13 | E47: 7820090019 | G47: =G48 -> 936.6 | H47: =H48 -> 0 | I47: =I48 -> 0
A48: Иные бюджетные ассигнования | C48: 01 | D48: 13 | E48: 7820090019 | F48: 800 | G48: 936.6 | H48: 0 | I48: 0
A49: Осуществление переданных муниципальным районам и городским округам в соответствии со статьей 2 Закона Кабардино-Балкарской Республики от 14 апреля 2015 года № 16-РЗ "О наделении органов местного самоуправления муниципальных районов и городских округов отдельными государственными полномочиями по созданию, организации деятельности административных комиссий и по определению перечня должностных лиц органов местного самоуправления, уполномоченных составлять протоколы об административных правонарушениях" полномочий Кабардино-Балкарской Республики по созданию и организации деятельности административных комиссий | C49: 01 | D49: 13 | E49: 9990071210 | G49: =G50 -> 3 | H49: =H50 -> 3 | I49: =I50 -> 3
A50: Закупка товаров, работ и услуг для государственных (муниципальных) нужд | C50: 01 | D50: 13 | E50: 9990071210 | F50: 200 | G50: 3 | H50: 3 | I50: =H50 -> 3
A51: Осуществление переданных муниципальным районам и городским округам полномочий по составлению (изменению, дополнению) списков кандидатов в присяжные заседатели федеральных судов общей юрисдикции в Российской Федерации | C51: 01 | D51: 13 | E51: 9990070000 | G51: =G52 -> 0 | H51: =H52 -> 28.8 | I51: =I52 -> 29.8
A52: Закупка товаров, работ и услуг для государственных (муниципальных) нужд | C52: 01 | D52: 13 | E52: 9990070000 | F52: 200 | G52: 0 | H52: 28.8 | I52: 29.8
A53: НАЦИОНАЛЬНАЯ БЕЗОПАСНОСТЬ И ПРАВООХРАНИТЕЛЬНАЯ ДЕЯТЕЛЬНОСТЬ | C53: 03 | G53: =G54+G62 -> 19028.6 | H53: =H54+H62 -> 21494.9 | I53: =I54+I62 -> 21494.9
A54: Защита населения и территории от чрезвычайных ситуаций природного и техногенного характера, гражданская оборона | C54: 03 | D54: 09 | G54: =G55+G60 -> 18928.6 | H54: =H55+H60 -> 21394.9 | I54: =I55+I60 -> 21394.9
A55: Подпрограмма "Обеспечение организации гражданской обороны, предупреждение и ликвидация последствий чрезвычайных ситуаций природного и техногенного характера" муниципальной программы "Защита населения и территории городского округа Нальчик от чрезвычайных ситуаций, обеспечение пожарной безопасности и безопасности людей на водных объектах" | C55: 03 | D55: 09 | E55: 1010000000 | G55: =G56 -> 17848.7 | H55: =H56 -> 19520 | I55: =I56 -> 19520
A56: Расходы на обеспечение деятельности (оказание услуг) муниципальных учреждений в рамках подпрограммы "Обеспечение организации гражданской обороны, предупреждения и ликвидации последствий чрезвычайных ситуаций природного и техногенного характера" муниципальной программы городского округа Нальчик "Защита населения и территорий городского округа Нальчик от чрезвычайных ситуации, обеспечение пожарной безопасности и безопасности людей на водных объектах" | C56: 03 | D56: 09 | E56: 1010390019 | G56: =SUM(G57:G59) -> 17848.7 | H56: =SUM(H57:H59) -> 19520 | I56: =SUM(I57:I59) -> 19520
A57: Расходы на выплаты персоналу в целях обеспечения выполнения функций государственными (муниципальными) органами, казенными учреждениями, органами управления государственными внебюджетными фондами | C57: 03 | D57: 09 | E57: 1010390019 | F57: 100 | G57: 16117.1 | H57: 16852.2 | I57: =H57 -> 16852.2
A58: Закупка товаров, работ и услуг для государственных (муниципальных) нужд | C58: 03 | D58: 09 | E58: 1010390019 | F58: 200 | G58: 1679.3 | H58: 2635.3 | I58: =H58 -> 2635.3
A59: Иные бюджетные ассигнования | C59: 03 | D59: 09 | E59: 1010390019 | F59: 800 | G59: 52.3 | H59: 32.5 | I59: =H59 -> 32.5
A60: Муниципальная программа "Построение и развитие аппаратно-программного комплекса "Безопасный город" в городском округе Нальчик на 2018 - 2021 годы | C60: 03 | D60: 09 | E60: 10Г0299998 | G60: =G61 -> 1079.9 | H60: =H61 -> 1874.9 | I60: =I61 -> 1874.9
A61: Закупка товаров, работ и услуг для государственных (муниципальных) нужд | C61: 03 | D61: 09 | E61: 10Г0299998 | F61: 200 | G61: 1079.9 | H61: 1874.9 | I61: =H61 -> 1874.9
A62: Пожарная безопасность | C62: 03 | D62: 10 | G62: =G63 -> 100 | H62: =H63 -> 100 | I62: =I63 -> 100
A63: Подпрограмма "Пожарная безопасность" муниципальной программы "Защита населения и территории городского округа Нальчик от чрезвычайных ситуаций, обеспечение пожарной безопасности и безопасности людей на водных объектах" | C63: 03 | D63: 10 | E63: 1060000000 | G63: =G64 -> 100 | H63: =H64 -> 100 | I63: =I64 -> 100
A64: Реализация мероприятий подпрограммы "Пожарная безопасность" муниципальной программы "Защита населения и территории городского округа Нальчик от чрезвычайных ситуаций, обеспечение пожарной безопасности и безопасности людей на водных объектах" | C64: 03 | D64: 10 | E64: 1060099998 | G64: =G65 -> 100 | H64: =H65 -> 100 | I64: =I65 -> 100
A65: Закупка товаров, работ и услуг для государственных (муниципальных) нужд | C65: 03 | D65: 10 | E65: 1060099998 | F65: 200 | G65: 100 | H65: 100 | I65: 100
A66: НАЦИОНАЛЬНАЯ ЭКОНОМИКА | C66: 04 | D66: 00 | G66: =G67+G70 -> 118742.7 | H66: =H67+H70 -> 71083.1 | I66: =I67+I70 -> 20000
A67: Транспорт | C67: 04 | D67: 08 | G67: =G68 -> 28000 | H67: =H68 -> 20000 | I67: =I68 -> 20000
A68: Реализация мероприятий в рамках подпрограммы "Развитие системы пассажирских перевозок транспортом общего пользования в городском округе Нальчик" муниципальной программы городского округа Нальчик "Развитие транспортной системы в городском округе Нальчик" | C68: 04 | D68: 08 | E68: 24Б9964470 | G68: =G69 -> 28000 | H68: =H69 -> 20000 | I68: =I69 -> 20000
A69: Иные бюджетные ассигнования | C69: 04 | D69: 08 | E69: 24Б9964470 | F69: 800 | G69: 28000 | H69: 20000 | I69: 20000
A70: Другие вопросы в области национальной экономики | C70: 04 | D70: 12 | G70: =G71 -> 90742.7 | H70: =H71 -> 51083.1 | I70: =I71 -> 0
A71: Муниципальная программа городского округа Нальчик "Территориальное развитие городского округа Нальчик" | C71: 04 | D71: 12 | E71: 15Г0090000 | G71: =G72 -> 90742.7 | H71: =H72 -> 51083.1 | I71: =I72 -> 0
A72: Реализация мероприятий подпрограммы "Совершенствование системы градостроительного регулирования на территории городского округа Нальчик" муниципальной программы "Территориальное развитие городского округа Нальчик" | C72: 04 | D72: 12 | E72: 15Г0099998 | G72: =G73 -> 90742.7 | H72: =H73 -> 51083.1 | I72: =I73 -> 0
A73: Закупка товаров, работ и услуг для государственных (муниципальных) нужд | C73: 04 | D73: 12 | E73: 15Г0099998 | F73: 200 | G73: =96656.6-5913.9 -> 90742.7 | H73: =73177.7-22094.6 -> 51083.1 | I73: 0
A74: ЖИЛИЩНО-КОММУНАЛЬНОЕ ХОЗЯЙСТВО | C74: 05 | G74: =G75+G83+G80 -> 24862.8 | H74: =H75+H83 -> 1204.3 | I74: =I75+I83 -> 336
A75: Жилищное хозяйство | C75: 05 | D75: 01 | G75: =G76+G78 -> 18691.1 | H75: =H78+H76 -> 904.3 | I75: =I78+I76 -> 36
A76: Обеспечение мероприятий по переселению граждан из аварийного жилищного фонда, в том числе переселение граждан из аварийного жилищного фонда с учетом необходимости развития малоэтажного жилищного строительства | C76: 05 | D76: 01 | E76: 0510109602 | G76: =G77 -> 0 | H76: =H77 -> 270.8 | I76: =I77 -> 36
A77: Капитальные вложения в объекты государственной (муниципальной) собственности | C77: 05 | D77: 01 | E77: 0510109602 | F77: 400 | G77: 0 | H77: 270.8 | I77: 36
A78: Обеспечение мероприятий по переселению граждан из аварийного жилищного фонда (средства местного бюджета) | C78: 05 | D78: 01 | E78: 05101S9602 | G78: =G79 -> 18691.1 | H78: =H79 -> 633.5 | I78: =I79 -> 0
A79: Капитальные вложения в объекты государственной (муниципальной) собственности | C79: 05 | D79: 01 | E79: 05101S9602 | F79: 400 | G79: 18691.1 | H79: =1463.3-1150+475-150-4.8 -> 633.5 | I79: 0
A80: Коммунальное хозяйство | C80: 05 | D80: 02 | G80: =G81 -> 5913.9 | H80: =H81 -> 24982.8 | I80: =I81 -> 24982.8
A81: Реализация подпрограммных мероприятий муниципальной целевой программы "Реформирование и модернизация коммунального комплекса городского округа Нальчика Кабардино-Балкарской Республики на 2015-2020 годы" | C81: 05 | D81: 02 | E81: 0520299998 | G81: =G82 -> 5913.9 | H81: =H82+H83+H85+H86 -> 24982.8 | I81: =I82+I83+I85+I86 -> 24982.8
A82: Капитальные вложения в объекты государственной (муниципальной) собственности | C82: 05 | D82: 02 | E82: 0520299998 | F82: 400 | G82: 5913.9 | H82: 0 | I82: 0
A83: Благоустройство | C83: 05 | D83: 03 | G83: =G84 -> 257.8 | H83: =H84 -> 300 | I83: =I84 -> 300
A84: Расходы на освещение улиц в рамках подпрограммы "Благоустройство городских территорий" муниципальной программы городского округа Нальчик "Обеспечение доступным и комфортным жильем и коммунальными услугами жителей городского округа Нальчик" | C84: 05 | D84: 03 | E84: 0599980010 | G84: =G85 -> 257.8 | H84: =H85 -> 300 | I84: =SUM(I85:I85) -> 300
A85: Закупка товаров, работ и услуг для государственных (муниципальных) нужд | C85: 05 | D85: 03 | E85: 0599980010 | F85: 200 | G85: 257.8 | H85: 300 | I85: =H85 -> 300
A86: КУЛЬТУРА, КИНЕМАТОГРАФИЯ | C86: 08 | D86: 00 | G86: =G87 -> 10497.4 | H86: =H87 -> 24382.8 | I86: =I87 -> 24382.8
A87: Культура | C87: 08 | D87: 01 | G87: =G91+G88 -> 10497.4 | H87: =H91+H88 -> 24382.8 | I87: =I91+I88 -> 24382.8
A88: Расходы на обеспечение деятельности (оказание услуг) муниципальных учреждений в рамках подпрограммы "Искусство" муниципальной программы городского округа Нальчик "Развитие культуры в городском округе Нальчик" | C88: 08 | D88: 01 | E88: 1120190059 | G88: =G89+G90 -> 3654.4 | H88: =H89+H90 -> 7367.3 | I88: =I89+I90 -> 7367.3
A89: Расходы на выплаты персоналу в целях обеспечения выполнения функций государственными (муниципальными) органами, казенными учреждениями, органами управления государственными внебюджетными фондами | C89: 08 | D89: 01 | E89: 1120190059 | F89: 100 | G89: 2469.6 | H89: 6197.7 | I89: =H89 -> 6197.7
A90: Закупка товаров, работ и услуг для государственных (муниципальных) нужд | C90: 08 | D90: 01 | E90: 1120190059 | F90: 200 | G90: 1184.8 | H90: 1169.6 | I90: =H90 -> 1169.6
A91: Расходы на организацию и проведение мероприятий в сфере культуры в рамках подпрограммы "Искусство" муниципальной программы городского округа Нальчик "Развитие культуры в городском округе Нальчик" | C91: 08 | D91: 01 | E91: 1120596486 | G91: =G92+G93 -> 6843 | H91: =H92+H93 -> 17015.5 | I91: =I92+I93 -> 17015.5
A92: Закупка товаров, работ и услуг для государственных (муниципальных) нужд | C92: 08 | D92: 01 | E92: 1120596486 | F92: 200 | G92: 4527.5 | H92: 16265.5 | I92: =H92 -> 16265.5
A93: Предоставление субсидий бюджетным, автономным учреждениям и иным некоммерческим организациям | C93: 08 | D93: 01 | E93: 1120596486 | F93: 600 | G93: 2315.5 | H93: 750 | I93: =H93 -> 750
A94: СОЦИАЛЬНАЯ ПОЛИТИКА | C94: 10 | D94: 00 | G94: =G95+G98+G108+G101 -> 48822.5 | H94: =H95+H98+H108+H101 -> 45541 | I94: =I95+I98+I108+I101 -> 49898.8
A95: Пенсионное обеспечение | C95: 10 | D95: 01 | G95: =G96 -> 8822.6 | H95: =H96 -> 9000 | I95: =I96 -> 9000
A96: Осуществление доплат к пенсиям муниципальных служащих городского округа Нальчик в рамках непрограммного направления деятельности "Развитие пенсионной системы" | C96: 10 | D96: 01 | E96: 71000Н0600 | G96: =G97 -> 8822.6 | H96: =H97 -> 9000 | I96: =I97 -> 9000
A97: Социальное обеспечение и иные выплаты населению | C97: 10 | D97: 01 | E97: 71000Н0600 | F97: 300 | G97: 8822.6 | H97: 9000 | I97: =H97 -> 9000
A98: Социальное обеспечение населения | C98: 10 | D98: 03 | G98: =G99 -> 15734.4 | H98: =H99 -> 5500 | I98: =I99 -> 5500
A99: Расходы местного бюджета на улучшение жилищных условий отдельных категорий граждан в рамках муниципальной целевой программы "Обеспечение жильем молодых семей в городском округе Нальчик" муниципальной программы городского округа Нальчик "Обеспечение доступным и комфортным жильем и коммунальными услугами жителей городского округа Нальчик" | C99: 10 | D99: 03 | E99: 05113L4970 | G99: =G100 -> 15734.4 | H99: =H100 -> 5500 | I99: =I100 -> 5500
A100: Социальное обеспечение и иные выплаты населению | C100: 10 | D100: 03 | E100: 05113L4970 | F100: 300 | G100: 15734.4 | H100: 5500 | I100: 5500
A101: Охрана семьи и детства | C101: 10 | D101: 04 | G101: =G102+G106+G104 -> 16865 | H101: =H102+H106+H104 -> 23610.2 | I101: =I102+I106+I104 -> 27235
A102: Субвенции бюджетам муниципальных образований на содержание ребенка в семье опекуна и приемной семье, а также вознаграждение, причитающееся приемному родителю в рамках подпрограммы "Защита прав детей, государственная поддержка детей-сирот и детей с особыми нуждами" государственной программы Кабардино-Балкарской Республики "Развитие образования в Кабардино-Балкарской Республике" | C102: 10 | D102: 04 | E102: 9990070090 | G102: =G103 -> 14612 | H102: =H103 -> 20848 | I102: =I103 -> 24055.9
...

Sheet прил.5
H1: Приложение № 5
H2: к решению Совета местного самоуправления
H3: городского округа Нальчик "О внесении изменений
H4: в решение Совета местного самоуправления городского округа
H5: Нальчик от 25.12.2018г. №191 "О местном бюджете городского
H6: округа Нальчик на 2019 год и на плановый период 2020 и 2021 годов"
H7: от "13 " декабря 2019г. № 277
A9: РАСПРЕДЕЛЕНИЕ БЮДЖЕТНЫХ АССИГНОВАНИЙ
A10: ПО РАЗДЕЛАМ, ПОДРАЗДЕЛАМ, ЦЕЛЕВЫМ СТАТЬЯМ И ВИДАМ РАСХОДОВ
A11: (МУНИЦИПАЛЬНЫМ ПРОГРАММАМ ГОРОДСКОГО ОКРУГА НАЛЬЧИК НЕПРОГРАММНЫМ
A12: НАПРАВЛЕНИЯМ ДЕЯТЕЛЬНОСТИ), ГРУППАМ ВИДОВ РАСХОДОВ
A13: КЛАССИФИКАЦИИ РАСХОДОВ МЕСТНОГО БЮЖЕТА
A14: НА 2019 ГОД И НА ПЛАНОВЫЙ ПЕРИОД 2020 И 2021 ГОДОВ
H16: (в тыс. рублей)
A17: Наименование показателя | B17: Коды бюджетной классификации Российской Федерации | F17: 2019 год | G17: 2020 год | H17: 2021 год
B18: Раздел | C18: Подраздел | D18: Целевая статья | E18: Группа видов расходов
A19: 1 | B19: 2 | C19: 3 | D19: 4 | E19: 5 | G19: 6 | H19: 7
A20: Условно утвержденные расходы | B20: 99 | F20: =F21 -> 0 | G20: =G21 -> 42750 | H20: =H21 -> 78720
A21: Условно утвержденные расходы | B21: 99 | C21: 99 | F21: =F22 -> 0 | G21: =G22 -> 42750 | H21: =H22 -> 78720
A22: Условно утвержденные расходы | B22: 99 | C22: 99 | D22: 9999999999 | F22: =F23 -> 0 | G22: =G23 -> 42750 | H22: =H23 -> 78720
A23: Иные бюджетные ассигнования | B23: 99 | C23: 99 | D23: 9999999999 | E23: 800 | F23: =прил.4!G20 -> 0 | G23: =прил.4!H20 -> 42750 | H23: =прил.4!I20 -> 78720
A24: ОБЩЕГОСУДАРСТВЕННЫЕ ВОПРОСЫ | B24: 01 | C24: 00 | F24: =F25+F30+F39+F48+F51 -> 224503.6 | G24: =G25+G30+G39+G48+G51 -> 252319.9 | H24: =H25+H30+H39+H48+H51 -> 241026.7
A25: Функционирование законодательных (представительных) органов государственной власти и представительных органов муниципальных образований | B25: 01 | C25: 03 | F25: =F26 -> 6675.7 | G25: =G26 -> 6967.1 | H25: =H26 -> 6967.1
A26: Расходы на обеспечение функционирования Совета местного самоуправления городского округа Нальчик в рамках непрограммных направлений деятельности органов местного самоуправления городского округа Нальчик и муниципальных учреждений городского округа Нальчик | B26: 01 | C26: 03 | D26: 9690090019 | F26: =SUM(F27:F29) -> 6675.7 | G26: =SUM(G27:G29) -> 6967.1 | H26: =SUM(H27:H29) -> 6967.1
A27: Расходы на выплаты персоналу в целях обеспечения выполнения функций государственными (муниципальными) органами, казенными учреждениями, органами управления государственными внебюджетными фондами | B27: 01 | C27: 03 | D27: 9690090019 | E27: 100 | F27: =прил.4!G197 -> 5919.8 | G27: =прил.4!H197 -> 6158.3 | H27: =прил.4!I197 -> 6158.3
A28: Закупка товаров, работ и услуг для государственных (муниципальных) нужд | B28: 01 | C28: 03 | D28: 9690090019 | E28: 200 | F28: =прил.4!G198 -> 755.4 | G28: =прил.4!H198 -> 793.8 | H28: =прил.4!I198 -> 793.8
A29: Иные бюджетные ассигнования | B29: 01 | C29: 03 | D29: 9690090019 | E29: 800 | F29: =прил.4!G199 -> 0.5 | G29: =прил.4!H199 -> 15 | H29: =прил.4!I199 -> 15
A30: Функционирование Правительства Российской Федерации, высших исполнительных органов государственной власти субъектов Российской Федерации, местных администраций | B30: 01 | C30: 04 | F30: =F31+F34 -> 137384.9 | G30: =G31+G34 -> 145171.4 | H30: =H31+H34 -> 145171.4
A31: Расходы на обеспечение функционирования Главы местной администрации городского округа Нальчик в рамках непрограммных направлений деятельности органов местного самоуправления городского округа Нальчик и муниципальных учреждений городского округа Нальчик | B31: 01 | C31: 04 | D31: 7810090019 | F31: =F32 -> 7826.6 | G31: =G32 -> 7925.9 | H31: =H32 -> 7925.9
A32: Расходы на выплаты персоналу в целях обеспечения выполнения функций государственными (муниципальными) органами, казенными учреждениями, органами управления государственными внебюджетными фондами | B32: 01 | C32: 04 | D32: 7810090019 | F32: =F33 -> 7826.6 | G32: =G33 -> 7925.9 | H32: =H33 -> 7925.9
A33: Расходы на выплаты персоналу в целях обеспечения выполнения функций государственными (муниципальными) органами, казенными учреждениями, органами управления государственными внебюджетными фондами | B33: 01 | C33: 04 | D33: 7810090019 | E33: 100 | F33: =прил.4!G25 -> 7826.6 | G33: =прил.4!H25 -> 7925.9 | H33: =прил.4!I25 -> 7925.9
A34: Обеспечение функционирования аппарата местной администрации | B34: 01 | C34: 04 | D34: 7820090019 | F34: =F35 -> 129558.3 | G34: =G35 -> 137245.5 | H34: =H35 -> 137245.5
A35: Расходы на обеспечение функций органов местного самоуправления | B35: 01 | C35: 04 | D35: 7820090019 | F35: =SUM(F36:F38) -> 129558.3 | G35: =SUM(G36:G38) -> 137245.5 | H35: =SUM(H36:H38) -> 137245.5
A36: Расходы на выплаты персоналу в целях обеспечения выполнения функций государственными (муниципальными) органами, казенными учреждениями, органами управления государственными внебюджетными фондами | B36: 01 | C36: 04 | D36: 7820090019 | E36: 100 | F36: =прил.4!G27 -> 103803.4 | G36: =прил.4!H27 -> 110555.3 | H36: =прил.4!I27 -> 110555.3
A37: Закупка товаров, работ и услуг для государственных (муниципальных) нужд | B37: 01 | C37: 04 | D37: 7820090019 | E37: 200 | F37: =прил.4!G28 -> 23207.8 | G37: =прил.4!H28 -> 25090.2 | H37: =прил.4!I28 -> 25090.2
A38: Иные бюджетные ассигнования | B38: 01 | C38: 04 | D38: 7820090019 | E38: 800 | F38: =прил.4!G29 -> 2547.1 | G38: =прил.4!H29 -> 1600 | H38: =прил.4!I29 -> 1600
A39: Обеспечение деятельности финансовых, налоговых и таможенных органов и органов финансового (финансово-бюджетного) надзора | B39: 01 | C39: 06 | F39: =F40+F44 -> 19599.8 | G39: =G40+G44 -> 20685.4 | H39: =H40+H44 -> 20685.4
A40: Расходы на обеспечение деятельности (оказание услуг) муниципальных органов (учреждений) в рамках подпрограммы "Обеспечение реализации муниципальной программы" муниципальной программы городского округа Нальчик "Управление муниципальными финансами в городском округе Нальчик" | B40: 01 | C40: 06 | D40: 3920490019 | F40: =SUM(F41:F43) -> 13582.4 | G40: =SUM(G41:G43) -> 14336.2 | H40: =SUM(H41:H43) -> 14336.2
A41: Расходы на выплаты персоналу в целях обеспечения выполнения функций государственными (муниципальными) органами, казенными учреждениями, органами управления государственными внебюджетными фондами | B41: 01 | C41: 06 | D41: 3920490019 | E41: 100 | F41: =прил.4!G381 -> 11998.3 | G41: =прил.4!H381 -> 12465.8 | H41: =прил.4!I381 -> 12465.8
A42: Закупка товаров, работ и услуг для государственных (муниципальных) нужд | B42: 01 | C42: 06 | D42: 3920490019 | E42: 200 | F42: =прил.4!G382 -> 1577.2 | G42: =прил.4!H382 -> 1870.4 | H42: =прил.4!I382 -> 1870.4
A43: Иные бюджетные ассигнования | B43: 01 | C43: 06 | D43: 3920490019 | E43: 800 | F43: =прил.4!G383 -> 6.9 | G43: =прил.4!H383 -> 0 | H43: =прил.4!I383 -> 0
A44: Расходы на обеспечение функционирования Контрольно-счетной палаты городского округа Нальчик в рамках непрограммных направлений деятельности органов местного самоуправления городского округа Нальчик и муниципальных учреждений городского округа Нальчик | B44: 01 | C44: 06 | D44: 9390090019 | F44: =F45+F46+F47 -> 6017.4 | G44: =G45+G46+G47 -> 6349.2 | H44: =H45+H46+H47 -> 6349.2
A45: Расходы на выплаты персоналу в целях обеспечения выполнения функций государственными (муниципальными) органами, казенными учреждениями, органами управления государственными внебюджетными фондами | B45: 01 | C45: 06 | D45: 9390090019 | E45: 100 | F45: =прил.4!G122 -> 5443.7 | G45: =прил.4!H122 -> 5431.6 | H45: =прил.4!I122 -> 5431.6
A46: Закупка товаров, работ и услуг для государственных (муниципальных) нужд | B46: 01 | C46: 06 | D46: 9390090019 | E46: 200 | F46: =прил.4!G123 -> 553.6 | G46: =прил.4!H123 -> 898.6 | H46: =прил.4!I123 -> 898.6
A47: Иные бюджетные ассигнования | B47: 01 | C47: 06 | D47: 9390090019 | E47: 800 | F47: =прил.4!G124 -> 20.1 | G47: =прил.4!H124 -> 19 | H47: =прил.4!I124 -> 19
A48: Резервные фонды | B48: 01 | C48: 11 | F48: =F49 -> 2277.9 | G48: =G49 -> 5000 | H48: =H49 -> 5000
A49: Резервный фонд Местной администрации городского округа Нальчик в рамках подпрограммы "Нормативно-методическое обеспечение организации бюджетного процесса" муниципальной программы городского округа Нальчик "Управление муниципальными финансами в городском округе Нальчик" | B49: 01 | C49: 11 | D49: 3920520540 | F49: =F50 -> 2277.9 | G49: =G50 -> 5000 | H49: =H50 -> 5000
A50: Иные бюджетные ассигнования | B50: 01 | C50: 11 | D50: 3920520540 | E50: 800 | F50: =прил.4!G386 -> 2277.9 | G50: =прил.4!H386 -> 5000 | H50: =прил.4!I386 -> 5000
A51: Другие общегосударственные вопросы | B51: 01 | C51: 13 | F51: =F70+F72+F74+F78+F80+F84+F63+F61+F58+F55+F88+F82+F67+F52+F90 -> 58565.3 | G51: =G70+G72+G74+G78+G80+G84+G63+G61+G58+G55+G88+G82+G67+G52+G90 -> 74496 | H51: =H70+H72+H74+H78+H80+H84+H63+H61+H58+H55+H88+H82+H67+H52+H90 -> 63202.8
A52: Муниципальная программа "Профилактика терроризма и экстремизма в городском округе Нальчик на 2017 - 2021 годы" | B52: 01 | C52: 13 | D52: 02401М5160 | F52: =F53 -> 0 | G52: =G53 -> 150 | H52: =H53 -> 150
A53: Реализация мероприятий муниципальной программы "Профилактика терроризма и экстремизма в городском округе Нальчик на 2017 - 2021 годы" | B53: 01 | C53: 13 | D53: 02401М5160 | F53: =F54 -> 0 | G53: =G54 -> 150 | H53: =H54 -> 150
A54: Закупка товаров, работ и услуг для государственных (муниципальных) нужд | B54: 01 | C54: 13 | D54: 02401М5160 | E54: 200 | F54: =прил.4!G33 -> 0 | G54: =прил.4!H33 -> 150 | H54: =прил.4!I33 -> 150
A55: Муниципальная программа "Профилактика правонарушений в городском округе Нальчик на 2017 - 2021 годы" | B55: 01 | C55: 13 | D55: 02401М9000 | F55: =F56 -> 10 | G55: =G56 -> 10 | H55: =H56 -> 10
A56: Реализация мероприятий муниципальной программы "Профилактика правонарушений в городском округе Нальчик на 2017 - 2021 годы" | B56: 01 | C56: 13 | D56: 02401М9400 | F56: =F57 -> 10 | G56: =G57 -> 10 | H56: =H57 -> 10
A57: Закупка товаров, работ и услуг для государственных (муниципальных) нужд | B57: 01 | C57: 13 | D57: 02401М9400 | E57: 200 | F57: =прил.4!G36 -> 10 | G57: =прил.4!H36 -> 10 | H57: =прил.4!I36 -> 10
A58: Муниципальная программа городского округа Нальчик "Доступная среда в городском округе Нальчик на 2016 - 2020 годы" | B58: 01 | C58: 13 | D58: 0410000000 | F58: =F59 -> 277.1 | G58: =G59 -> 134.1 | H58: =H59 -> 0
A59: Реализация мероприятий муниципальной программы городского округа Нальчик "Доступная среда в городском округе Нальчик на 2016 - 2020 годы" | B59: 01 | C59: 13 | D59: 0410299999 | F59: =F60 -> 277.1 | G59: =G60 -> 134.1 | H59: =H60 -> 0
A60: Закупка товаров, работ и услуг для государственных (муниципальных) нужд | B60: 01 | C60: 13 | D60: 0410299999 | E60: 200 | F60: =прил.4!G39 -> 277.1 | G60: =прил.4!H39 -> 134.1 | H60: =прил.4!I39 -> 0
A61: Муниципальная программа "Противодействие коррупции в городском округе Нальчик" | B61: 01 | C61: 13 | D61: 1540199998 | F61: =F62 -> 100 | G61: =G62 -> 100 | H61: =H62 -> 100
A62: Закупка товаров, работ и услуг для государственных (муниципальных) нужд | B62: 01 | C62: 13 | D62: 1540199998 | E62: 244 | F62: =прил.4!G42 -> 100 | G62: =прил.4!H42 -> 100 | H62: =прил.4!I42 -> 100
A63: Расходы на обеспечение деятельности (оказание услуг) муниципальных учреждений в рамках подпрограммы "Обеспечение реализации муниципальной программы" муниципальной программы "Территориальное развитие городского округа Нальчик на 2016 - 2020 годы" | B63: 01 | C63: 13 | D63: 15Г0090019 | F63: =F64+F65+F66 -> 13775.2 | G63: =G64+G65+G66 -> 14793.5 | H63: =H64+H65+H66 -> 14793.5
A64: Расходы на выплаты персоналу в целях обеспечения выполнения функций государственными (муниципальными) органами, казенными учреждениями, органами управления государственными внебюджетными фондами | B64: 01 | C64: 13 | D64: 15Г0090019 | E64: 100 | F64: =прил.4!G204 -> 11787.6 | G64: =прил.4!H204 -> 12636.1 | H64: =прил.4!I204 -> 12636.1
A65: Закупка товаров, работ и услуг для государственных (муниципальных) нужд | B65: 01 | C65: 13 | D65: 15Г0090019 | E65: 200 | F65: =прил.4!G205 -> 1955.6 | G65: =прил.4!H205 -> 2109.4 | H65: =прил.4!I205 -> 2109.4
A66: Иные бюджетные ассигнования | B66: 01 | C66: 13 | D66: 15Г0090019 | E66: 800 | F66: =прил.4!G206 -> 32 | G66: =прил.4!H206 -> 48 | H66: =прил.4!I206 -> 48
A67: Муниципальная программа городского округа Нальчик "Территориальное развитие городского округа Нальчик на 2016 - 2020 годы" | B67: 01 | C67: 13 | D67: 15Г0090000 | F67: =F68 -> 0 | G67: =G68 -> 1200 | H67: =H68 -> 0
A68: Реализация мероприятий подпрограммы "Совершенствование системы градостроительного регулирования на территории городского округа Нальчик на 2016-2020 годы" муниципальной программы "Территориальное развитие городского округа Нальчик на 2016 - 2020 годы" | B68: 01 | C68: 13 | D68: 15Г0099998 | F68: =F69 -> 0 | G68: =G69 -> 1200 | H68: =H69 -> 0
A69: Закупка товаров, работ и услуг для государственных (муниципальных) нужд | B69: 01 | C69: 13 | D69: 15Г0099998 | E69: 200 | F69: =прил.4!G209 -> 0 | G69: =прил.4!H209 -> 1200 | H69: =прил.4!I209 -> 0
A70: Расходы на обеспечение деятельности (оказание услуг) муниципальных органов (учреждений) в рамках подпрограммы "Обеспечение реализации муниципальной программы" муниципальной программы "Управление муниципальным имуществом в городском округе Нальчик" | B70: 01 | C70: 13 | D70: 3810399998 | F70: =F71 -> 3572 | G70: =G71 -> 3000 | H70: =H71 -> 3000
A71: Закупка товаров, работ и услуг для государственных (муниципальных) нужд | B71: 01 | C71: 13 | D71: 3810399998 | E71: 200 | F71: =прил.4!G258 -> 3572 | G71: =прил.4!H258 -> 3000 | H71: =прил.4!I258 -> 3000
A72: Расходы на обеспечение деятельности (оказание услуг) муниципальных органов (учреждений) в рамках подпрограммы "Обеспечение реализации муниципальной программы" муниципальной программы "Управление муниципальным имуществом в городском округе Нальчик" | B72: 01 | C72: 13 | D72: 3810599998 | F72: =F73 -> 6260.4 | G72: =G73 -> 15000 | H72: =H73 -> 5000
A73: Закупка товаров, работ и услуг для государственных (муниципальных) нужд | B73: 01 | C73: 13 | D73: 3810599998 | E73: 200 | F73: =прил.4!G260 -> 6260.4 | G73: =прил.4!H260 -> 15000 | H73: =прил.4!I260 -> 5000
A74: Расходы на обеспечение деятельности (оказание услуг) муниципальных органов (учреждений) в рамках подпрограммы "Обеспечение реализации муниципальной программы" муниципальной программы городского округа Нальчик "Управление муниципальным имуществом в городском округе Нальчик" | B74: 01 | C74: 13 | D74: 3810690019 | F74: =F75+F76+F77 -> 18318.2 | G74: =G75+G76+G77 -> 24921.8 | H74: =H75+H76+H77 -> 24921.8
A75: Расходы на выплаты персоналу в целях обеспечения выполнения функций государственными (муниципальными) органами, казенными учреждениями, органами управления государственными внебюджетными фондами | B75: 01 | C75: 13 | D75: 3810690019 | E75: 100 | F75: =прил.4!G262 -> 13938.7 | G75: =прил.4!H262 -> 13750.5 | H75: =прил.4!I262 -> 13750.5
A76: Закупка товаров, работ и услуг для государственных (муниципальных) нужд | B76: 01 | C76: 13 | D76: 3810690019 | E76: 200 | F76: =прил.4!G263 -> 3968.4 | G76: =прил.4!H263 -> 11095.3 | H76: =прил.4!I263 -> 11095.3
A77: Иные бюджетные ассигнования | B77: 01 | C77: 13 | D77: 3810690019 | E77: 800 | F77: =прил.4!G264 -> 411.1 | G77: =прил.4!H264 -> 76 | H77: =прил.4!I264 -> 76
A78: Осуществление выплат Почетным гражданам городского округа Нальчик в рамках непрограммного направления деятельности "Развитие пенсионной системы" | B78: 01 | C78: 13 | D78: 71000Н0730 | F78: =F79 -> 192 | G78: =G79 -> 192 | H78: =H79 -> 192
A79: Социальное обеспечение и иные выплаты населению | B79: 01 | C79: 13 | D79: 71000Н0730 | E79: 300 | F79: =прил.4!G44 -> 192 | G79: =прил.4!H44 -> 192 | H79: =прил.4!I44 -> 192
A80: Взнос в Ассоциацию "Совет муниципальных образований КБР" | B80: 01 | C80: 13 | D80: 7710092794 | F80: =F81 -> 1525.9 | G80: =G81 -> 1275.9 | H80: =H81 -> 1275.9
A81: Иные бюджетные ассигнования | B81: 01 | C81: 13 | D81: 7710092794 | E81: 800 | F81: =прил.4!G46 -> 1525.9 | G81: =прил.4!H46 -> 1275.9 | H81: =прил.4!I46 -> 1275.9
A82: Расходы на обеспечение функций государственных органов, в том числе территориальных органов | B82: 01 | C82: 13 | D82: 7820090019 | F82: =прил.4!G47 -> 936.6 | G82: =прил.4!H47 -> 0 | H82: =прил.4!I47 -> 0
A83: Иные бюджетные ассигнования | B83: 01 | C83: 13 | D83: 7820090019 | E83: 800 | F83: =прил.4!G48 -> 936.6 | G83: =прил.4!H48 -> 0 | H83: =прил.4!I48 -> 0
A84: Государственная регистрация актов гражданского состояния в рамках непрограммных направлений деятельности органов власти (казенных учреждений) Кабардино-Балкарской Республики | B84: 01 | C84: 13 | D84: 9990059300 | F84: =SUM(F85:F87) -> 13594.9 | G84: =SUM(G85:G87) -> 13686.9 | H84: =SUM(H85:H87) -> 13726.8
A85: Расходы на выплаты персоналу в целях обеспечения выполнения функций государственными (муниципальными) органами, казенными учреждениями, органами управления государственными внебюджетными фондами | B85: 01 | C85: 13 | D85: 9990059300 | E85: 100 | F85: =прил.4!G190 -> 9503.8 | G85: =прил.4!H190 -> 10975 | H85: =прил.4!I190 -> 10975
A86: Закупка товаров, работ и услуг для государственных (муниципальных) нужд | B86: 01 | C86: 13 | D86: 9990059300 | E86: 200 | F86: =прил.4!G191 -> 4081.1 | G86: =прил.4!H191 -> 2711.9 | H86: =прил.4!I191 -> 2751.8
A87: Иные бюджетные ассигнования | B87: 01 | C87: 13 | D87: 9990059300 | E87: 800 | F87: =прил.4!G192 -> 10 | G87: =прил.4!H192 -> 0 | H87: =прил.4!I192 -> 0
A88: Осуществление переданных муниципальным районам и городским округам в соответствии со статьей 2 Закона КБР от 14 .04. 2015 года № 16-РЗ "О наделении органов местного самоуправления муниципальных районов и городских округов отдельными государственными полномочиями по созданию, организации деятельности административных комиссий и по определению перечня должностных лиц органов местного самоуправления, уполномоченных составлять протоколы об административных правонарушениях" полномочий Кабардино-Балкарской Республики по созданию и организации деятельности административных комиссий | B88: 01 | C88: 13 | D88: 9990071210 | F88: =F89 -> 3 | G88: =G89 -> 3 | H88: =H89 -> 3
A89: Закупка товаров, работ и услуг для государственных (муниципальных) нужд | B89: 01 | C89: 13 | D89: 9990071210 | E89: 200 | F89: =прил.4!G50 -> 3 | G89: =прил.4!H50 -> 3 | H89: =прил.4!I50 -> 3
A90: Осуществление переданных муниципальным районам и городским округам полномочий по составлению (изменению, дополнению) списков кандидатов в присяжные заседатели федеральных судов общей юрисдикции в Российской Федерации | B90: 01 | C90: 13 | D90: 9990070000 | F90: =F91 -> 0 | G90: =G91 -> 28.8 | H90: =H91 -> 29.8
A91: Закупка товаров, работ и услуг для государственных (муниципальных) нужд | B91: 01 | C91: 13 | D91: 9990070000 | E91: 200 | F91: =прил.4!G52 -> 0 | G91: =прил.4!H52 -> 28.8 | H91: =прил.4!I52 -> 29.8
A92: НАЦИОНАЛЬНАЯ БЕЗОПАСНОСТЬ И ПРАВООХРАНИТЕЛЬНАЯ ДЕЯТЕЛЬНОСТЬ | B92: 03 | C92: 00 | F92: =F93+F102 -> 19792.9 | G92: =G93+G102 -> 21494.9 | H92: =H93+H102 -> 21494.9
A93: Защита населения и территории от чрезвычайных ситуаций природного и техногенного характера, гражданская оборона | B93: 03 | C93: 09 | F93: =F94+F98 -> 19692.9 | G93: =G94+G98 -> 21394.9 | H93: =H94+H98 -> 21394.9
A94: Расходы на обеспечение деятельности (оказание услуг) муниципальных учреждений в рамках подпрограммы "Обеспечение организации гражданской обороны, предупреждения и ликвидации последствий чрезвычайных ситуаций природного и техногенного характера" муниципальной программы городского округа Нальчик "Защита населения и территорий городского округа Нальчик от чрезвычайных ситуации, обеспечение пожарной безопасности и безопасности людей на водных объектах" | B94: 03 | C94: 09 | D94: 1010390019 | F94: =F95+F96+F97 -> 17848.7 | G94: =G95+G96+G97 -> 19520 | H94: =H95+H96+H97 -> 19520
A95: Расходы на выплаты персоналу в целях обеспечения выполнения функций государственными (муниципальными) органами, казенными учреждениями, органами управления государственными внебюджетными фондами | B95: 03 | C95: 09 | D95: 1010390019 | E95: 100 | F95: =прил.4!G57 -> 16117.1 | G95: =прил.4!H57 -> 16852.2 | H95: =прил.4!I57 -> 16852.2
A96: Закупка товаров, работ и услуг для государственных (муниципальных) нужд | B96: 03 | C96: 09 | D96: 1010390019 | E96: 200 | F96: =прил.4!G58 -> 1679.3 | G96: =прил.4!H58 -> 2635.3 | H96: =прил.4!I58 -> 2635.3
A97: Иные бюджетные ассигнования | B97: 03 | C97: 09 | D97: 1010390019 | E97: 800 | F97: =прил.4!G59 -> 52.3 | G97: =прил.4!H59 -> 32.5 | H97: =прил.4!I59 -> 32.5
A98: Муниципальная программа "Построение и развитие аппаратно-программного комплекса "Безопасный город" в городском округе Нальчик на 2018 - 2021 годы | B98: 03 | C98: 09 | D98: 10Г0299998 | F98: =F99 -> 1844.2 | G98: =G99 -> 1874.9 | H98: =H99 -> 1874.9
A99: Закупка товаров, работ и услуг для государственных (муниципальных) нужд | B99: 03 | C99: 09 | D99: 10Г0299998 | E99: 200 | F99: =прил.4!G61+прил.4!G129 -> 1844.2 | G99: =прил.4!H61+прил.4!H129 -> 1874.9 | H99: =прил.4!I61+прил.4!I129 -> 1874.9
A100: Обеспечение пожарной безопасности | B100: 03 | C100: 10 | F100: =F101 -> 100 | G100: =G101 -> 100 | H100: =H101 -> 100
A101: Реализация иных направлений расходов в рамках подпрограммы "Пожарная безопасность" муниципальной программы городского округа Нальчик "Защита населения и территорий городского округа Нальчик от чрезвычайных ситуации, обеспечение пожарной безопасности и безопасности людей на водных объектах" | B101: 03 | C101: 10 | D101: 1060099998 | F101: =F102 -> 100 | G101: =G102 -> 100 | H101: =H102 -> 100
A102: Закупка товаров, работ и услуг для государственных (муниципальных) нужд | B102: 03 | C102: 10 | D102: 1060099998 | E102: 200 | F102: =прил.4!G65 -> 100 | G102: =прил.4!H65 -> 100 | H102: =прил.4!I65 -> 100
...

Sheet прил.6 
F1: Приложение № 6
F2: к решению Совета местного самоуправления
F3: городского округа Нальчик "О внесении изменений
F4: в решение Совета местного самоуправления городского округа
F5: Нальчик от 25.12.2018г. №191 "О местном бюджете городского
F6: округа Нальчик на 2019 год и на плановый период 2020 и 2021 годов"
F7: от "13 " декабря 2019г. № 277
A10: РАСПРЕДЕЛЕНИЕ БЮДЖЕТНЫХ АССИГНОВАНИЙ
A11: ПО ЦЕЛЕВЫМ СТАТЬЯМ (МУНИЦИПАЛЬНЫМ ПРОГРАММАМ
A12: ГОРОДСКОГО ОКРУГА НАЛЬЧИК И НЕПРОГРАММНЫМ НАПРАВЛЕНИЯМ
A13: ДЕЯТЕЛЬНОСТИ), ГРУППАМ ВИДОВ РАСХОДОВ КЛАССИФИКАЦИИ РАСХОДОВ
A14: МЕСТНОГО БЮДЖЕТА НА 2019 ГОД И НА ПЛАНОВЫЙ ПЕРИОД 2020 И 2021 ГОДОВ
F16: (в тыс. рублей)
A17: Наименование показателя | B17: Целевая статья | C17: Вид расхода | D17: 2019 год | E17: 2020 год | F17: 2021 год
A18: 1 | B18: 2 | C18: 3 | E18: 4 | F18: 5
A19: ВСЕГО | D19: =D21+D68+D73+D111+D123+D150+D169+D182+D187+D202+D212+D225+D20+D66+D64+D62 -> 4419486.8 | E19: =E21+E68+E73+E111+E123+E150+E169+E182+E187+E202+E212+E225+E20+E66+E64+E62 -> 4116750.6 | F19: =F21+F68+F73+F111+F123+F150+F169+F182+F187+F202+F212+F225+F20+F66+F64+F62 -> 3978208.6
A20: Условно утвержденные расходы | D20: =прил.5!F23 -> 0 | E20: =прил.5!G23 -> 42750 | F20: =прил.5!H23 -> 78720
A21: Муниципальная программа городского округа Нальчик "Развитие образования в городском округе Нальчик" | B21: 0200000000 | D21: =D22+D45+D57+D54 -> 2381377.9 | E21: =E22+E45+E57+E54 -> 2339425.1 | F21: =F22+F45+F57+F54 -> 2332582
A22: Подпрограмма "Развитие системы дошкольного и общего образования" муниципальной программы городского округа Нальчик "Развитие образования в городском округе Нальчик" | B22: 0220000000 | D22: =D23+D27+D31+D35+D37+D41+D43+D33+D25 -> 2237128.4 | E22: =E23+E27+E31+E35+E37+E41+E43+E33+E25 -> 2189774.2 | F22: =F23+F27+F31+F35+F37+F41+F43+F33+F25 -> 2182931.1
A23: Субвенции бюджетам муниципальных образований на обеспечение государственных гарантий прав граждан на получение общедоступного и бесплатного дошкольного, начального общего, основного общего, среднего (полного) общего образования, а также дополнительного образования в общеобразовательных учреждениях, в рамках подпрограммы "Содействие развитию дошкольного и общего образования" государственной программы Кабардино-Балкарской Республики "Развитие образования в Кабардино-Балкарской Республике" | B23: 0220170120 | D23: =D24 -> 717234.6 | E23: =E24 -> 710238.9 | F23: =F24 -> 710238.9
A24: Расходы на выплаты персоналу в целях обеспечения выполнения функций государственными (муниципальными) органами, казенными учреждениями, органами управления государственными внебюджетными фондами | B24: 0220170120 | C24: 100 | D24: =прил.4!G287 -> 717234.6 | E24: =прил.4!H287 -> 710238.9 | F24: =прил.4!I287 -> 710238.9
A25: Приобретение учебников, учебных и учебно-наглядных пособий, технических средств обучения, расходных материалов и хозяйственных нужд (кроме расходов на содержание зданий и помещений), за счет субвенции из республиканского бюджета Кабардино-Балкарской Республики, в рамках подпрограммы "Содействие развитию дошкольного и общего образования" государственной программы Кабардино-Балкарской Республики "Развитие образования в Кабардино-Балкарской Республике" | B25: 0220175190 | D25: =D26 -> 2468.1 | E25: =E26 -> 7781.2 | F25: =F26 -> 7781.2
A26: Закупка товаров, работ и услуг для государственных (муниципальных) нужд | B26: 0220175190 | C26: 200 | D26: =прил.4!G289 -> 2468.1 | E26: =прил.4!H289 -> 7781.2 | F26: =прил.4!I289 -> 7781.2
A27: Расходы на обеспечение деятельности (оказание услуг) муниципальных учреждений в рамках подпрограммы "Развитие системы дошкольного и общего образования" муниципальной программы городского округа Нальчик "Развитие образования в городском округе Нальчик" | B27: 0220190059 | D27: =SUM(D28:D30) -> 280142.4 | E27: =SUM(E28:E30) -> 317299.8 | F27: =SUM(F28:F30) -> 319267.4
A28: Расходы на выплаты персоналу в целях обеспечения выполнения функций государственными (муниципальными) органами, казенными учреждениями, органами управления государственными внебюджетными фондами | B28: 0220190059 | C28: 100 | D28: =прил.4!G291 -> 1601.9 | E28: =прил.4!H291 -> 0 | F28: =прил.4!I291 -> 0
A29: Закупка товаров, работ и услуг для государственных (муниципальных) нужд | B29: 0220190059 | C29: 200 | D29: =прил.4!G292 -> 265368.2 | E29: =прил.4!H292 -> 304051.3 | F29: =прил.4!I292 -> 306018.9
A30: Иные бюджетные ассигнования | B30: 0220190059 | C30: 800 | D30: =прил.4!G293 -> 13172.3 | E30: =прил.4!H293 -> 13248.5 | F30: =прил.4!I293 -> 13248.5
A31: Субвенции бюджетам муниципальных образований на обеспечение государственных гарантий прав граждан на получение общедоступного и бесплатного дошкольного, начального общего, основного общего, среднего (полного) общего образования, а также дополнительного образования в общеобразовательных учреждениях, в рамках подпрограммы "Содействие развитию дошкольного и общего образования" государственной программы Кабардино-Балкарской Республики "Развитие образования в Кабардино-Балкарской Республике" | B31: 0220270120 | D31: =D32 -> 946144.1 | E31: =E32 -> 955053 | F31: =F32 -> 955053
A32: Расходы на выплаты персоналу в целях обеспечения выполнения функций государственными (муниципальными) органами, казенными учреждениями, органами управления государственными внебюджетными фондами | B32: 0220270120 | C32: 100 | D32: =прил.4!G303 -> 946144.1 | E32: =прил.4!H303 -> 955053 | F32: =прил.4!I303 -> 955053
A33: Иные межбюджетные трансферты на финансовое обеспечение привлечения обучающихся к труду | B33: 0220271270 | D33: =D34 -> 8.3 | E33: =E34 -> 0 | F33: =F34 -> 0
A34: Расходы на выплаты персоналу в целях обеспечения выполнения функций государственными (муниципальными) органами, казенными учреждениями, органами управления государственными внебюджетными фондами | B34: 0220271270 | C34: 100 | D34: =прил.4!G305 -> 8.3 | E34: =прил.4!H305 -> 0 | F34: =прил.4!I305 -> 0
A35: Пополнение фондов школьных библиотек образовательных учреждений, за счет субвенции из республиканского бюджета Кабардино-Балкарской Республики, в рамках подпрограммы "Содействие развитию дошкольного и общего образования" государственной программы Кабардино-Балкарской Республики "Развитие образования в Кабардино-Балкарской Республике" | B35: 0220275190 | D35: =D36 -> 71764.3 | E35: =E36 -> 13665.2 | F35: =F36 -> 13665.2
A36: Закупка товаров, работ и услуг для государственных (муниципальных) нужд | B36: 0220275190 | C36: 200 | D36: =прил.4!G307 -> 71764.3 | E36: =прил.4!H307 -> 13665.2 | F36: =прил.4!I307 -> 13665.2
A37: Расходы на обеспечение деятельности (оказание услуг) муниципальных учреждений в рамках подпрограммы "Развитие системы дошкольного и общего образования" муниципальной программы городского округа Нальчик "Развитие образования в городском округе Нальчик" | B37: 0220290059 | D37: =SUM(D38:D40) -> 214693.4 | E37: =SUM(E38:E40) -> 181434.8 | F37: =SUM(F38:F40) -> 172624.1
A38: Расходы на выплаты персоналу в целях обеспечения выполнения функций государственными (муниципальными) органами, казенными учреждениями, органами управления государственными внебюджетными фондами | B38: 0220290059 | C38: 100 | D38: =прил.4!G309 -> 7227.2 | E38: =прил.4!H309 -> 0 | F38: =прил.4!I309 -> 0
A39: Закупка товаров, работ и услуг для государственных (муниципальных) нужд | B39: 0220290059 | C39: 200 | D39: =прил.4!G310 -> 183668.6 | E39: =прил.4!H310 -> 159667.8 | F39: =прил.4!I310 -> 150857.1
A40: Иные бюджетные ассигнования | B40: 0220290059 | C40: 800 | D40: =прил.4!G311 -> 23797.6 | E40: =прил.4!H311 -> 21767 | F40: =прил.4!I311 -> 21767
A41: Реализация мероприятий, направленных на развитие учительского потенциала и совершенствование учительского корпуса, стимулирование развития профессиональных компетентностей педагогических кадров" подпрограммы "Развитие системы дошкольного и общего образования" муниципальной программы городского округа Нальчик "Развитие образования в городском округе Нальчик" | B41: 0220300000 | D41: =D42 -> 3461.9 | E41: =E42 -> 3461.9 | F41: =F42 -> 3461.9
A42: Закупка товаров, работ и услуг для государственных (муниципальных) нужд | B42: 0220370880 | C42: 200 | D42: =прил.4!G332 -> 3461.9 | E42: =прил.4!H332 -> 3461.9 | F42: =прил.4!I332 -> 3461.9
A43: Субсидии на создание в общеобразовательных организациях, расположенных в сельской местности, условий для занятия физической культурой и спортом | B43: 022Е250970 | D43: =D44 -> 1211.3 | E43: =E44 -> 839.4 | F43: =F44 -> 839.4
A44: Закупка товаров, работ и услуг для государственных (муниципальных) нужд | B44: 022Е250970 | C44: 200 | D44: =прил.4!G313 -> 1211.3 | E44: =прил.4!H313 -> 839.4 | F44: =прил.4!I313 -> 839.4
A45: Подпрограмма "Развитие системы дополнительного образования" муниципальной программы городского округа Нальчик "Развитие образования в городском округе Нальчик" | B45: 0240000000 | D45: =D48+D52+D46 -> 131340.5 | E45: =E48+E52+E46 -> 136842.8 | F45: =F48+F52+F46 -> 136842.8
A46: Реализация прав на получение общедоступного и бесплатного дошкольного образования в муниципальных дошкольных образовательных организациях, общедоступного и бесплатного дошкольного, начального общего, основного общего, среднего общего образования в муниципальных общеобразовательных организациях, обеспечение дополнительного образования детей в муниципальных общеобразовательных организациях (за исключением расходов на содержание зданий и оплату коммунальных услуг, приобретение учебников и учебных пособий, средств обучения, игр, игрушек) | B46: 0240170120 | D46: =D47 -> 863.3 | E46: =E47 -> 5179.7 | F46: =F47 -> 5179.7
A47: Расходы на выплаты персоналу в целях обеспечения выполнения функций государственными (муниципальными) органами, казенными учреждениями, органами управления государственными внебюджетными фондами | B47: 0240170120 | C47: 100 | D47: =прил.4!G323 -> 863.3 | E47: =прил.4!H323 -> 5179.7 | F47: =прил.4!I323 -> 5179.7
A48: Расходы на обеспечение деятельности (оказание услуг) муниципальных учреждений в рамках подпрограммы "Развитие системы дополнительного образования детей" муниципальной программы городского округа Нальчик "Развитие образования в городском округе Нальчик" | B48: 0240190000 | D48: =SUM(D49:D51) -> 129059.3 | E48: =SUM(E49:E51) -> 130237 | F48: =SUM(F49:F51) -> 130237
A49: Расходы на выплаты персоналу в целях обеспечения выполнения функций государственными (муниципальными) органами, казенными учреждениями, органами управления государственными внебюджетными фондами | B49: 0240190059 | C49: 100 | D49: =прил.5!F213 -> 121437.5 | E49: =прил.5!G213 -> 124315.7 | F49: =прил.5!H213 -> 124315.7
A50: Закупка товаров, работ и услуг для государственных (муниципальных) нужд | B50: 0240190059 | C50: 200 | D50: =прил.5!F214 -> 7220.1 | E50: =прил.5!G214 -> 5486.2 | F50: =прил.5!H214 -> 5486.2
A51: Иные бюджетные ассигнования | B51: 0240190059 | C51: 800 | D51: =прил.5!F215 -> 401.7 | E51: =прил.5!G215 -> 435.1 | F51: =прил.5!H215 -> 435.1
A52: Иные межбюджетные трансферты на организацию отдыха детей в учреждениях с дневным пребыванием детей в каникулярное время | B52: 0240272020 | D52: =D53 -> 1417.9 | E52: =E53 -> 1426.1 | F52: =F53 -> 1426.1
A53: Закупка товаров, работ и услуг для государственных (муниципальных) нужд | B53: 0240272020 | C53: 200 | D53: =прил.5!F233 -> 1417.9 | E53: =прил.5!G233 -> 1426.1 | F53: =прил.5!H233 -> 1426.1
A54: Подпрограмма "Вовлечение молодежи в социальную практику" муниципальной программы городского округа Нальчик "Развитие образования в городском округе Нальчик" | B54: 0240590000 | D54: =D55 -> 550 | E54: =E55 -> 550 | F54: =F55 -> 550
A55: Мероприятия по патриотическому воспитанию граждан Российской Федерации в рамках подпрограммы "Вовлечение молодежи в социальную практику" муниципальной программы городского округа Нальчик "Развитие образования в городском округе Нальчик" | B55: 0240596057 | D55: =D56 -> 550 | E55: =E56 -> 550 | F55: =F56 -> 550
A56: Закупка товаров, работ и услуг для государственных (муниципальных) нужд | B56: 0240596057 | C56: 200 | D56: =прил.4!G353 -> 550 | E56: =прил.4!H353 -> 550 | F56: =прил.4!I353 -> 550
A57: Подпрограмма "Обеспечение реализации муниципальной программы" муниципальной программы "Развитие образования в городском округе Нальчик" | B57: 0250000000 | D57: =D58 -> 12359 | E57: =E58 -> 12258.1 | F57: =F58 -> 12258.1
A58: Расходы на обеспечение деятельности (оказание услуг) муниципальных органов (учреждений) в рамках подпрограммы "Обеспечение реализации муниципальной программы" муниципальной программы "Развитие образования в городском округе Нальчик" | B58: 0250390019 | D58: =D59+D60+D61 -> 12359 | E58: =E59+E60+E61 -> 12258.1 | F58: =F59+F60+F61 -> 12258.1
A59: Расходы на выплаты персоналу в целях обеспечения выполнения функций государственными (муниципальными) органами, казенными учреждениями, органами управления государственными внебюджетными фондами | B59: 0250390019 | C59: 100 | D59: =прил.4!G340 -> 10250.4 | E59: =прил.4!H340 -> 10341 | F59: =прил.4!I340 -> 10341
A60: Закупка товаров, работ и услуг для государственных (муниципальных) нужд | B60: 0250390019 | C60: 200 | D60: =прил.4!G341 -> 1523.2 | E60: =прил.4!H341 -> 1305.9 | F60: =прил.4!I341 -> 1305.9
A61: Иные бюджетные ассигнования | B61: 0250390019 | C61: 800 | D61: =прил.4!G342 -> 585.4 | E61: =прил.4!H342 -> 611.2 | F61: =прил.4!I342 -> 611.2
A62: Муниципальная программа городского округа Нальчик "Профилактика наркомании и токсикомании в городском округе Нальчик на 2017 - 2021 годы" | B62: 0240180070 | D62: =D63 -> 130 | E62: =E63 -> 130 | F62: =F63 -> 130
A63: Закупка товаров, работ и услуг для государственных (муниципальных) нужд | B63: 0240180070 | C63: 200 | D63: =прил.4!G347 -> 130 | E63: =прил.4!H347 -> 130 | F63: =прил.4!I347 -> 130
A64: Муниципальная программа городского округа Нальчик "Профилактика терроризма и экстремизма в городском округе Нальчик на 2017 - 2021 годы" | B64: 02401М5160 | D64: =D65 -> 21398.1 | E64: =E65 -> 37480.8 | F64: =F65 -> 33369.7
A65: Закупка товаров, работ и услуг для государственных (муниципальных) нужд | B65: 02401М5160 | C65: 200 | D65: =прил.4!G349+прил.4!G295+прил.4!G315+прил.4!G33+прил.4!G338+прил.4!G218 -> 21398.1 | E65: =прил.4!H349+прил.4!H295+прил.4!H315+прил.4!H33 -> 37480.8 | F65: =прил.4!I349+прил.4!I295+прил.4!I315+прил.4!I33 -> 33369.7
A66: Муниципальная программа городского округа Нальчик "Профилактика правонарушений в городском округе Нальчик на 2017 - 2021 годы" | B66: 02401М9400 | D66: =D67 -> 130 | E66: =E67 -> 130 | F66: =F67 -> 130
A67: Закупка товаров, работ и услуг для государственных (муниципальных) нужд | B67: 02401М9400 | C67: 200 | D67: =прил.4!G351+прил.4!G36 -> 130 | E67: =прил.4!H351+прил.4!H36 -> 130 | F67: =прил.4!I351+прил.4!I36 -> 130
A68: Муниципальная программа городского округа Нальчик "Доступная среда в городском округе Нальчик на 2016 - 2020 годы" | B68: 0410000000 | D68: =D69+D71 -> 5431.5 | E68: =E69+E71 -> 4149 | F68: =F69+F71 -> 0
A69: Субсидии на мероприятия государственной программы КБР "Доступная среда в КБР" | B69: 04102L0270 | D69: =D70 -> 4363.4 | E69: =E70 -> 2149 | F69: =F70 -> 0
A70: Закупка товаров, работ и услуг для государственных (муниципальных) нужд | B70: 04102L0270 | C70: 200 | D70: =прил.4!G300+прил.4!G329 -> 4363.4 | E70: =прил.4!H318 -> 2149 | F70: =прил.4!I318 -> 0
A71: Реализация мероприятий муниципальной программы городского округа Нальчик "Доступная среда в городском округе Нальчик на 2016 - 2020 годы" | B71: 0410299999 | D71: =D72 -> 1068.1 | E71: =E72 -> 2000 | F71: =F72 -> 0
A72: Закупка товаров, работ и услуг для государственных (муниципальных) нужд | B72: 0410299999 | C72: 200 | D72: =прил.4!G39+прил.4!G134+прил.4!G320+прил.4!G356+прил.4!G298+прил.4!G224 -> 1068.1 | E72: =прил.4!H39+прил.4!H134+прил.4!H320+прил.4!H356+прил.4!H298+прил.4!H224 -> 2000 | F72: =прил.4!I39+прил.4!I134+прил.4!I320+прил.4!I356+прил.4!I298+прил.4!I224 -> 0
A73: Муниципальная программа городского округа Нальчик "Обеспечение доступным и комфортным жильем и коммунальными услугами жителей городского округа Нальчик" | B73: 0500000000 | D73: =D74+D79+D82+D84+D91+D93+D96+D101 -> 433461.5 | E73: =E74+E79+E82+E84+E91+E93+E96+E101 -> 224460.5 | F73: =F74+F79+F82+F84+F91+F93+F96+F101 -> 156387.7
A74: Муниципальная целевая программа "Переселение граждан из аварийного жилья" муниципальной программы городского округа Нальчик "Обеспечение доступным и комфортным жильем и коммунальными услугами жителей городского округа Нальчик" | B74: 0510100000 | D74: =D75+D77 -> 18691.1 | E74: =E75+E77 -> 904.3 | F74: =F75+F77 -> 36
A75: Обеспечение мероприятий по переселению граждан из аварийного жилищного фонда, в том числе переселение граждан из аварийного жилищного фонда с учетом необходимости развития малоэтажного жилищного строительства | B75: 0510109602 | D75: =D76 -> 0 | E75: =E76 -> 270.8 | F75: =F76 -> 36
A76: Капитальные вложения в объекты государственной (муниципальной) собственности | B76: 0510109602 | C76: 400 | D76: =прил.4!G77 -> 0 | E76: =прил.4!H77 -> 270.8 | F76: =прил.4!I77 -> 36
A77: Обеспечение мероприятий по переселению граждан из аварийного жилищного фонда | B77: 05101S9602 | D77: =SUM(D78:D78) -> 18691.1 | E77: =SUM(E78:E78) -> 633.5 | F77: =SUM(F78:F78) -> 0
A78: Капитальные вложения в объекты государственной (муниципальной) собственности | B78: 05101S9602 | C78: 400 | D78: =прил.4!G79 -> 18691.1 | E78: =прил.4!H79 -> 633.5 | F78: =прил.4!I79 -> 0
A79: Муниципальная целевая программа "Улучшение бытовых условий граждан, проживающих в многоквартирных домах коммунального типа по ул. Калининградская, 3-а и ул. Ашурова, 10, в 2019 - 2021 гг." муниципальной программы городского округа Нальчик "Обеспечение доступным и комфортным жильем и коммунальными услугами жителей городского округа Нальчик" | B79: 0510370000 | D79: =D80 -> 122324.4 | E79: =E80 -> 50000 | F79: =F80 -> 0
A80: Субсидии из республиканского бюджета Кабардино-Балкарской Республики бюджетам муниципальных образований на поддержку муниципальных программ по обеспечению благоустроенными жилыми помещениями семей, проживающих в многоквартирных домах коммунального типа | B80: 0510370510 | D80: =D81 -> 122324.4 | E80: =E81 -> 50000 | F80: =F81 -> 0
A81: Капитальные вложения в объекты государственной (муниципальной) собственности | B81: 0510370510 | C81: 400 | D81: =прил.4!G156 -> 122324.4 | E81: =прил.4!H156 -> 50000 | F81: 0
A82: Муниципальная целевая программа "Обеспечение жильем молодых семей в городском округе Нальчик" муниципальной программы городского округа Нальчик "Обеспечение доступным и комфортным жильем и коммунальными услугами жителей городского округа Нальчик" | B82: 05113L4970 | D82: =D83 -> 15734.4 | E82: =E83 -> 5500 | F82: =F83 -> 5500
A83: Социальное обеспечение и иные выплаты населению | B83: 05113L4970 | C83: 300 | D83: =прил.4!G100 -> 15734.4 | E83: =прил.4!H100 -> 5500 | F83: =прил.4!I100 -> 5500
A84: Подпрограмма "Развитие муниципального жилищного фонда" муниципальной программы городского округа Нальчик "Обеспечение доступным и комфортным жильем и коммунальными услугами жителей городского округа Нальчик" | B84: 0520100000, 0510394009 | D84: =D85+D87+D89 -> 14722.2 | E84: =E85+E87+E89 -> 31643.7 | F84: =F85+F87+F89 -> 61103.2
A85: Взносы региональному оператору на капитальный ремонт общего имущества в многоквартирных домах в рамках подпрограммы "Развитие муниципального жилищного фонда" муниципальной программы городского округа Нальчик "Обеспечение доступным и комфортным жильем и коммунальными услугами жителей городского округа Нальчик" | B85: 0520180050 | D85: =D86 -> 3185.3 | E85: =E86 -> 3549.1 | F85: =F86 -> 3549.1
A86: Закупка товаров, работ и услуг для государственных (муниципальных) нужд | B86: 0520180050 | C86: 200 | D86: =прил.4!G152+прил.4!G275 -> 3185.3 | E86: =прил.4!H152+прил.4!H275 -> 3549.1 | F86: =прил.4!I152+прил.4!I275 -> 3549.1
A87: Содержание и капитальный ремонт муниципального жилищного фонда в рамках подпрограммы "Развитие муниципального жилищного фонда" муниципальной программы городского округа Нальчик "Обеспечение доступным и комфортным жильем и коммунальными услугами жителей городского округа Нальчик" | B87: 0520180060 | D87: =D88 -> 11536.9 | E87: =E88 -> 6000 | F87: =F88 -> 6000
A88: Закупка товаров, работ и услуг для государственных (муниципальных) нужд | B88: 0520180060 | C88: 200 | D88: =прил.4!G154 -> 11536.9 | E88: =прил.4!H154 -> 6000 | F88: =прил.4!I154 -> 6000
A89: Создание объектов социального и производственного комплексов, в том числе объектов общегражданского назначения, жилья, инфраструктуры, и иных объектов | B89: 0510394009 | D89: =D90 -> 0 | E89: =E90 -> 22094.6 | F89: =F90 -> 51554.1
A90: Капитальные вложения в объекты государственной (муниципальной) собственности | B90: 0510394009 | C90: 400 | D90: =прил.4!G158 -> 0 | E90: =прил.4!H158 -> 22094.6 | F90: =прил.4!I158 -> 51554.1
A91: Муниципальная целевая программа "Формирование современной городской среды на территории городского округа Нальчик на 2019 - 2024 годы" муниципальной программы городского округа Нальчик "Обеспечение доступным и комфортным жильем и коммунальными услугами жителей городского округа Нальчик" | B91: 052F200000 | D91: =D92 -> 81815.4 | E91: =E92 -> 2000 | F91: =F92 -> 2000
A92: Закупка товаров, работ и услуг для государственных (муниципальных) нужд | B92: 052F255550 | C92: 200 | D92: =прил.4!G137+прил.4!G168 -> 81815.4 | E92: =прил.4!H137+прил.4!H168 -> 2000 | F92: =прил.4!I137+прил.4!I168 -> 2000
A93: Муниципальная целевая программа "Реформирование и модернизация коммунального комплекса городского округа Нальчика Кабардино-Балкарской Республики 2015-2020 годы" муниципальной программы городского округа Нальчик "Обеспечение доступным и комфортным жильем и коммунальными услугами жителей городского округа Нальчик" | B93: 0520299998 | D93: =D94+D95 -> 91274.1 | E93: =E94+E95 -> 26664 | F93: =F94+F95 -> 0
A94: Закупка товаров, работ и услуг для государственных (муниципальных) нужд | B94: 0520299998 | C94: 200 | D94: =прил.4!G161 -> 40361 | E94: =прил.4!H161 -> 26664 | F94: =прил.4!I161 -> 0
A95: Капитальные вложения в объекты государственной (муниципальной) собственности | B95: 0520299998 | C95: 400 | D95: =прил.4!G82+прил.4!G162+прил.4!G277+прил.4!G280 -> 50913.1 | E95: =прил.4!H162+прил.4!H280+прил.4!H82 -> 0 | F95: =прил.4!I162+прил.4!I280+прил.4!I82 -> 0
A96: Подпрограмма "Обеспечение реализации муниципальной программы" муниципальной программы городского округа Нальчик "Обеспечение доступным и комфортным жильем и коммунальными услугами жителей городского округа Нальчик" | B96: 0530000000 | D96: =D97 -> 36602.8 | E96: =E97 -> 32145 | F96: =F97 -> 32145
A97: Расходы на обеспечение деятельности (оказание услуг) муниципальных учреждений в рамках подпрограммы "Обеспечение реализации муниципальной программы" муниципальной программы "Обеспечение доступным и комфортным жильем и коммунальными услугами жителей городского округа Нальчик" | B97: 0530190019 | D97: =SUM(D98:D100) -> 36602.8 | E97: =SUM(E98:E100) -> 32145 | F97: =SUM(F98:F100) -> 32145
A98: Расходы на выплаты персоналу в целях обеспечения выполнения функций государственными (муниципальными) органами, казенными учреждениями, органами управления государственными внебюджетными фондами | B98: 0530190019 | C98: 100 | D98: =прил.4!G180 -> 27030.2 | E98: =прил.4!H180 -> 27257.9 | F98: =прил.4!I180 -> 27257.9
A99: Закупка товаров, работ и услуг для государственных (муниципальных) нужд | B99: 0530190019 | C99: 200 | D99: =прил.4!G181 -> 4551.6 | E99: =прил.4!H181 -> 4095 | F99: =прил.4!I181 -> 4095
A100: Иные бюджетные ассигнования | B100: 0530190019 | C100: 800 | D100: =прил.4!G182 -> 5021 | E100: =прил.4!H182 -> 792.1 | F100: =прил.4!I182 -> 792.1
A101: Подпрограмма "Благоустройство городских территорий" муниципальной программы городского округа Нальчик "Обеспечение доступным и комфортным жильем и коммунальными услугами жителей городского округа Нальчик" | B101: 0590000000 | D101: =D102+D104+D106+D109 -> 52297.1 | E101: =E102+E104+E106+E109 -> 75603.5 | F101: =F102+F104+F106+F109 -> 55603.5
A102: Расходы на освещение улиц в рамках подпрограммы "Благоустройство городских территорий" муниципальной программы городского округа Нальчик "Обеспечение доступным и комфортным жильем и коммунальными услугами жителей городского округа Нальчик" | B102: 0599980010 | D102: =D103 -> 7545.8 | E102: =E103 -> 4626.5 | F102: =F103 -> 4626.5
A103: Закупка товаров, работ и услуг для государственных (муниципальных) нужд | B103: 0599980010 | C103: 200 | D103: =прил.4!G170+прил.4!G85 -> 7545.8 | E103: =прил.4!H170+прил.4!H85 -> 4626.5 | F103: =прил.4!I170+прил.4!I85 -> 4626.5
...

Sheet Отраслевая 2015-2016
E1: Приложение № 4
A2: к решению Совета местного самоуправления
B3: городского округа Нальчик "О местном бюджете
B4: городского округа Нальчик на 2014 год и на
B5: плановый период 2015 и 2016 годов"
D6: №164 от "27" декабря 2013г.
A7: РАСПРЕДЕЛЕНИЕ
A8: БЮДЖЕТНЫХ АССИГНОВАНИЙ НА ПЛАНОВЫЙ ПЕРИОД 2015 И 2016 ГОДОВ ПО РАЗДЕЛАМ, ПОДРАЗДЕЛАМ, ЦЕЛЕВЫМ СТАТЬЯМ И ВИДАМ РАСХОДОВ КЛАССИФИКАЦИИ РАСХОДОВ МЕСТНОГО БЮДЖЕТА
E10: (в тыс. рублей)
A11: Наименование показателя | B11: Коды бюджетной классификации | F11: 2015 год | G11: 2016 год
B12: Раздел | C12: Подраздел | D12: Целевая статья | E12: Вид расхода
A14: 1 | B14: 2 | C14: 3 | D14: 4 | E14: 5 | F14: 6 | G14: 7
A15: ОБЩЕГОСУДАРСТВЕННЫЕ ВОПРОСЫ | B15: 01 | F15: =F16+F25+F52+F56+F45+F36+316542.7-2354.4 -> #REF! | G15: =G16+G25+G52+G56+G45+G36+202771.7 -> #REF!
A16: Функционирование законодательных (представительных) органов государственной власти и представительных органов муниципальных образований | B16: 01 | C16: 03 | F16: =F17 -> #REF! | G16: =F16*105% -> #REF!
A17: Руководство и управление в сфере установленных функций органов государственной власти субъектов Российской Федерации и органов местного самоуправления | B17: 01 | C17: 03 | D17: 002 0000 | F17: =F18 -> #REF! | G17: =F17*105% -> #REF!
A18: Центральный аппарат | B18: 01 | C18: 03 | D18: 002 0400 | F18: =F19 -> #REF! | G18: =F18*105% -> #REF!
A19: Центральный аппарат | B19: 01 | C19: 03 | D19: 002 0401 | F19: =F20+F21+F22+F23+F24 -> #REF! | G19: =F19*105% -> #REF!
A20: Фонд оплаты труда и страховые взносы | B20: 01 | C20: 03 | D20: 002 0401 | E20: 121 | F20: =#REF!*105.5% -> #REF! | G20: ='Ведомственная 2015-2016'!H130 -> 6854.3419
A21: Закупка товаров, работ, услуг в целях капитального ремонта государственного (муниципального) имущества | B21: 01 | C21: 03 | D21: 002 0401 | E21: 244 | F21: =#REF!*105.5% -> #REF! | G21: ='Ведомственная 2015-2016'!H132 -> 16.695375
A22: Прочая закупка товаров, работ и услуг для государственных (муниципальных) нужд | B22: 01 | C22: 03 | D22: 002 0401 | E22: 244 | F22: =#REF!*105.5% -> #REF! | G22: ='Ведомственная 2015-2016'!H133 -> #REF!
A23: Уплата налога на имущество организаций и земельного налога | B23: 01 | C23: 03 | D23: 002 0401 | E23: 851 | F23: =#REF!*105.5% -> #REF! | G23: ='Ведомственная 2015-2016'!H134 -> 0
A24: Уплата прочих налогов, сборов и иных платежей | B24: 01 | C24: 03 | D24: 002 0401 | E24: 852 | F24: =#REF!*105.5% -> #REF! | G24: ='Ведомственная 2015-2016'!H135 -> 0
A25: Функционирование Правительства Российской Федерации, высших исполнительных органов государственной власти субъектов Российской Федерации, местных администраций | B25: 01 | C25: 04 | F25: =F26+F34 -> #REF! | G25: =G26+G34 -> #REF!
A26: Руководство и управление в сфере установленных функций органов государственной власти субъектов Российской Федерации и органов местного самоуправления | B26: 01 | C26: 04 | D26: 002 0000 | F26: =F27+F34 -> #REF! | G26: =G27+G34 -> #REF!
A27: Центральный аппарат | B27: 01 | C27: 04 | D27: 002 0400 | F27: =F28 -> #REF! | G27: =F27*105% -> #REF!
A28: Центральный аппарат | B28: 01 | C28: 04 | D28: 002 0401 | F28: =F29+F30+F31+F32+F33 -> #REF! | G28: =F28*105% -> #REF!
A29: Фонд оплаты труда и страховые взносы | B29: 01 | C29: 04 | D29: 002 0401 | E29: 121 | F29: ='Ведомственная 2015-2016'!G19 -> 116635.84 | G29: =F29*105.5% -> 123050.81
A30: Фонд оплаты труда и страховые взносы | B30: 01 | C30: 04 | D30: 002 0401 | E30: 122 | F30: ='Ведомственная 2015-2016'!G20 -> #REF! | G30: =F30*105.5% -> #REF!
A31: Прочая закупка товаров, работ и услуг для государственных (муниципальных) нужд | B31: 01 | C31: 04 | D31: 002 0401 | E31: 244 | F31: ='Ведомственная 2015-2016'!G21 -> 62614.8 | G31: =F31*105.5% -> 66058.614
A32: Уплата налога на имущество организаций и земельного налога | B32: 01 | C32: 04 | D32: 002 0401 | E32: 851 | F32: ='Ведомственная 2015-2016'!G22 -> 1688 | G32: =F32*105.5% -> 1780.84
A33: Уплата прочих налогов, сборов и иных платежей | B33: 01 | C33: 04 | D33: 002 0401 | E33: 852 | F33: ='Ведомственная 2015-2016'!G23 -> #REF! | G33: =F33*105.5% -> #REF!
A34: Глава местной администрации (исполнительно-распорядительного органа муниципального образования) | B34: 01 | C34: 04 | D34: 002 0800 | F34: =F35 -> 8361.8245 | G34: =F34*105.5% -> 8821.7248
A35: Фонд оплаты труда и страховые взносы | B35: 01 | C35: 04 | D35: 002 0800 | E35: 121 | F35: ='Ведомственная 2015-2016'!G25 -> 8361.8245 | G35: =F35*105.5% -> 8821.7248
A36: Обеспечение деятельности финансовых, налоговых и таможенных органов и органов финансового (финансово-бюджетного) надзора | B36: 01 | C36: 06 | F36: 33792.6 | G36: =F36*105.5% -> 35651.193
A37: Руководство и управление в сфере установленных функций органов государственной власти субъектов Российской Федерации и органов местного самоуправления | B37: 01 | C37: 06 | D37: 002 0000 | F37: =F38 -> #REF! | G37: =G38 -> #REF!
A38: Центральный аппарат | B38: 01 | C38: 06 | D38: 002 0400 | F38: =F39 -> #REF! | G38: =F38*105% -> #REF!
A39: Центральный аппарат | B39: 01 | C39: 06 | D39: 002 0401 | F39: =F40+F41+F42+F43+F44 -> #REF! | G39: =G40+G41+G42+G43+G44 -> #REF!
A40: Фонд оплаты труда и страховые взносы | B40: 01 | C40: 06 | D40: 002 0401 | E40: 121 | F40: ='Ведомственная 2015-2016'!G112+'Ведомственная 2015-2016'!G294 -> 18881.757 | G40: =F40*105.5% -> 19920.254
A41: Фонд оплаты труда и страховые взносы | B41: 01 | C41: 06 | D41: 002 0401 | E41: 122 | F41: 417.2 | G41: =F41*105.5% -> 440.146
A42: Прочая закупка товаров, работ и услуг для государственных (муниципальных) нужд | B42: 01 | C42: 06 | D42: 002 0401 | E42: 244 | F42: ='Ведомственная 2015-2016'!G296+'Ведомственная 2015-2016'!G114 -> 3077.323 | G42: =F42*105.5% -> 3246.5758
A43: Уплата налога на имущество организаций и земельного налога | B43: 01 | C43: 06 | D43: 002 0401 | E43: 851 | F43: ='Ведомственная 2015-2016'!G115+'Ведомственная 2015-2016'!G297 -> 24.345 | G43: =F43 -> 24.345
A44: Уплата прочих налогов, сборов и иных платежей | B44: 01 | C44: 06 | D44: 002 0401 | E44: 852 | F44: ='Ведомственная 2015-2016'!G298+'Ведомственная 2015-2016'!G116 -> #REF! | G44: =F44 -> #REF!
A45: Обеспечение проведения выборов и референдумов | B45: 01 | C45: 07 | F45: =#REF!*105.5% -> #REF! | G45: =F45*105.5% -> #REF!
A46: Проведение референдумов | B46: 01 | C46: 07 | D46: 020 0000 | F46: =#REF!*105.5% -> #REF! | G46: =F46*105.5% -> #REF!
A47: Проведение референдумов | B47: 01 | C47: 07 | D47: 020 0300 | F47: =#REF!*105.5% -> #REF! | G47: =F47*105.5% -> #REF!
A48: Проведение референдумов | B48: 01 | C48: 07 | D48: 020 0300 | F48: =#REF!*105.5% -> #REF! | G48: =F48*105.5% -> #REF!
A49: Резервные средства | B49: 01 | C49: 07 | D49: 020 0300 | E49: 870 | F49: =#REF!*105.5% -> #REF! | G49: =F49*105.5% -> #REF!
A50: Уплата налога на имущество организаций и земельного налога | B50: 01 | C50: 06 | D50: 002 0401 | E50: 851 | F50: =#REF!*105.5% -> #REF! | G50: =F50*105.5% -> #REF!
A51: Уплата прочих налогов, сборов и иных платежей | B51: 01 | C51: 06 | D51: 002 0401 | E51: 852 | F51: =#REF!*105.5% -> #REF! | G51: =F51*105.5% -> #REF!
A52: Резервные фонды | B52: 01 | C52: 11 | F52: =F53 -> 6500 | G52: =G53 -> 6500
A53: Резервные фонды | B53: 01 | C53: 11 | D53: 070 0000 | F53: =F54 -> 6500 | G53: =G54 -> 6500
A54: Резервные фонды местных администраций | B54: 01 | C54: 11 | D54: 070 0500 | F54: =F55 -> 6500 | G54: =G55 -> 6500
A55: Резервные средства | B55: 01 | C55: 11 | D55: 070 0500 | E55: 870 | F55: ='Ведомственная 2015-2016'!G302 -> 6500 | G55: 6500
A56: Другие общегосударственные вопросы | B56: 01 | C56: 13 | F56: =F57+F65 -> #REF! | G56: =G57+G65 -> #REF!
A57: Центральный аппарат | B57: 01 | C57: 13 | D57: 002 0000 | F57: =F58 -> #REF! | G57: =F57*105% -> #REF!
A58: Центральный аппарат | B58: 01 | C58: 13 | D58: 002 0400 | F58: =F59 -> #REF! | G58: =F58*105% -> #REF!
A59: Центральный аппарат | B59: 01 | C59: 13 | D59: 002 0401 | F59: =F60+F61+F62+F63+F64 -> #REF! | G59: =F59*105.5% -> #REF!
A60: Фонд оплаты труда и страховые взносы | B60: 01 | C60: 13 | D60: 002 0401 | E60: 111 | F60: =#REF!*105.5% -> #REF! | G60: =F60*105.5% -> #REF!
A61: Закупка товаров, работ, услуг в сфере информационно-коммуникационных технологий | B61: 01 | C61: 13 | D61: 002 0401 | E61: 242 | G61: =F61*105.5% -> 0
A62: Прочая закупка товаров, работ и услуг для государственных (муниципальных) нужд | B62: 01 | C62: 13 | D62: 002 0401 | E62: 244 | F62: =#REF!*105.5% -> #REF! | G62: =F62*105.5% -> #REF!
A63: Уплата налога на имущество организаций и земельного налога | B63: 01 | C63: 13 | D63: 002 0401 | E63: 851 | F63: =#REF!*105.5% -> #REF! | G63: =F63*105.5% -> #REF!
A64: Уплата прочих налогов, сборов и иных платежей | B64: 01 | C64: 13 | D64: 002 0401 | E64: 852 | F64: =#REF!*105.5% -> #REF! | G64: =F64*105.5% -> #REF!
A65: Государственная регистрация актов гражданского состояния | B65: 01 | C65: 13 | D65: 001 1380 | F65: =F66+F67+F68+F69 -> #REF! | G65: =G66+G67+G68+G69 -> #REF!
A66: Фонд оплаты труда и страховые взносы | B66: 01 | C66: 13 | D66: 001 1380 | E66: 111 | F66: ='Ведомственная 2015-2016'!G121 -> 8522.4 | G66: ='Ведомственная 2015-2016'!H121 -> 8522.4
A67: Закупка товаров, работ, услуг в сфере информационно-коммуникационных технологий | B67: 01 | C67: 13 | D67: 001 1380 | E67: 242 | G67: =F67 -> 0
A68: Прочая закупка товаров, работ и услуг для государственных (муниципальных) нужд | B68: 01 | C68: 13 | D68: 001 1380 | E68: 244 | F68: =#REF! -> #REF! | G68: =F68 -> #REF!
A69: Уплата прочих налогов, сборов и иных платежей | B69: 01 | C69: 13 | D69: 001 1380 | E69: 851 | F69: =#REF! -> #REF! | G69: =F69 -> #REF!
A70: НАЦИОНАЛЬНАЯ БЕЗОПАСНОСТЬ И ПРАВООХРАНИТЕЛЬНАЯ ДЕЯТЕЛЬНОСТЬ | B70: 03 | F70: =F71 -> #REF! | G70: =F70*105% -> #REF!
A71: Защита населений и территорий от последствий чрезвычайных ситуаций природного и техногенного характера, гражданская оборона | B71: 03 | C71: 09 | F71: =F72 -> #REF! | G71: =F71*105% -> #REF!
A72: Поисковые и аварийно-спасательные учреждения | B72: 03 | C72: 09 | D72: 302 0000 | F72: =F73 -> #REF! | G72: =F72*105% -> #REF!
A73: Обеспечение деятельности подведомственных учреждений | B73: 03 | C73: 09 | D73: 302 9900 | F73: =F74 -> #REF! | G73: =F73*105% -> #REF!
A74: Обеспечение деятельности подведомственных учреждений | B74: 03 | C74: 09 | D74: 302 9901 | F74: =F75+F76+F77+F78+F79+F80 -> #REF! | G74: =F74*105% -> #REF!
A75: Фонд оплаты труда и страховые взносы | B75: 03 | C75: 09 | D75: 302 9901 | E75: 111 | F75: =#REF!*105.5% -> #REF! | G75: =F75*105.5% -> #REF!
A76: Закупка товаров, работ, услуг в сфере информационно-коммуникационных технологий | B76: 03 | C76: 09 | D76: 302 9901 | E76: 242 | G76: =F76*105.5% -> 0
A77: Прочая закупка товаров, работ и услуг для государственных (муниципальных) нужд | B77: 03 | C77: 09 | D77: 302 9901 | E77: 244 | F77: =#REF!*105.5% -> #REF! | G77: =F77*105.5% -> #REF!
A78: Прочая закупка товаров, работ и услуг для государственных (муниципальных) нужд | B78: 03 | C78: 09 | D78: 302 9901 | E78: 244 | F78: =#REF!*105.5% -> #REF! | G78: =F78*105.5% -> #REF!
A79: Уплата налога на имущество организаций и земельного налога | B79: 03 | C79: 09 | D79: 302 9901 | E79: 851 | F79: =#REF!*105.5% -> #REF! | G79: =F79*105.5% -> #REF!
A80: Уплата прочих налогов, сборов и иных платежей | B80: 03 | C80: 09 | D80: 302 9901 | E80: 852 | F80: =#REF!*105.5% -> #REF! | G80: =F80*105.5% -> #REF!
A81: НАЦИОНАЛЬНАЯ ЭКОНОМИКА | B81: 04 | F81: =F82+F88+F93 -> #REF! | G81: =G88+G93 -> 27228.285
A82: Транспорт | B82: 04 | C82: 08 | F82: =F83 -> #REF! | G82: =G83 -> #REF!
A83: Учреждения по обеспечению хозяйственного обслуживания | B83: 04 | C83: 08 | D83: 093 0000 | F83: =F84+F85+F86+F87 -> #REF! | G83: =G84+G85+G86+G87 -> #REF!
A84: Фонд оплаты труда и страховые взносы | B84: 04 | C84: 08 | D84: 093 9993 | E84: 111 | F84: =#REF!*105.5% -> #REF! | G84: =F84*105.5% -> #REF!
A85: Закупка товаров, работ, услуг в сфере информационно-коммуникационных технологий | B85: 04 | C85: 08 | D85: 093 9993 | E85: 242 | G85: =F85*105.5% -> 0
A86: Прочая закупка товаров, работ и услуг для государственных (муниципальных) нужд | B86: 04 | C86: 08 | D86: 093 9993 | E86: 244 | F86: =#REF!*105.5% -> #REF! | G86: =F86*105.5% -> #REF!
A87: Уплата налога на имущество организаций и земельного налога | B87: 04 | C87: 08 | D87: 093 9993 | E87: 851 | F87: =#REF!*105.5% -> #REF! | G87: =F87*105.5% -> #REF!
A88: Дорожное хозяйство (Дорожные фонды) | B88: 04 | C88: 09 | F88: =F89 -> 25931.7 | G88: =G89 -> 27228.285
A89: Дорожное хозяйство | B89: 04 | C89: 09 | D89: 315 0000 | F89: =F90 -> 25931.7 | G89: =F89*105% -> 27228.285
A90: Поддержка дорожного хозяйства | B90: 04 | C90: 09 | D90: 315 0200 | F90: =F91 -> 25931.7 | G90: =F90*105% -> 27228.285
A91: Поддержка дорожного хозяйства (средства местного бюджета) | B91: 04 | C91: 09 | D91: 315 0293 | F91: =F92 -> 25931.7 | G91: =F91*105% -> 27228.285
A92: Прочая закупка товаров, работ и услуг для государственных (муниципальных) нужд | B92: 04 | C92: 09 | D92: 315 0293 | E92: 244 | F92: 25931.7 | G92: =F92*105% -> 27228.285
A93: Другие вопросы в области национальной экономики | B93: 04 | C93: 12 | F93: =F94 -> 4000 | G93: =G94 -> 0
A94: Другие вопросы в области национальной экономики | B94: 04 | C94: 12 | D94: 345 0000 | F94: =F95 -> 4000 | G94: =G95 -> 0
A95: Субсидии на государственную поддержку малого предпринимательства (средства местного бюджета) | B95: 04 | C95: 12 | D95: 345 0193 | F95: =F96 -> 4000 | G95: =G96 -> 0
A96: Субсидии юридическим лицам (кроме государственных учреждений) и физическим лицам - производителям товаров,работ, услуг | B96: 04 | C96: 12 | D96: 345 0193 | E96: 810 | F96: ='Ведомственная 2015-2016'!G52 -> 4000 | G96: 0
A97: ЖИЛИЩНО-КОММУНАЛЬНОЕ ХОЗЯЙСТВО | B97: 05 | F97: =F98+F106+F109+F115 -> #REF! | G97: =288086.7+100407.8 -> 388494.5
A98: Жилищное хозяйство | B98: 05 | C98: 01 | F98: =F99+62816.2 -> #REF! | G98: =G99 -> #REF!
A99: Поддержка жилищного хозяйства | B99: 05 | C99: 01 | D99: 350 0000 | F99: =F100+F103 -> #REF! | G99: =G100 -> #REF!
A100: Капитальный ремонт государственного жилищного фонда субъектов Российской Федерации и муниципального жилищного фонда | B100: 05 | C100: 01 | D100: 350 0200 | F100: =F101 -> #REF! | G100: =G101 -> #REF!
A101: Капитальный ремонт государственного жилищного фонда субъектов Российской Федерации и муниципального жилищного фонда | B101: 05 | C101: 01 | D101: 350 0201 | F101: =F102 -> #REF! | G101: =G102 -> #REF!
A102: Прочая закупка товаров, работ и услуг для государственных (муниципальных) нужд | B102: 05 | C102: 01 | D102: 350 0201 | E102: 244 | F102: =#REF!*105.5% -> #REF! | G102: =F102*105.5% -> #REF!
...

Sheet Программы 2015-2016
A1: Приложение № 6
A2: к решению Совета местного самоуправления
A3: городского округа Нальчик "О местном бюджете
A4: городского округа Нальчик на 2014 год и на
A5: плановый период 2015 и 2016 годов"
E6: №164 от "27" декабря 2013г.
A7: РАСПРЕДЕЛЕНИЕ
A8: БЮДЖЕТНЫХ АССИГНОВАНИЙ НА РЕАЛИЗАЦИЮ МУНИЦИПАЛЬНЫХ ЦЕЛЕВЫХ ПРОГРАММ НА ПЛАНОВЫЙ ПЕРИОД 2015 и 2016 ГОДОВ
G10: (в тыс. рублей)
A11: Наименование показателя | B11: Коды бюджетной классификации | F11: 2013 год | G11: 2015 год | H11: 2016 год
B12: Раздел | C12: Под-раздел | D12: Целевая статья | E12: Вид расхода
A14: 1 | B14: 2 | C14: 3 | D14: 4 | E14: 5 | F14: 6 | G14: 7 | H14: 8
A15: МУНИЦИПАЛЬНЫЕ ЦЕЛЕВЫЕ ПРОГРАММЫ - ВСЕГО | F15: =F18+F24+F30+F35+F40+#REF!+#REF!+F45+F51+F69+#REF!+F74+#REF!+#REF!+#REF!+#REF!+#REF!+#REF!+#REF!+#REF! -> #REF! | G15: =G16+G18+G24+G30+G35+G40+G45+G51+G55+G59+G64+G69+G74 -> 180260.3 | H15: =H18+H24+H30+H35+H40+H45+H51+H55+H59+H64+H69+H74 -> 300
A16: Долгосрочная целевая программа "Профессиональная подготовка, переподготовка и повышение квалификации муниципальных служащих Местной администрации городского округа Нальчик 2013-2015г.г." | B16: 07 | C16: 05 | D16: 436 1893 | F16: =F18 -> #REF! | G16: =G17 -> 400 | H16: =H17 -> 0
A17: ОБЩЕГОСУДАРСТВЕННЫЕ ВОПРОСЫ | B17: 07 | C17: 05 | D17: 436 1893 | F17: =F18 -> #REF! | G17: 400 | H17: 0
A18: Городская целевая программа "Развитие и поддержка малого предпринимательства в городском округе Нальчик на 2012-2015 годы" | F18: =F19 -> #REF! | G18: =G19 -> 4000 | H18: 0
A19: Национальная экономика | B19: 04 | F19: =F20 -> #REF! | G19: =G20 -> 4000 | H19: 0
A20: Другие вопросы в области национальной экономики | B20: 04 | C20: 12 | F20: =F21 -> #REF! | G20: =G21 -> 4000 | H20: 0
A21: Малое предпринимательство | B21: 04 | C21: 12 | D21: 345 0000 | F21: =F22 -> #REF! | G21: =G22 -> 4000 | H21: 0
A22: Субсидии на государственную поддержку малого предпринимательства (средства местного бюджета) | B22: 04 | C22: 12 | D22: 345 0193 | F22: =F23 -> #REF! | G22: =G23 -> 4000 | H22: 0
A23: Субсидии юридическим лицам (кроме государственных учреждений) и физическим лицам - производителям товаров, работ, услуг | B23: 04 | C23: 12 | D23: 345 0193 | E23: 810 | F23: =прил.4!#REF! -> #REF! | G23: 4000 | H23: 0
A24: Городская целевая программа "Молодежь г.Нальчика на 2012-2015 годы" | F24: =F25 -> 750 | G24: =G25 -> 850 | H24: =H25 -> 0
A25: Образование | B25: 07 | F25: =F26 -> 750 | G25: =G26 -> 850 | H25: 0
A26: Молодежная политика и оздоровление детей | B26: 07 | C26: 07 | F26: =F27 -> 750 | G26: =G27 -> 850 | H26: 0
A27: Целевые программы муниципальных образований | B27: 07 | C27: 07 | D27: 795 0000 | F27: =F28 -> 750 | G27: =G28 -> 850 | H27: 0
A28: Целевые программы муниципальных образований | B28: 07 | C28: 07 | D28: 795 0001 | F28: =F29 -> 750 | G28: =G29 -> 850 | H28: 0
A29: Прочая закупка товаров, работ и услуг для государственных (муниципальных) нужд | B29: 07 | C29: 07 | D29: 795 0001 | E29: 244 | F29: 750 | G29: 850 | H29: 0
A30: Муниципальная целевая программа «Развитие культуры городского округа Нальчик на 2012-2015 годы» | F30: =F31 -> 22925 | G30: 4500 | H30: 0
A31: Культура, кинематография | B31: 08 | F31: =F32 -> 22925 | G31: =G32 -> 4500 | H31: 0
A32: Культура | B32: 08 | C32: 01 | F32: =F33 -> 22925 | G32: =G33 -> 4500 | H32: 0
A33: Городская целевая программа"Развитие культуры городского округа Нальчик на 2009-2011 годы" | B33: 08 | C33: 01 | D33: 100 0293 | F33: =F34 -> 22925 | G33: =G34 -> 4500 | H33: 0
A34: Прочая закупка товаров, работ и услуг для государственных (муниципальных) нужд | B34: 08 | C34: 01 | D34: 100 0293 | E34: 244 | F34: 22925 | G34: 4500 | H34: 0
A35: Муниципальная целевая программа «Развитие физической культуры и спорта городского округа Нальчик на 2012-2015 годы» | F35: =F36 -> 3000 | G35: =G36 -> 4000 | H35: 0
A36: Физическая культура и спорт | B36: 11 | F36: =F37 -> 3000 | G36: =G37 -> 4000 | H36: 0
A37: Другие вопросы в области физической культуры и спорта | B37: 11 | C37: 05 | F37: =F38 -> 3000 | G37: =G38 -> 4000 | H37: 0
A38: Городская целевая программа"Развитие физической культуры и спорта городского округа Нальчик на 2009-2011 годы" | B38: 11 | C38: 05 | D38: 100 5893 | F38: =F39 -> 3000 | G38: =G39 -> 4000 | H38: 0
A39: Прочая закупка товаров, работ и услуг для государственных (муниципальных) нужд | B39: 11 | C39: 05 | D39: 100 5893 | E39: 244 | F39: 3000 | G39: 4000 | H39: 0
A40: Подпрограмма "Обеспечение жильем молодых семей в городском округе Нальчик на 2011-2015 годы" | F40: =F42 -> 12900 | G40: =G42 -> 15400 | H40: 0
A41: Социальная политика | B41: 10 | F41: =F42 -> 12900 | G41: =G42 -> 15400 | H41: 0
A42: Социальное обеспечение населения | B42: 10 | C42: 03 | F42: =F43 -> 12900 | G42: =G43 -> 15400 | H42: 0
A43: Подпрограмма "Обеспечение жильем молодых семей в городском округе Нальчик на 2011-2015 годы" | B43: 10 | C43: 03 | D43: 100 8823 | F43: =F44 -> 12900 | G43: =G44 -> 15400 | H43: 0
A44: Меры социальной поддержки населения по публичным нормативным обязательствам | B44: 10 | C44: 03 | D44: 100 8823 | E44: 314 | F44: 12900 | G44: 15400 | H44: 0
A45: Муниципальная целевая программа «Модернизация школьных и дошкольных учреждений городского округа Нальчик на 2012-2015 годы» | F45: =F46 -> 90000 | G45: 123272 | H45: 0
A46: =прил.4!A284 -> ОБРАЗОВАНИЕ | B46: =прил.4!C284 -> 07 | F46: =F47 -> 90000 | G46: =G47 -> 123272 | H46: 0
A47: =прил.4!A301 -> Общее образование | B47: =прил.4!C301 -> 07 | C47: =прил.4!D301 -> 02 | F47: =F48 -> 90000 | G47: =G48 -> 123272 | H47: 0
A48: =прил.4!#REF! -> #REF! | B48: =прил.4!#REF! -> #REF! | C48: =прил.4!#REF! -> #REF! | D48: 100 8993 | F48: =F49 -> 90000 | G48: =G49 -> 123272 | H48: 0
A49: =прил.4!#REF! -> #REF! | B49: =прил.4!#REF! -> #REF! | C49: =прил.4!#REF! -> #REF! | D49: 100 8993 | F49: =F50 -> 90000 | G49: =G50 -> 123272 | H49: 0
A50: =прил.4!#REF! -> #REF! | B50: =прил.4!#REF! -> #REF! | C50: =прил.4!#REF! -> #REF! | D50: 100 8993 | E50: 413 | F50: 90000 | G50: 123272 | H50: 0
A51: Муниципальная целевая программа «Профилактика правонарушений в городском округе Нальчик на 2014-2016 годы» | B51: =прил.4!#REF! -> #REF! | F51: 45 | G51: =G52 -> 50 | H51: =H52 -> 50
A52: Молодежная политика и оздоровление детей | B52: 07 | C52: 07 | F52: =F53 -> 50 | G52: =G53 -> 50 | H52: =H53 -> 50
A53: Целевые программы муниципальных образований | B53: 07 | C53: 07 | D53: 795 0000 | F53: =F54 -> 50 | G53: =G54 -> 50 | H53: =H54 -> 50
A54: Прочая закупка товаров, работ и услуг для государственных (муниципальных) нужд | B54: 07 | C54: 07 | D54: 795 0001 | E54: 244 | F54: 50 | G54: 50 | H54: 50
A55: Муниципальная целевая программа «Профилактика терроризма и экстремизма в городском округе Нальчик на 2014-2016 годы» | G55: =G56 -> 150 | H55: =H56 -> 150
A56: Образование | B56: 07 | G56: =G57 -> 150 | H56: =H57 -> 150
A57: Муниципальная целевая программа «Профилактика терроризма и экстремизма в городском округе Нальчик на 2014-2016 годы» (средства местного бюджета) | B57: 07 | C57: 07 | D57: 100 0393 | G57: =G58 -> 150 | H57: =H58 -> 150
A58: Прочая закупка товаров, работ и услуг для государственных (муниципальных) нужд | B58: 07 | C58: 07 | D58: 100 0393 | E58: 244 | G58: 150 | H58: 150
A59: Муниципальная целевая программа «Профилактика наркомании и токсикомании в городском округе Нальчик на 2014-2016 годы» | G59: =G60 -> 50 | H59: =H60 -> 50
A60: Образование | B60: 07 | G60: =G61 -> 50 | H60: =H61 -> 50
A61: Молодежная политика и оздоровление детей | B61: 07 | C61: 07 | G61: =G62 -> 50 | H61: =H62 -> 50
A62: Целевые программы муниципальных образований | B62: 07 | C62: 07 | D62: 795 0000 | G62: =G63 -> 50 | H62: =H63 -> 50
A63: Прочая закупка товаров, работ и услуг для государственных (муниципальных) нужд | B63: 07 | C63: 07 | D63: 795 0001 | E63: 244 | G63: 50 | H63: 50
A64: Муниципальная целевая программа «Противодействие коррупции в городском округе Нальчик на 2014-2016 годы» | G64: =G65 -> 50 | H64: =H65 -> 50
A65: Общегосударственные вопросы | B65: 01 | G65: =G66 -> 50 | H65: =H66 -> 50
A66: Другие общегосударственные вопросы | B66: 01 | C66: 13 | G66: =G67 -> 50 | H66: =H67 -> 50
A67: Муниципальная целевая программа «Противодействие коррупции в городском округе Нальчик на 2014-2016 годы» | B67: 01 | C67: 13 | D67: 001 1393 | G67: =G68 -> 50 | H67: =H68 -> 50
A68: Прочая закупка товаров, работ и услуг для государственных (муниципальных) нужд | B68: 01 | C68: 13 | D68: 001 1393 | E68: 244 | G68: 50 | H68: 50
A69: Муниципальная целевая программа «Доступная среда городского округа Нальчик на 2011-2016 годы» | F69: =F70 -> 100 | G69: 1638.3 | H69: 0
A70: Социальная политика | B70: 10 | F70: =F71 -> 100 | G70: =G71 -> 1638.3 | H70: =H71 -> 0
A71: Социальное обеспечение населения | B71: 10 | C71: 03 | F71: =F72 -> 100 | G71: =G72 -> 1638.3 | H71: =H72 -> 0
A72: Муниципальная целевая программа «Доступная среда городского округа Нальчик на 2011-2016 годы» | B72: 10 | C72: 03 | D72: 100 9093 | F72: =F73 -> 100 | G72: =G73 -> 1638.3 | H72: =H73 -> 0
A73: Прочая закупка товаров, работ и услуг для государственных (муниципальных) нужд | B73: 10 | C73: 03 | D73: 100 9093 | E73: 244 | F73: 100 | G73: 1638.3 | H73: 0
A74: Муниципальная целевая программа "Реформирование и модернизация ЖКХ-комплекса городского округа Нальчик на 2011-2015 годы" | F74: =F75 -> 2000 | G74: =G75 -> 25900 | H74: =H75 -> 0
A75: Жилищно-коммунальное хозяйство | B75: 05 | F75: =F76 -> 2000 | G75: =G76 -> 25900 | H75: =H76 -> 0
A76: Коммунальное хозяйство | B76: 05 | C76: 02 | F76: =F77 -> 2000 | G76: =G77 -> 25900 | H76: =H77 -> 0
A77: Целевые программы муниципальных образований | B77: 05 | C77: 02 | D77: 795 0001 | F77: =F78 -> 2000 | G77: =G78 -> 25900 | H77: =H78 -> 0
A78: Прочая закупка товаров, работ и услуг для государственных (муниципальных) нужд | B78: 05 | C78: 02 | D78: 795 0001 | E78: 244 | F78: 2000 | G78: 25900 | H78: 0
A83: Заместитель Главы городского округа Нальчик | G83: В.Б.Назранов

Sheet Ведомственная 2015-2016
A1: Приложение № 8
A2: к решению Совета местного самоуправления городского округа Нальчик
A3: "О местном бюджете городского округа Нальчик на 2014 год
A4: и на плановый период 2015 и 2016 годов"
A5: №164 от "27" декабря 2013г.
A6: ВЕДОМСТВЕННАЯ СТРУКТУРА РАСХОДОВ МЕСТНОГО БЮДЖЕТА НА ПЛАНОВЫЙ ПЕРИОД 2015 И 2016 ГОДОВ
G8: (в тыс.рублей)
A9: Наименование показателя | C9: Коды бюджетной классификации | G9: 2015 год | H9: 2016 год
B10: Гл | C10: Раздел | D10: Под-раздел | E10: Целевая статья | F10: Вид расхода
A12: 1 | B12: 2 | C12: 3 | D12: 4 | E12: 5 | F12: 6 | G12: 7 | H12: 8
A13: МЕСТНАЯ АДМИНИСТРАЦИЯ ГОРОДСКОГО ОКРУГА НАЛЬЧИК | B13: 803 | G13: =G14+G28+G35+G53+G84+G94-159367.5 -> #REF! | H13: =H14+H28+H35+H53+H84+H94-126485.1 -> #REF!
A14: ОБЩЕГОСУДАРСТВЕННЫЕ ВОПРОСЫ | C14: 01 | G14: =G15+G26 -> #REF! | H14: =H15+H26 -> #REF!
A15: Функционирование Правительства Российской Федерации, высших исполнительных органов государственной власти субъектов Российской Федерации, местных администраций | C15: 01 | D15: 04 | G15: =G16+G26 -> #REF! | H15: =H16 -> #REF!
A16: Руководство и управление в сфере установленных функций органов государственной власти субъектов Российской Федерации и органов местного самоуправления | C16: 01 | D16: 04 | E16: 002 0000 | G16: =G17+G24 -> #REF! | H16: =H17+H24 -> #REF!
A17: Центральный аппарат | C17: 01 | D17: 04 | E17: 002 0400 | G17: =G18 -> #REF! | H17: =H18 -> #REF!
A18: Центральный аппарат | C18: 01 | D18: 04 | E18: 002 0401 | G18: =G19+G20+G21+G22+G23 -> #REF! | H18: =H19+H20+H21+H22+H23 -> #REF!
A19: Фонд оплаты труда и страховые взносы | C19: 01 | D19: 04 | E19: 002 0401 | F19: 121 | G19: =прил.4!H27*105.5% -> 116635.84 | H19: =G19*105.5% -> 123050.81
A20: Иные выплаты персоналу, за исключением фонда оплаты труда | C20: 01 | D20: 04 | E20: 0020401 | F20: 122 | G20: =прил.4!#REF!*105.5% -> #REF! | H20: =G20*105% -> #REF!
A21: Прочая закупка товаров, работ и услуг для государственных (муниципальных) нужд | C21: 01 | D21: 04 | E21: 0020401 | F21: 244 | G21: 62614.8 | H21: =G21*105% -> 65745.54
A22: Уплата налога на имущество организаций и земельного налога | C22: 01 | D22: 04 | E22: 0020401 | F22: 851 | G22: =прил.4!H29*105.5% -> 1688 | H22: =G22*105% -> 1772.4
A23: Уплата прочих налогов, сборов и иных платежей | C23: 01 | D23: 04 | E23: 0020401 | F23: 852 | G23: =прил.4!#REF!*105.5% -> #REF! | H23: =G23*105% -> #REF!
A24: Глава местной администрации (исполнительно-распорядительного органа муниципального образования) | C24: 01 | D24: 04 | E24: 002 0800 | G24: =G25 -> 8361.8245 | H24: =H25 -> 8821.7248
A25: Фонд оплаты труда и страховые взносы | C25: 01 | D25: 04 | E25: 002 0800 | F25: 121 | G25: =прил.4!H25*105.5% -> 8361.8245 | H25: =G25*105.5% -> 8821.7248
A26: Муниципальная целевая программа «Противодействие коррупции в городском округе Нальчик на 2014-2016 годы» | C26: 01 | D26: 13 | G26: =G27 -> 50 | H26: =H27 -> 50
A27: Прочая закупка товаров, работ и услуг для государственных (муниципальных) нужд | C27: 01 | D27: 13 | E27: 001 1393 | F27: 244 | G27: 50 | H27: 50
A28: НАЦИОНАЛЬНАЯ БЕЗОПАСНОСТЬ И ПРАВООХРАНИТЕЛЬНАЯ ДЕЯТЕЛЬНОСТЬ | C28: 03 | G28: =G29 -> #REF! | H28: =G28*105% -> #REF!
A29: Защита населения и территорий от последствий чрезвычайных ситуаций природного и техногенного характера | C29: 03 | D29: 09 | E29: 302 9900 | G29: =G30 -> #REF! | H29: =G29*105% -> #REF!
A30: Защита населения и территорий от последствий чрезвычайных ситуаций природного и техногенного характера | C30: 03 | D30: 09 | E30: 302 9900 | G30: =G31+G32+G33+G34 -> #REF! | H30: =H31+H32+H33+H34 -> #REF!
A31: Фонд оплаты труда и страховые взносы | C31: 03 | D31: 09 | E31: 302 9900 | F31: 111 | G31: =прил.4!H57*105.5% -> 17779.071 | H31: =G31*105% -> 18668.025
A32: Прочая закупка товаров, работ и услуг для государственных (муниципальных) нужд | C32: 03 | D32: 09 | E32: 302 9900 | F32: 244 | G32: =прил.4!H58*105.5% -> 2780.2415 | H32: =G32*105% -> 2919.2536
A33: Уплата налога на имущество организаций и земельного налога | C33: 03 | D33: 09 | E33: 302 9900 | F33: 851 | G33: =прил.4!#REF!*105.5% -> #REF! | H33: =G33*105% -> #REF!
A34: Уплата прочих налогов, сборов и иных платежей | C34: 03 | D34: 09 | E34: 302 9900 | F34: 852 | G34: =прил.4!H59*105.5% -> 34.2875 | H34: =G34*105% -> 36.001875
A35: НАЦИОНАЛЬНАЯ ЭКОНОМИКА | C35: 04 | G35: =G36+G41+G49 -> #REF! | H35: =H36+H41+H49 -> #REF!
A36: Транспорт | C36: 04 | D36: 08 | G36: =G37 -> #REF! | H36: =H37 -> #REF!
A37: Учреждения по обеспечению хозяйственного обслуживания | C37: 04 | D37: 08 | E37: 093 9993 | G37: =G38+G39+G40 -> #REF! | H37: =H38+H39+H40 -> #REF!
A38: Фонд оплаты труда и страховые взносы | C38: 04 | D38: 08 | E38: 093 9993 | F38: 111 | G38: =прил.4!#REF!*105.5% -> #REF! | H38: =4039*105.5% -> 4261.145
A39: Прочая закупка товаров, работ и услуг для государственных (муниципальных) нужд | C39: 04 | D39: 08 | E39: 093 9993 | F39: 244 | G39: =прил.4!#REF!*105.5% -> #REF! | H39: =G39*105.5% -> #REF!
A40: Уплата налога на имущество организаций и земельного налога | C40: 04 | D40: 08 | E40: 093 9993 | F40: 851 | G40: =прил.4!#REF!*105.5% -> #REF! | H40: =G40*105.5% -> #REF!
A41: Дорожное хозяйство (дорожные фонды) | C41: 04 | D41: 09 | G41: =G42+G46 -> #REF! | H41: =H42+H46 -> #REF!
A42: Дорожное хозяйство | C42: 04 | D42: 09 | E42: 315 0000 | G42: =G43 -> 342579.9 | H42: =G42*105% -> 359708.89
A43: Поддержка дорожного хозяйства | C43: 04 | D43: 09 | E43: 315 0200 | G43: =G44 -> 342579.9 | H43: =G43*105% -> 359708.89
A44: Поддержка дорожного хозяйства (средства местного бюджета) | C44: 04 | D44: 09 | E44: 315 0293 | G44: =G45 -> 342579.9 | H44: =G44*105% -> 359708.89
A45: Прочая закупка товаров, работ и услуг для государственных (муниципальных) нужд | C45: 04 | D45: 09 | E45: 315 0102 | F45: 244 | G45: =прил.4!H140 -> 342579.9 | H45: =G45*105.5% -> 361421.79
A46: Целевые программы муниципальных образований | C46: 04 | D46: 09 | E46: 315 0102 | G46: =G47 -> #REF! | H46: =H47 -> #REF!
A47: Муниципальная целевая программа "Ремонт улично-дорожной сети и дворовых территорий многоквартирных домов в городском округе Нальчик в 2012-2014 годы" | C47: 04 | D47: 09 | E47: 315 0102 | G47: =G48 -> #REF! | H47: =H48 -> #REF!
A48: Прочая закупка товаров, работ и услуг для государственных (муниципальных) нужд | C48: 04 | D48: 09 | E48: 315 0102 | F48: 244 | G48: =прил.4!#REF! -> #REF! | H48: =G48 -> #REF!
A49: Другие вопросы в области национальной экономики | C49: 04 | D49: 12 | G49: =G50 -> 4000 | H49: =H50 -> 0
A50: Городская целевая программа "Развитие и поддержка малого предпринимательства в городском округе Нальчик на 2012-2015 годы" | C50: 04 | D50: 12 | E50: 345 0000 | G50: =G51 -> 4000 | H50: =H51 -> 0
A51: Субсидии на государственную поддержку малого предпринимательства (средства местного бюджета) | C51: 04 | D51: 12 | E51: 345 0193 | G51: =G52 -> 4000 | H51: =H52 -> 0
A52: Субсидии юридическим лицам (кроме государственных учреждений) и физическим лицам - производителям товаров, работ, услуг | C52: 04 | D52: 12 | E52: 345 0193 | F52: 810 | G52: 4000 | H52: 0
A53: ЖИЛИЩНО-КОММУНАЛЬНОЕ ХОЗЯЙСТВО | C53: 05 | G53: =G54+G63+G65+G76 -> #REF! | H53: =H54+H63+H65+H76 -> #REF!
A54: Жилищное хозяйство | C54: 05 | D54: 01 | G54: =G55+G61 -> #REF! | H54: =H55+H61 -> #REF!
A55: Капитальный ремонт государственного жилищного фонда субъектов Российской Федерации и муниципального жилищного фонда | C55: 05 | D55: 01 | E55: 350 0000 | G55: =G56+G59+11907 -> #REF! | H55: =H56+H59 -> #REF!
A56: Капитальный ремонт государственного жилищного фонда субъектов Российской Федерации и муниципального жилищного фонда | C56: 05 | D56: 01 | E56: 350 0200 | G56: =G57 -> 6330 | H56: =H57 -> 6678.15
A57: Капитальный ремонт государственного жилищного фонда субъектов Российской Федерации и муниципального жилищного фонда | C57: 05 | D57: 01 | E57: 350 0201 | G57: =G58 -> 6330 | H57: =H58 -> 6678.15
A58: Прочая закупка товаров, работ и услуг для государственных (муниципальных) нужд | C58: 05 | D58: 01 | E58: 350 0201 | F58: 244 | G58: =прил.4!H154*105.5% -> 6330 | H58: =G58*105.5% -> 6678.15
A59: Мероприятия в области жилищного хозяйства | C59: 05 | D59: 01 | E59: 350 0300 | G59: =G60 -> #REF! | H59: =H60 -> #REF!
A60: Мероприятия в области жилищного хозяйства | C60: 05 | D60: 01 | E60: 350 0300 | F60: 810 | G60: =прил.4!#REF!*105% -> #REF! | H60: =G60*105.5% -> #REF!
A61: Муниципальная целевая программа "Повышение пожарной безопасности муниципального жилищного фонда городского округа Нальчик на 2012-2014 годы" | C61: 05 | D61: 01 | E61: 100 7393 | G61: =G62 -> #REF! | H61: =G61 -> #REF!
A62: Прочая закупка товаров, работ и услуг для государственных (муниципальных) нужд | C62: 05 | D62: 01 | E62: 100 7393 | F62: 244 | G62: =прил.4!#REF! -> #REF! | H62: =G62 -> #REF!
A63: Муниципальная целевая программа "Реформирование и модернизация ЖКХ-комплекса г.о.Нальчик на 2011-2015годы" | C63: 05 | D63: 02 | E63: 795 8840 | G63: =G64 -> 25900 | H63: =H64 -> 27454
A64: Мероприятия в области коммунального хозяйства | C64: 05 | D64: 02 | E64: 795 8840 | F64: 244 | G64: 25900 | H64: 27454
A65: Благоустройство | C65: 05 | D65: 03 | G65: =G66 -> 119948 | H65: =H66 -> 131184.4
A66: Уличное освещение | C66: 05 | D66: 03 | E66: 600 0000 | G66: =G67+G69+G71+G71+G73 -> 119948 | H66: =H67+H69+H71+H71+H73 -> 131184.4
A67: Закупка товаров, работ, услуг в целях капитального ремонта государственного (муниципального) имущества | C67: 05 | D67: 03 | E67: 600 0100 | G67: =G68 -> 4961.6 | H67: =H68+H70 -> 16198
A68: Прочая закупка товаров, работ и услуг для государственных (муниципальных) нужд | C68: 05 | D68: 03 | E68: 600 0101 | F68: 244 | G68: =4472.2+489.4 -> 4961.6 | H68: =4472.2+489.4 -> 4961.6
A69: Озеленение | C69: 05 | D69: 03 | E69: 600 0300 | G69: =G70 -> 11236.4 | H69: =H70 -> 11236.4
A70: Прочая закупка товаров, работ и услуг для государственных (муниципальных) нужд | C70: 05 | D70: 03 | E70: 600 0300 | F70: 244 | G70: 11236.4 | H70: 11236.4
A71: Организация и содержание мест захоронения | C71: 05 | D71: 03 | E71: 600 0400 | G71: =G72 -> 25756.5 | H71: =H72 -> 25756.5
A72: Прочая закупка товаров, работ и услуг для государственных (муниципальных) нужд | C72: 05 | D72: 03 | E72: 600 0400 | F72: 244 | G72: 25756.5 | H72: 25756.5
A73: Прочие мероприятия по благоустройству городских округов и поселений | C73: 05 | D73: 03 | E73: 600 0500 | G73: =G74+G75 -> 52237 | H73: =H74+H75 -> 52237
A74: Прочая закупка товаров, работ и услуг для государственных (муниципальных) нужд | C74: 05 | D74: 03 | E74: 600 0500 | F74: 244 | G74: =прил.4!H177 -> 51287 | H74: =G74 -> 51287
A75: Бюджетные инвестиции в объекты государственной собственности казенным учреждениям вне рамок государственного оборонного заказа | C75: 05 | D75: 03 | E75: 600 0500 | F75: 411 | G75: 950 | H75: 950
A76: Другие вопросы в области жилищно-коммунального хозяйства | C76: 05 | D76: 05 | G76: =G77 -> #REF! | H76: =G76*105% -> #REF!
A77: Руководство и управление в сфере установленных функций органов государственной власти субъектов Российской Федерации и органов местного самоуправления | C77: 05 | D77: 05 | E77: 002 0000 | G77: =G78 -> #REF! | H77: =G77*105% -> #REF!
A78: Обеспечение деятельности подведомственных учреждений | C78: 05 | D78: 05 | E78: 002 9900 | G78: =G79 -> #REF! | H78: =G78*105% -> #REF!
A79: Обеспечение деятельности подведомственных учреждений | C79: 05 | D79: 05 | E79: 002 9900 | G79: =G80+G81+G82+G83 -> #REF! | H79: =G79*105% -> #REF!
A80: Фонд оплаты труда и страховые взносы | C80: 05 | D80: 05 | E80: 002 9900 | F80: 111 | G80: =прил.4!#REF!*105.5% -> #REF! | H80: =G80*105% -> #REF!
A81: Прочая закупка товаров, работ и услуг для государственных (муниципальных) нужд | C81: 05 | D81: 05 | E81: 002 9900 | F81: 244 | G81: =прил.4!H181*105.5% -> 4320.225 | H81: =G81*105% -> 4536.2362
A82: Уплата налога на имущество организаций и земельного налога | C82: 05 | D82: 05 | E82: 002 9900 | F82: 851 | G82: =прил.4!H182*105.5% -> 835.6655 | H82: =G82*105% -> 877.44877
A83: Уплата прочих налогов, сборов и иных платежей | C83: 05 | D83: 05 | E83: 002 9900 | F83: 852 | G83: =прил.4!#REF!*105.5% -> #REF! | H83: =G83*105% -> #REF!
A84: Образование | C84: 07 | G84: =G85+G87 -> 1375 | H84: =H85+H87 -> 125
A85: Долгосрочная целевая программа "Профессиональная подготовка, переподготовка и повышение квалификации муниципальных служащих Местной администрации городского округа Нальчик 2013-2015г.г." | C85: 07 | D85: 05 | E85: 436 1893 | G85: =G86 -> 400 | H85: 0
A86: Прочая закупка товаров, работ и услуг для государственных (муниципальных) нужд | C86: 07 | D86: 05 | E86: 436 1893 | F86: 244 | G86: 400 | H86: 0
A87: Целевые программы муниципальных образований | C87: 07 | D87: 07 | G87: =G88+G90+G92 -> 975 | H87: =H88+H90+H92 -> 125
A88: Муниципальная целевая программа "Профилактика терроризма и экстремизма в городском округе Нальчик на 2014-2016 годы" | C88: 07 | D88: 07 | E88: 100 0393 | G88: =G89 -> 75 | H88: =H89 -> 75
A89: Прочая закупка товаров, работ и услуг для государственных (муниципальных) нужд | C89: 07 | D89: 07 | E89: 100 0393 | F89: 244 | G89: 75 | H89: 75
A90: Городская целевая программа "Молодежь городского округа Нальчик на 2012-2015 годы" | C90: 07 | D90: 07 | E90: 431 0100 | G90: =G91 -> 850 | H90: =H91 -> 0
A91: Прочая закупка товаров, работ и услуг для государственных (муниципальных) нужд | C91: 07 | D91: 07 | E91: 431 0100 | F91: 244 | G91: 850 | H91: 0
A92: Муниципальная целевая программа «Профилактика наркомании и токсикомании в городском округе Нальчик на 2014-2016 годы» | C92: 07 | D92: 07 | G92: =G93 -> 50 | H92: =H93 -> 50
A93: Прочая закупка товаров, работ и услуг для государственных (муниципальных) нужд | C93: 07 | D93: 07 | E93: 795 0001 | F93: 244 | G93: 50 | H93: 50
A94: СОЦИАЛЬНАЯ ПОЛИТИКА | C94: 10 | G94: =G95+G99+G104 -> 28390.4 | H94: =H95+H99+H104 -> 11816.17
A95: Пенсионное обеспечение | C95: 10 | D95: 01 | G95: =G97 -> 9281.4 | H95: =G95*105% -> 9745.47
A96: Доплаты к пенсиям, дополнительное пенсионное обеспечение | C96: 10 | D96: 01 | E96: 491 0000 | G96: =G97 -> 9281.4 | H96: =G96*105% -> 9745.47
A97: Доплаты к пенсиям государственных служащих субъектов Российской Федерации и муниципальных служащих | C97: 10 | D97: 01 | E97: 491 0100 | G97: =G98 -> 9281.4 | H97: =G97*105% -> 9745.47
A98: Меры социальной поддержки населения по публичным нормативным обязательствам | C98: 10 | D98: 01 | E98: 491 0100 | F98: 312 | G98: 9281.4 | H98: =G98*105% -> 9745.47
A99: Социальное обеспечение населения | C99: 10 | D99: 03 | G99: =G100+G102 -> 17038.3 | H99: =H100+H102 -> 0
A100: Муниципальная целевая программа "Доступная среда в городском округе Нальчик на 2014-2015 годы" (средства местного бюджета) | C100: 10 | D100: 03 | E100: 100 9093 | G100: =G101 -> 1638.3 | H100: =H101 -> 0
A101: Прочая закупка товаров, работ и услуг для государственных (муниципальных) нужд | C101: 10 | D101: 03 | E101: 100 9093 | F101: 244 | G101: 1638.3 | H101: 0
A102: Подпрограмма "Обеспечение жильем молодых семей в городском округе Нальчик на 2011-2015 годы" | C102: 10 | D102: 03 | E102: 100 8823 | G102: =G103 -> 15400 | H102: =H103 -> 0
...

Sheet Прил №9
B1: Приложение № 9
A2: к решению Совета местного самоуправления городского округа Нальчик
A3: "О местном бюджете городского округа Нальчик на 2014 год и на
A4: плановый период 2015 и 2016 годов"
A5: №164 от "27" декабря 2013г.
A6: ИСТОЧНИКИ ФИНАНСИРОВАНИЯ ДЕФИЦИТА МЕСТНОГО БЮДЖЕТА НА 2014 ГОД
C10: (в тыс. руб.)
A11: Код бюджетной классификации Российской Федерации | B11: Вид заимствования | C11: Сумма
A12: 1 | B12: 2 | C12: 3
A13: 000 01 02 00 00 04 0000 710 | B13: Получение кредитов от кредитных организаций бюджетом городского округа в валюте Российской Федерации | C13: 0
A14: 000 01 02 00 00 04 0000 810 | B14: Погашение бюджетом городского округа кредитов от кредитных организаций в валюте Российской Федерации | C14: 0
A15: 000 01 03 00 00 04 0000 710 | B15: Получение бюджетных кредитов от других бюджетов бюджетной системы Российской Федерации бюджетом городского округа в валюте Российской Федерации | C15: 0
A16: 000 01 03 00 00 04 0000 810 | B16: Погашение бюджетом городского округа бюджетных кредитов от других бюджетов бюджетной системы Российской Федерации в валюте Российской Федерации | C16: 0
A17: 000 01 05 02 01 04 0000 510 | B17: Увеличение прочих остатков денежных средств бюджета городского округа | C17: 0
A18: 000 01 05 02 01 04 0000 610 | B18: Уменьшение прочих остатков денежных средств бюджета городского округа | C18: 0
A19: 000 01 06 01 00 04 0000 630 | B19: Средства от продажи акций и иных форм участия в капитале, находящихся в собственности бюджетов городских округов | C19: 73000
B20: ИТОГО: | C20: =C13-C14+C15-C16+C17+C18+C19 -> 73000
A23: Заместитель Главы городского округа Нальчик | C23: В.Б.Назранов

Sheet Прил №11
A1: Приложение № 11
A2: к решению Совета местного самоуправления городского округа Нальчик
A3: "О местном бюджете городского округа Нальчик на 2014 год и на
A4: плановый период 2015 и 2016 годов"
A5: №164 от "27" декабря 2013г.
A6: ПРОГРАММА МУНИЦИПАЛЬНЫХ ВНУТРЕННИХ ЗАИМСТВОВАНИЙ НА 2014 ГОД И ПЛАНОВЫЙ ПЕРИОД 2015 - 2016 ГОДОВ
D10: (в тыс.рублях)
A11: Код бюджетной классификации Российской Федерации | B11: Вид заимствования | C11: 2014 год | D11: 2015 год | E11: 2016 год
A12: 1 | B12: 2 | C12: 3 | D12: 3
A13: 000 01 03 00 00 04 0000 810 | B13: Погашение бюджетом городского округа бюджетных кредитов от других бюджетов бюджетной системы Российской Федерации в валюте Российской Федерации | C13: 0 | D13: 62816.3 | E13: 0
A14: Общий объем заимствований, направляемых на покрытие дефицита местного бюджета и погашение муниципальных долговых обязательств | C14: 0 | D14: 0 | E14: 0
A18: Заместитель Главы городского округа Нальчик | D18: В.Б. Назранов

Sheet Прил.№2 к Сред.срочн.плану
F1: Приложение №2
E2: к среднесрочному финансовому плану
F3: городского округа Нальчик на 2013-2015 годы
A5: ОБЪЕМЫ БЮДЖЕТНЫХ АССИГНОВАНИЙ ПО ГЛАВНЫМ РАСПОРЯДИТЕЛЯМ БЮДЖЕТНЫХ СРЕДСТВ,РАЗДЕЛАМ,ПОДРАЗДЕЛАМ,ЦЕЛЕВЫМ СТАТЬЯМ И ВИДАМ РАСХОДОВ КЛАССИФИКАЦИИ РАСХОДОВ БЮДЖЕТА
G7: (в тыс.рублей)
A9: Наименование показателя | C9: Коды бюджетной классификации | G9: Текущий финансовый год | H9: Прогноз
B10: Гл | C10: Раздел | D10: Под-раздел | E10: Целевая статья | F10: Вид расхода | H10: 2013 | I10: 2014 | J10: 2015
A12: 1 | B12: 2 | C12: 3 | D12: 4 | E12: 5 | F12: 6 | G12: 7 | H12: 8 | I12: 9 | J12: 10
A13: МЕСТНАЯ АДМИНИСТРАЦИЯ ГОРОДСКОГО ОКРУГА НАЛЬЧИК | B13: 803 | G13: =G14+G37+G48+G67+G105+G111 -> 877234.1 | H13: =754780.9+7549 -> 762329.9 | I13: 876117.5 | J13: 693740.3
A14: ОБЩЕГОСУДАРСТВЕННЫЕ ВОПРОСЫ | C14: 01 | G14: =G15+G33 -> 117739 | H14: =H15+H33 -> 106834.8 | I14: =I15+I33 -> 112172.8 | J14: =J15+J33 -> 117781.44
A15: Функционирование Правительства Российской Федерации, высших исполнительных органов государственной власти субъектов Российской Федерации, местных администраций | C15: 01 | D15: 04 | G15: =G16+G26+G28 -> 117629 | H15: =H16 -> 106724.8 | I15: 112172.8 | J15: =I15*105% -> 117781.44
A16: Руководство и управление в сфере установленных функций органов государственной власти субъектов Российской Федерации и органов местного самоуправления | C16: 01 | D16: 04 | E16: 002 0000 | G16: =G17 -> 115674.5 | H16: =H17+H26+H30 -> 106724.8 | I16: 112172.8 | J16: =I16*105% -> 117781.44
A17: Центральный аппарат | C17: 01 | D17: 04 | E17: 002 0400 | G17: =G18 -> 115674.5 | H17: =H18 -> 104781.1 | I17: =H17*105.5% -> 110544.06 | J17: =I17*105% -> 116071.26
A18: Центральный аппарат | C18: 01 | D18: 04 | E18: 002 0401 | G18: =SUM(G19:G25) -> 115674.5 | H18: =SUM(H19:H25) -> 104781.1 | I18: =H18*105.5% -> 110544.06 | J18: =I18*105% -> 116071.26
A19: Фонд оплаты труда и страховые взносы | C19: 01 | D19: 04 | E19: 002 0401 | F19: 121 | G19: 81049.3 | H19: 84796.2 | I19: =H19*105.5% -> 89459.991 | J19: =I19*105% -> 93932.991
A20: Иные выплаты персоналу, за исключением фонда оплаты труда | C20: 01 | D20: 04 | E20: 002 0401 | F20: 122 | G20: 953.3 | H20: 566 | I20: =H20*105.5% -> 597.13 | J20: =I20*105% -> 626.9865
A21: Закупка товаров, работ, услуг в сфере информационно-коммуникационных технологий | C21: 01 | D21: 04 | E21: 002 0401 | F21: 242 | G21: 3273.2 | H21: 4232 | I21: =H21*105.5% -> 4464.76 | J21: =I21*105% -> 4687.998
A22: Закупка товаров, работ, услуг в целях капитального ремонта государственного (муниципального) имущества | C22: 01 | D22: 04 | E22: 0020401 | F22: 243 | G22: 0 | H22: 448.5 | I22: =H22*105.5% -> 473.1675 | J22: =I22*105% -> 496.82587
A23: Прочая закупка товаров, работ и услуг для государственных (муниципальных) нужд | C23: 01 | D23: 04 | E23: 002 0401 | F23: 244 | G23: =28354.8+294.8 -> 28649.6 | H23: =13695.8-400 -> 13295.8 | I23: =H23*105.5% -> 14027.069 | J23: =I23*105% -> 14728.422
A24: Уплата налога наимущество организаци и земельного налога | C24: 01 | D24: 04 | E24: 002 0401 | F24: 851 | G24: 772.8 | H24: 391.9 | I24: =H24*105.5% -> 413.4545 | J24: =I24*105% -> 434.12722
A25: Уплата прочих налогов, сборов и иных платежей | C25: 01 | D25: 04 | E25: 002 0401 | F25: 852 | G25: 976.3 | H25: 1050.7 | I25: =H25*105.5% -> 1108.4885 | J25: =I25*105% -> 1163.9129
A26: Глава местной администрации (исполнительно-распорядительного органа муниципального образования) | C26: 01 | D26: 04 | E26: 002 0800 | G26: =G27 -> 1389.5 | H26: =H27 -> 1543.7 | I26: =H26*105.5% -> 1628.6035 | J26: =I26*105% -> 1710.0337
A27: Фонд оплаты труда и страховые взносы | C27: 01 | D27: 04 | E27: 002 0800 | F27: 121 | G27: 1389.5 | H27: 1543.7 | I27: =H27*105.5% -> 1628.6035 | J27: =I27*105% -> 1710.0337
A28: Резервные фрнды местных администрации | C28: 01 | D28: 04 | E28: 0700500 | G28: =G29 -> 565 | H28: 0 | I28: 0 | J28: 0
A29: Прочая закупка товаров, работ и услуг для государственных (муниципальных) нужд | C29: 01 | D29: 04 | E29: 0700500 | F29: 244 | G29: 565 | H29: 0 | I29: 0 | J29: 0
A30: Центральный аппарат | C30: 01 | D30: 04 | H30: =H31 -> 400 | I30: 400 | J30: 400
A31: Долгосрочная целевая программа "Профессиональная подготовка, переподготовка и повышение квалификации муниципальных служащих Местной администрации г.о.Нальчик 2013-2015г.г." | C31: 01 | D31: 04 | E31: 7950001 | G31: 0 | H31: =H32 -> 400 | I31: =I32 -> 400 | J31: =J32 -> 400
A32: Прочая закупка товаров, работ и услуг для государственных (муниципальных) нужд | C32: 01 | D32: 04 | E32: 7950001 | F32: 244 | G32: 0 | H32: 400 | I32: 400 | J32: 400
A33: Другие общегосударственные вопросы | C33: 01 | D33: 13 | G33: =G34 -> 110 | H33: =H34 -> 110 | I33: 0 | J33: =I33*105% -> 0
A34: Муниципальная целевая программа «Противодействие коррупции в городском округе Нальчик на 2011-2013 годы» | C34: 01 | D34: 13 | E34: 001 1393 | G34: =G35 -> 110 | H34: =H35 -> 110 | I34: 0 | J34: =I34*105% -> 0
A35: Прочая закупка товаров, работ и услуг для государственных (муниципальных) нужд | C35: 01 | D35: 13 | E35: 001 1393 | F35: 244 | G35: 110 | H35: 110 | I35: 0 | J35: =I35*105% -> 0
A36: НАЦИОНАЛЬНАЯ БЕЗОПАСНОСТЬ И ПРАВООХРАНИТЕЛЬНАЯ ДЕЯТЕЛЬНОСТЬ | C36: 03 | G36: =G37 -> 10744.4 | H36: =H38+H41 -> 11879.6 | I36: =H36*105.5% -> 12532.978 | J36: =I36*105% -> 13159.627
A37: Защита населения и территорий от чрезвычайных ситуаций природного и техногенного характера, гражданская оборона | C37: 03 | D37: 09 | G37: =G38+G40 -> 10744.4 | H37: =H38+H41 -> 11879.6 | I37: =H37*105.5% -> 12532.978 | J37: =I37*105% -> 13159.627
A38: Муниципальная целевая программа "Защита населения и территории городского округа Нальчик от пожаров, аварий, катастроф, стихийных бедствий и совершенствование гражданской обороны на период 2012-2014 годов" | C38: 03 | D38: 09 | E38: 100 7393 | G38: =G39 -> 100 | H38: =H39 -> 130 | I38: 160 | J38: 0
A39: Прочая закупка товаров, работ и услуг для государственных (муниципальных) нужд | C39: 03 | D39: 09 | E39: 100 7393 | F39: 244 | G39: 100 | H39: 130 | I39: 160 | J39: 0
A40: Защита населения и территорий от последствий чрезвычайных ситуаций природного и техногенного характера | C40: 03 | D40: 09 | E40: 302 0000 | G40: =G41 -> 10644.4 | H40: =H41 -> 11749.6 | I40: =H40*105.5% -> 12395.828 | J40: =I40*105% -> 13015.619
A41: Защита населения и территорий от последствий чрезвычайных ситуаций природного и техногенного характера | C41: 03 | D41: 09 | E41: 302 9900 | G41: =SUM(G42:G47) -> 10644.4 | H41: =SUM(H42:H47) -> 11749.6 | I41: =H41*105.5% -> 12395.828 | J41: =I41*105% -> 13015.619
A42: Фонд оплаты труда и страховые взносы | C42: 03 | D42: 09 | E42: 302 9900 | F42: 111 | G42: 8888.1 | H42: 10809.5 | I42: =H42*105.5% -> 11404.022 | J42: =I42*105% -> 11974.224
A43: Закупка товаров, работ, услуг в сфере информационно-коммуникационных технологий | C43: 03 | D43: 09 | E43: 302 9900 | F43: 242 | G43: 142.5 | H43: 220.8 | I43: =H43*105.5% -> 232.944 | J43: =I43*105% -> 244.5912
A44: Закупка товаров, работ, услуг в целях капитального ремонта государственного (муниципального) имущества | C44: 03 | D44: 09 | E44: 302 9900 | F44: 243 | G44: 405.7 | H44: 84 | I44: =H44*105.5% -> 88.62 | J44: =I44*105% -> 93.051
A45: Прочая закупка товаров, работ и услуг для государственных (муниципальных) нужд | C45: 03 | D45: 09 | E45: 302 9900 | F45: 244 | G45: 1157.7 | H45: 583.1 | I45: =H45*105.5% -> 615.1705 | J45: =I45*105% -> 645.92903
A46: Уплата налога наимущество организаци и земельного налога | C46: 03 | D46: 09 | E46: 302 9900 | F46: 851 | G46: 40.8 | H46: 41.7 | I46: =H46*105.5% -> 43.9935 | J46: =I46*105% -> 46.193175
A47: Уплата прочих налогов, сборов и иных платежей | C47: 03 | D47: 09 | E47: 302 9900 | F47: 852 | G47: 9.6 | H47: 10.5 | I47: =H47*105.5% -> 11.0775 | J47: =I47*105% -> 11.631375
A48: НАЦИОНАЛЬНАЯ ЭКОНОМИКА | C48: 04 | G48: =G49+G55+G63 -> 343882.5 | H48: =H49+H55+H63 -> 180815.9 | I48: =I49+I55+I63 -> 155903.21 | J48: =J49+J55+J63 -> 30825.939
A49: Транспорт | C49: 04 | D49: 08 | G49: =G50+G52 -> 6069.3 | H49: =H50 -> 5000 | I49: =I50 -> 5000 | J49: =J50 -> 0
A50: Муниципальная целевая программа "Финансово-хозяйственное развитие МУП "Троллейбусное управление» городского округа Нальчик в 2012-2014 годах» | C50: 04 | D50: 08 | E50: 181 0793 | G50: =G51 -> 5000 | H50: =H51 -> 5000 | I50: =I51 -> 5000 | J50: =J51 -> 0
A51: Субсидии юридическим лицам (кроме государственных учреждений) и физическим лицам - производителям товаров, работ, услуг | C51: 04 | D51: 08 | E51: 181 0793 | F51: 810 | G51: 5000 | H51: 5000 | I51: 5000 | J51: 0
A52: Целевые программы муниципальных образований | C52: 04 | D52: 08 | E52: 795 0000 | G52: =G53 -> 1069.3 | H52: 0 | I52: =H52*105.5% -> 0 | J52: =I52*105% -> 0
A53: Муниципальная целевая программа «Финансово-хозяйственное развитие МУП «НальчикАвтобусТранс в 2012-2014 годах» | C53: 04 | D53: 08 | E53: 795 0001 | G53: =G54 -> 1069.3 | H53: 0 | I53: =H53*105.5% -> 0 | J53: =I53*105% -> 0
A54: Субсидии юридическим лицам (кроме государственных учреждений) и физическим лицам - производителям товаров, работ, услуг | C54: 04 | D54: 08 | E54: 795 0001 | F54: 810 | G54: 1069.3 | H54: 0 | I54: =H54*105.5% -> 0 | J54: =I54*105% -> 0
A55: Дорожное хозяйство (дорожные фонды) | C55: 04 | D55: 09 | G55: =G56+G60 -> 335213.2 | H55: =H56+H60 -> 172815.9 | I55: =I56+I60 -> 147403.21 | J55: =J56+J60 -> 26825.939
A56: Содержание и управление дорожным хозяйством | C56: 04 | D56: 09 | E56: 315 0100 | G56: =G57 -> 117388.4 | H56: =H57 -> 24216.6 | I56: =I57 -> 25548.513 | J56: =I56*105% -> 26825.939
A57: Капитальный ремонт, ремонт и содержание автомобильных дорог общего пользования муниципального значения | C57: 04 | D57: 09 | E57: 315 0102 | G57: =G58+G59 -> 117388.4 | H57: =H58+H59 -> 24216.6 | I57: =H57*105.5% -> 25548.513 | J57: =I57*105% -> 26825.939
A58: Закупка товаров, работ, услуг в целях капитального ремонта государственного (муниципального) имущества | C58: 04 | D58: 09 | E58: 315 0102 | F58: 243 | G58: 96967.7 | H58: 5440.5 | I58: =H58*105.5% -> 5739.7275 | J58: =I58*105% -> 6026.7139
A59: Прочая закупка товаров, работ и услуг для государственных (муниципальных) нужд | C59: 04 | D59: 09 | E59: 315 0102 | F59: 244 | G59: 20420.7 | H59: 18776.1 | I59: =H59*105.5% -> 19808.785 | J59: =I59*105% -> 20799.225
A60: Целевые программы муниципальных образований | C60: 04 | D60: 09 | E60: 795 0000 | G60: =G61 -> 217824.8 | H60: =H61 -> 148599.3 | I60: =I61 -> 121854.7 | J60: =J61 -> 0
A61: Муниципальная целевая программа "Ремонт улично-дорожной сети и дворовых территорий многоквартирных домов в городском округе Нальчик в 2012-2014 годы" | C61: 04 | D61: 09 | E61: 795 0001 | G61: =G62 -> 217824.8 | H61: =H62 -> 148599.3 | I61: =I62 -> 121854.7 | J61: =J62 -> 0
A62: Закупка товаров, работ, услуг в целях капитального ремонта государственного (муниципального) имущества | C62: 04 | D62: 09 | E62: 795 0001 | F62: 243 | G62: 217824.8 | H62: 148599.3 | I62: =212448.2-90593.5 -> 121854.7 | J62: 0
A63: Другие вопросы в области национальной экономики | C63: 04 | D63: 12 | G63: =G64 -> 2600 | H63: =H64 -> 3000 | I63: =I64 -> 3500 | J63: =J64 -> 4000
A64: Субсидии на государственную поддержку малого предпринимательства | C64: 04 | D64: 12 | E64: 345 0000 | G64: =G65 -> 2600 | H64: =H65 -> 3000 | I64: =I65 -> 3500 | J64: =J65 -> 4000
A65: Городская целевая программа "Развитие и поддержка малого предпринимательства в городском округе Нальчик на 2012-2015 годы" | C65: 04 | D65: 12 | E65: 345 0193 | G65: =G66 -> 2600 | H65: =H66 -> 3000 | I65: =I66 -> 3500 | J65: =J66 -> 4000
A66: Субсидии юридическим лицам (кроме государственных учреждений) и физическим лицам - производителям товаров, работ, услуг | C66: 04 | D66: 12 | E66: 345 0193 | F66: 810 | G66: 2600 | H66: 3000 | I66: 3500 | J66: 4000
A67: ЖИЛИЩНО-КОММУНАЛЬНОЕ ХОЗЯЙСТВО | C67: 05 | G67: =G68+G83+G96+G76 -> 379031.4 | H67: =H68+H83+H96+H81 -> 426544.1 | I67: =I68+I83+I96+I81 -> 495408.22 | J67: =J68+J83+J96+J81 -> 480033.63
A68: Жилищное хозяйство | C68: 05 | D68: 01 | G68: =G69+G72+G74 -> 69525.5 | H68: =H69+H74 -> 45616.3 | I68: =I69+I74+I72 -> 93100.893 | J68: =J69+J74+J72 -> 55755.938
A69: Капитальный ремонт государственного жилищного фонда субъектов Российской Федерации и муниципального жилищного фонда | C69: 05 | D69: 01 | E69: 350 0000 | G69: =G70 -> 46108.2 | H69: =H70+H72 -> 35616.3 | I69: =I70+I72 -> 37575.196 | J69: =J70+J72 -> 39453.956
A70: Капитальный ремонт государственного жилищного фонда субъектов Российской Федерации и муниципального жилищного фонда | C70: 05 | D70: 01 | E70: 350 0200 | G70: =G71 -> 46108.2 | H70: =H71 -> 20900 | I70: =H70*105.5% -> 22049.5 | J70: =I70*105% -> 23151.975
A71: Закупка товаров, работ, услуг в целях капитального ремонта государственного (муниципального) имущества | C71: 05 | D71: 01 | E71: 350 0200 | F71: 243 | G71: 46108.2 | H71: 20900 | I71: =H71*105.5% -> 22049.5 | J71: =I71*105% -> 23151.975
A72: Мероприятия в области жилищного хозяйства | C72: 05 | D72: 01 | E72: 350 0300 | G72: =G73 -> 13563.5 | H72: =H73 -> 14716.3 | I72: =H72*105.5% -> 15525.696 | J72: =I72*105% -> 16301.981
A73: Субсидии юридическим лицам (кроме государственных учреждений) и физическим лицам - производителям товаров, работ, услуг | C73: 05 | D73: 01 | E73: 350 0300 | F73: 810 | G73: 13563.5 | H73: 14716.3 | I73: =H73*105.5% -> 15525.696 | J73: =I73*105% -> 16301.981
A74: Муниципальная целевая программа "Повышение пожарной безопасности муниципального жилищного фонда городского округа Нальчик на 2012-2014 годы" | C74: 05 | D74: 01 | E74: 795 0001 | G74: =G75 -> 9853.8 | H74: =H75 -> 10000 | I74: 40000
A75: Прочая закупка товаров, работ и услуг для государственных (муниципальных) нужд | C75: 05 | D75: 01 | E75: 795 0001 | F75: 244 | G75: 9853.8 | H75: 10000 | I75: 40000
A76: Коммунальное хозяйство | C76: 05 | D76: 02 | G76: =G79 -> 1695 | I76: =I79+I81 -> 22900 | J76: =J79+J81 -> 25900
A77: Муниципальная целевая программа "Энергосбережение в городском округе Нальчик на 2011 - 2015 годы" | C77: 05 | D77: 02 | E77: 092 3493 | I77: =H77*105.5% -> 0 | J77: =I77*105% -> 0
A78: Прочая закупка товаров, работ и услуг для государственных (муниципальных) нужд | C78: 05 | D78: 02 | E78: 092 3493 | F78: 244 | I78: =H78*105.5% -> 0 | J78: =I78*105% -> 0
A79: Мероприятия в области коммунального хозяйства | C79: 05 | D79: 02 | E79: 3510500 | G79: =G80 -> 1695
A80: Прочая закупка товаров, работ и услуг для государственных (муниципальных) нужд | C80: 05 | D80: 02 | E80: 3510500 | F80: 244 | G80: 1695
A81: Муниципальная целевая программа "Реформирование и модернизация ЖКХ-комплекса г.о.Нальчик на 2011-2015 годы" | C81: 05 | D81: 02 | E81: 795 0001 | G81: 0 | H81: =H82 -> 21300 | I81: 22900 | J81: 25900
A82: Прочая закупка товаров, работ и услуг для государственных (муниципальных) нужд | C82: 05 | D82: 02 | E82: 795 0001 | F82: 243 | G82: 0 | H82: 21300 | I82: 22900 | J82: 25900
A83: Благоустройство | C83: 05 | D83: 03 | G83: =G84 -> 279626.1 | H83: =H84 -> 330697.8 | I83: =H83*105.5% -> 348886.18 | J83: =J84 -> 366330.49
A84: Благоустройство | C84: 05 | D84: 03 | E84: 600 0000 | G84: =G85+G88+G90+G92 -> 279626.1 | H84: =H85+H88+H90+H92 -> 330697.8 | I84: =H84*105.5% -> 348886.18 | J84: =I84*105% -> 366330.49
A85: Уличное освещение | C85: 05 | D85: 03 | E85: 600 0100 | G85: =G86+G87 -> 60718.7 | H85: =SUM(H86:H87) -> 67815.1 | I85: =H85*105.5% -> 71544.931 | J85: =I85*105% -> 75122.177
A86: Закупка товаров, работ, услуг в целях капитального ремонта государственного (муниципального) имущества | C86: 05 | D86: 03 | E86: 600 0100 | F86: 243 | G86: 0 | H86: 16502.1 | I86: =H86*105.5% -> 17409.715 | J86: =I86*105% -> 18280.201
A87: Прочая закупка товаров, работ и услуг для государственных (муниципальных) нужд | C87: 05 | D87: 03 | E87: 600 0100 | F87: 244 | G87: 60718.7 | H87: 51313 | I87: =H87*105.5% -> 54135.215 | J87: =I87*105% -> 56841.976
A88: Озеленение | C88: 05 | D88: 03 | E88: 600 0300 | G88: =G89 -> 53153 | H88: =H89 -> 53000 | I88: =H88*105.5% -> 55915 | J88: =I88*105% -> 58710.75
A89: Прочая закупка товаров, работ и услуг для государственных (муниципальных) нужд | C89: 05 | D89: 03 | E89: 600 0300 | F89: 244 | G89: 53153 | H89: 53000 | I89: =H89*105.5% -> 55915 | J89: =I89*105% -> 58710.75
A90: Организация и содержание мест захоронения | C90: 05 | D90: 03 | E90: 600 0400 | G90: =G91 -> 5593.5 | H90: =H91 -> 7440.6 | I90: =H90*105.5% -> 7849.833 | J90: =I90*105% -> 8242.3247
A91: Прочая закупка товаров, работ и услуг для государственных (муниципальных) нужд | C91: 05 | D91: 03 | E91: 600 0400 | F91: 244 | G91: 5593.5 | H91: 7440.6 | I91: =H91*105.5% -> 7849.833 | J91: =I91*105% -> 8242.3247
A92: Прочие мероприятия по благоустройству городских округов и поселений | C92: 05 | D92: 03 | E92: 600 0500 | G92: =G93+G94+G95 -> 160160.9 | H92: =SUM(H93:H95) -> 202442.1 | I92: =H92*105.5% -> 213576.42 | J92: =I92*105% -> 224255.24
A93: Закупка товаров, работ, услуг в целях капитального ремонта государственного (муниципального) имущества | C93: 05 | D93: 03 | E93: 600 0500 | F93: 243 | G93: 6663.4 | H93: 36080.8 | I93: =H93*105.5% -> 38065.244 | J93: =I93*105% -> 39968.506
A94: Прочая закупка товаров, работ и услуг для государственных (муниципальных) нужд | C94: 05 | D94: 03 | E94: 600 0500 | F94: 244 | G94: 138838 | H94: 122861.3 | I94: =H94*105.5% -> 129618.67 | J94: =136099.6+62816.1 -> 198915.7
A95: Бюджетные инвестиции в объекты государственной собственности казенным учреждениям вне рамок государственного оборонного заказа | C95: 05 | D95: 03 | E95: 600 0500 | F95: 411 | G95: 14659.5 | H95: 43500 | I95: =H95*105.5% -> 45892.5 | J95: =I95*105% -> 48187.125
A96: Другие вопросы в области жилищно-коммунального хозяйства | C96: 05 | D96: 05 | G96: =G97 -> 28184.8 | H96: =H97 -> 28930 | I96: =H96*105.5% -> 30521.15 | J96: =I96*105% -> 32047.207
A97: Руководство и управление в сфере установленных функций органов государственной власти субъектов Российской Федерации и органов местного самоуправления | C97: 05 | D97: 05 | E97: 002 0000 | G97: =G98 -> 28184.8 | H97: =H98 -> 28930 | I97: =H97*105.5% -> 30521.15 | J97: =I97*105% -> 32047.207
A98: Обеспечение деятельности подведомственных учреждений | C98: 05 | D98: 05 | E98: 002 9900 | G98: =SUM(G99:G104) -> 28184.8 | H98: =SUM(H99:H103) -> 28930 | I98: =H98*105.5% -> 30521.15 | J98: =I98*105% -> 32047.207
A99: Фонд оплаты труда и страховые взносы | C99: 05 | D99: 05 | E99: 002 9900 | F99: 111 | G99: 21606.3 | H99: 23196.1 | I99: =H99*105.5% -> 24471.885 | J99: =I99*105% -> 25695.48
A100: Закупка товаров, работ, услуг в сфере информационно-коммуникационных технологий | C100: 05 | D100: 05 | E100: 002 9900 | F100: 242 | G100: 605.6 | H100: 513.2 | I100: =H100*105.5% -> 541.426 | J100: =I100*105% -> 568.4973
A101: Прочая закупка товаров, работ и услуг для государственных (муниципальных) нужд | C101: 05 | D101: 05 | E101: 002 9900 | F101: 243 | H101: 180.6 | I101: =H101*105.5% -> 190.533 | J101: =I101*105% -> 200.05965
A102: Прочая закупка товаров, работ и услуг для государственных (муниципальных) нужд | C102: 05 | D102: 05 | E102: 002 9900 | F102: 244 | G102: 2802.9 | H102: 2400.1 | I102: =H102*105.5% -> 2532.1055 | J102: =I102*105% -> 2658.7108
A103: Уплата налога наимущество организаци и земельного налога | C103: 05 | D103: 05 | E103: 002 9900 | F103: 851 | G103: 3040 | H103: 2640 | I103: =H103*105.5% -> 2785.2 | J103: =I103*105% -> 2924.46
A104: Уплата прочих налогов, сборов и иных платежей | C104: 05 | D104: 05 | E104: 002 9900 | F104: 852 | G104: 130 | H104: 0 | I104: =H104*105.5% -> 0 | J104: =I104*105% -> 0
...

Sheet Прилож.№ 10
A1: Приложение №10
A2: к решению Совета местного самоуправления
A3: городского округа Нальчик "О местном бюджете
A4: городского округа Нальчик на 2014 год и на
A5: плановый период 2015 и 2016 годов"
B6: №164 от "27" декабря 2013г.
A7: ИСТОЧНИКИ ФИНАНСИРОВАНИЯ ДЕФИЦИТА МЕСТНОГО БЮДЖЕТА НА ПЛАНОВЫЙ ПЕРИОД 2015 И 2016 ГОДОВ
D9: (в тыс. руб.)
A10: Код бюджетной классификации Российской Федерации | B10: Вид заимствования | C10: 2015 год | D10: 2016 год
A11: 1 | B11: 2 | C11: 3 | D11: 3
A12: 000 01 02 00 00 04 0000 710 | B12: Получение кредитов от кредитных организаций бюджетом городского округа в валюте Российской Федерации | C12: 0 | D12: 0
A13: 000 01 02 00 00 04 0000 810 | B13: Погашение бюджетом городского округа кредитов от кредитных организаций в валюте Российской Федерации | C13: 0 | D13: 0
A14: 000 01 03 00 00 04 0000 710 | B14: Получение бюджетных кредитов от других бюджетов бюджетной системы Российской Федерации бюджетом городского округа в валюте Российской Федерации | C14: 0 | D14: 0
A15: 000 01 03 00 00 04 0000 810 | B15: Погашение бюджетом городского округа бюджетных кредитов от других бюджетов бюджетной системы Российской Федерации в валюте Российской Федерации | C15: 62816.3
A16: 000 01 05 02 01 04 0000 510 | B16: Увеличение прочих остатков денежных средств бюджета городского округа | C16: 0 | D16: 0
A17: 000 01 05 02 01 04 0000 610 | B17: Уменьшение прочих остатков денежных средств бюджета городского округа | C17: 0 | D17: 0
A18: 000 01 06 01 00 04 0000 630 | B18: Средства от продажи акций и иных форм участия в капитале, находящихся в собственности бюджетов городских округов | C18: 62816.3
B19: ИТОГО: | C19: =C18+C17+C16-C15 -> 0 | D19: =D12-D13+D14-D15+D16+D17+D18 -> 0
A22: Заместитель Главы городского округа Нальчик | C22: В.Б.Назранов

Sheet прил. 7
F1: Приложение № 7
F2: к решению Совета местного самоуправления
F3: городского округа Нальчик "О внесении изменений
F4: в решение Совета местного самоуправления городского округа
F5: Нальчик от 25.12.2018г. №191 "О местном бюджете городского
F6: округа Нальчик на 2019 год и на плановый период 2020 и 2021 годов"
F7: от " 13 " декабря 2019г. № 277
A10: РАСПРЕДЕЛЕНИЕ БЮДЖЕТНЫХ АССИГНОВАНИЙ
A11: ПО РАЗДЕЛАМ И ПОДРАЗДЕЛАМ КЛАССИФИКАЦИИ РАСХОДОВ МЕСТНОГО БЮЖЕТА
A12: НА 2019 ГОД И НА ПЛАНОВЫЙ ПЕРИОД 2020 И 2021 ГОДОВ
F14: (в тыс. рублей)
A15: Наименование показателя | B15: Коды бюджетной классификации Российской Федерации | D15: 2019 год | E15: 2020 год | F15: 2021 год
B16: Раздел | C16: Подраздел
A17: 1 | B17: 2 | C17: 3 | D17: 4 | E17: 5 | F17: 6
A18: Условно утвержденные расходы | D18: ='прил.6 '!D20 -> 0 | E18: ='прил.6 '!E20 -> 42750 | F18: ='прил.6 '!F20 -> 78720
A19: ОБЩЕГОСУДАРСТВЕННЫЕ ВОПРОСЫ | B19: 01 | C19: 00 | D19: =D20+D21+D22+D23+D24 -> 224503.6 | E19: =E20+E21+E22+E23+E24 -> 252319.9 | F19: =F20+F21+F22+F23+F24 -> 241026.7
A20: Функционирование законодательных (представительных) органов государственной власти и представительных органов муниципальных образований | B20: 01 | C20: 03 | D20: =прил.5!F25 -> 6675.7 | E20: =прил.5!G25 -> 6967.1 | F20: =прил.5!H25 -> 6967.1
A21: Функционирование Правительства Российской Федерации, высших исполнительных органов государственной власти субъектов Российской Федерации, местных администраций | B21: 01 | C21: 04 | D21: =прил.5!F30 -> 137384.9 | E21: =прил.5!G30 -> 145171.4 | F21: =прил.5!H30 -> 145171.4
A22: Обеспечение деятельности финансовых, налоговых и таможенных органов и органов финансового (финансово-бюджетного) надзора | B22: 01 | C22: 06 | D22: =прил.5!F39 -> 19599.8 | E22: =прил.5!G39 -> 20685.4 | F22: =прил.5!H39 -> 20685.4
A23: Резервные фонды | B23: 01 | C23: 11 | D23: =прил.5!F48 -> 2277.9 | E23: =прил.5!G48 -> 5000 | F23: =прил.5!H48 -> 5000
A24: Другие общегосударственные вопросы | B24: 01 | C24: 13 | D24: =прил.5!F51 -> 58565.3 | E24: =прил.5!G51 -> 74496 | F24: =прил.5!H51 -> 63202.8
A25: НАЦИОНАЛЬНАЯ БЕЗОПАСНОСТЬ И ПРАВООХРАНИТЕЛЬНАЯ ДЕЯТЕЛЬНОСТЬ | B25: 03 | C25: 00 | D25: =D26+D27 -> 19792.9 | E25: =E26+E27 -> 21494.9 | F25: =F26+F27 -> 21494.9
A26: Защита населения и территории от чрезвычайных ситуаций природного и техногенного характера, гражданская оборона | B26: 03 | C26: 09 | D26: =прил.5!F93 -> 19692.9 | E26: =прил.5!G93 -> 21394.9 | F26: =прил.5!H93 -> 21394.9
A27: Обеспечение пожарной безопасности | B27: 03 | C27: 10 | D27: =прил.5!F100 -> 100 | E27: =прил.5!G100 -> 100 | F27: =прил.5!H100 -> 100
A28: НАЦИОНАЛЬНАЯ ЭКОНОМИКА | B28: 04 | C28: 00 | D28: =D29+D30+D31 -> 1086191 | E28: =E29+E30+E31 -> 918484.2 | F28: =F29+F30+F31 -> 881159.8
A29: Транспорт | B29: 04 | C29: 08 | D29: =прил.5!F104 -> 28000 | E29: =прил.5!G104 -> 20000 | F29: =прил.5!H104 -> 20000
A30: Дорожное хозяйство (Дорожные фонды) | B30: 04 | C30: 09 | D30: =прил.5!F107 -> 963994 | E30: =прил.5!G107 -> 847401.1 | F30: =прил.5!H107 -> 861159.8
A31: Другие вопросы в области национальной экономики | B31: 04 | C31: 12 | D31: =прил.5!F125 -> 94197 | E31: =прил.5!G125 -> 51083.1 | F31: =прил.5!H125 -> 0
A32: ЖИЛИЩНО-КОММУНАЛЬНОЕ ХОЗЯЙСТВО | B32: 05 | C32: 00 | D32: =D33+D34+D35+D36 -> 368143.9 | E32: =E33+E34+E35+E36 -> 217628.1 | F32: =F33+F34+F35+F36 -> 149555.3
A33: Жилищное хозяйство | B33: 05 | C33: 01 | D33: =прил.5!F131 -> 155737.7 | E33: =прил.5!G131 -> 82548 | F33: =прил.5!H131 -> 61139.2
A34: Коммунальное хозяйство | B34: 05 | C34: 02 | D34: =прил.5!F144 -> 93596.2 | E34: =прил.5!G144 -> 26664 | F34: =прил.5!H144 -> 0
A35: Благоустройство | B35: 05 | C35: 03 | D35: =прил.5!F151 -> 81287.2 | E35: =прил.5!G151 -> 76271.1 | F35: =прил.5!H151 -> 56271.1
A36: Другие вопросы в области жилищно-коммунального хозяйства | B36: 05 | C36: 05 | D36: =прил.5!F163 -> 37522.8 | E36: =прил.5!G163 -> 32145 | F36: =прил.5!H163 -> 32145
A37: ОБРАЗОВАНИЕ | B37: 07 | C37: 00 | D37: =D38+D39+D42+D43+D41+D40 -> 2407953.9 | E37: =E38+E39+E42+E43+E41+E40 -> 2380029.9 | F37: =F38+F39+F42+F43+F41+F40 -> 2366051.7
A38: Дошкольное образование | B38: 07 | C38: 01 | D38: =прил.5!F173 -> 1010156.6 | E38: =прил.5!G173 -> 1054849 | F38: =прил.5!H173 -> 1052705.5
A39: Общее образование | B39: 07 | C39: 02 | D39: =прил.5!F189 -> 1246960.9 | E39: =прил.5!G189 -> 1171293.1 | F39: =прил.5!H189 -> 1159933.4
A40: Дополнительное образование | B40: 07 | C40: 03 | D40: =прил.5!F209 -> 132387.7 | E40: =прил.5!G209 -> 135416.7 | F40: =прил.5!H209 -> 135416.7
A41: Профессиональная подготовка, переподготовка и повышение квалификации | B41: 07 | C41: 05 | D41: =прил.5!F222 -> 3461.9 | E41: =прил.5!G222 -> 3461.9 | F41: =прил.5!H222 -> 3461.9
A42: Молодежная политика и оздоровление детей | B42: 07 | C42: 07 | D42: =прил.5!F225 -> 2527.8 | E42: =прил.5!G225 -> 2751.1 | F42: =прил.5!H225 -> 2276.1
A43: Другие вопросы в области образования | B43: 07 | C43: 09 | D43: =прил.5!F239 -> 12459 | E43: =прил.5!G239 -> 12258.1 | F43: =прил.5!H239 -> 12258.1
A44: КУЛЬТУРА, КИНЕМАТОГРАФИЯ | B44: 08 | C44: 00 | D44: =D45+D46 -> 156941.5 | E44: =E45+E46 -> 136194.6 | F44: =F45+F46 -> 139539.6
A45: Культура | B45: 08 | C45: 01 | D45: =прил.5!F247 -> 150582.7 | E45: =прил.5!G247 -> 130392.6 | F45: =прил.5!H247 -> 133737.6
A46: =[1]прил.2!A191 -> Другие вопросы в области культуры и кинематографии | B46: 08 | C46: 04 | D46: =прил.5!F270 -> 6358.8 | E46: =прил.5!G270 -> 5802 | F46: =прил.5!H270 -> 5802
A47: СОЦИАЛЬНАЯ ПОЛИТИКА | B47: 10 | C47: 00 | D47: =D48+D49+D50+D51 -> 48822.5 | E47: =E48+E49+E50+E51 -> 45541 | F47: =F48+F49+F50+F51 -> 49898.8
A48: Пенсионное обеспечение | B48: 10 | C48: 01 | D48: =прил.5!F276 -> 8822.6 | E48: =прил.5!G276 -> 9000 | F48: =прил.5!H276 -> 9000
A49: Социальное обеспечение населения | B49: 10 | C49: 03 | D49: =прил.5!F279 -> 15734.4 | E49: =прил.5!G279 -> 5500 | F49: =прил.5!H279 -> 5500
A50: Охрана семьи и детства | B50: 10 | C50: 04 | D50: =прил.5!F282 -> 16865 | E50: =прил.5!G282 -> 23610.2 | F50: =прил.5!H282 -> 27235
A51: Другие вопросы в области социальной политики | B51: 10 | C51: 06 | D51: =прил.5!F289 -> 7400.5 | E51: =прил.5!G289 -> 7430.8 | F51: =прил.5!H289 -> 8163.8
A52: =[1]прил.2!A289 -> ФИЗИЧЕСКАЯ КУЛЬТУРА И СПОРТ | B52: 11 | C52: 00 | D52: =D53+D55+D54 -> 98900.1 | E52: =E53+E55+E54 -> 86609.8 | F52: =F53+F55+F54 -> 35055.7
A53: Физическая культура | B53: 11 | C53: 01 | D53: =прил.5!F296 -> 79542.8 | E53: =прил.5!G296 -> 83843.9 | F53: =прил.5!H296 -> 32289.8
A54: Массовый спорт | B54: 11 | C54: 02 | D54: =прил.4!G369+прил.4!G183 -> 17226.5 | E54: =прил.4!H369+прил.4!H183 -> 0 | F54: =прил.4!I369+прил.4!I183 -> 0
A55: Другие вопросы в области физической культуры и спорта | B55: 11 | C55: 05 | D55: =прил.5!F312 -> 2130.8 | E55: =прил.5!G312 -> 2765.9 | F55: =прил.5!H312 -> 2765.9
A56: СРЕДСТВА МАССОВОЙ ИНФОРМАЦИИ | B56: 12 | C56: 00 | D56: =D57 -> 6779.1 | E56: =E57 -> 6948.2 | F56: =F57 -> 6956.1
A57: Периодическая печать и издательства | B57: 12 | C57: 02 | D57: =прил.5!F318 -> 6779.1 | E57: =прил.5!G318 -> 6948.2 | F57: =прил.5!H318 -> 6956.1
A58: ОБСЛУЖИВАНИЕ ГОСУДАРСТВЕННОГО И МУНИЦИПАЛЬНОГО ДОЛГА | B58: 13 | C58: 00 | D58: =D59 -> 1458.3 | E58: =E59 -> 8750 | F58: =F59 -> 8750
A59: Обслуживание государственного внутреннего и муниципального долга | B59: 13 | C59: 01 | D59: =прил.5!F326 -> 1458.3 | E59: =прил.5!G326 -> 8750 | F59: =прил.5!H326 -> 8750
A60: ВСЕГО | D60: =D19+D25+D28+D32+D37+D44+D47+D52+D57+D18+D58 -> 4419486.8 | E60: =E19+E25+E28+E32+E37+E44+E47+E52+E57+E18+E58 -> 4116750.6 | F60: =F19+F25+F28+F32+F37+F44+F47+F52+F57+F18+F58 -> 3978208.6
A63: заместитель Главы городского округа Нальчик-
A64: заместитель Председателя Совета местного самоуправления
A65: городского округа Нальчик В.Б.Назранов

Sheet прил.8
H1: Приложение № 8
H2: к решению Совета местного самоуправления
H3: городского округа Нальчик "О внесении изменений
H4: в решение Совета местного самоуправления городского округа
H5: Нальчик от 25.12.2018г. №191 "О местном бюджете городского
H6: округа Нальчик на 2019 год и на плановый период 2020 и 2021 годов"
H7: от " 13 " декабря 2019г. №277
A8: РАСПРЕДЕЛЕНИЕ БЮДЖЕТНЫХ АССИГНОВАНИЙ
A9: НА ОСУЩЕСТВЛЕНИЕ БЮДЖЕТНЫХ ИНВЕСТИЦИЙ В ОБЪЕКТЫ КАПИТАЛЬНОГО СТРОИТЕЛЬСТВА
A10: МУНИЦИПАЛЬНОЙ СОБСТВЕННОСТИ ГОРОДСКОГО ОКРУГА НАЛЬЧИК
A11: НА 2019 ГОД И НА ПЛАНОВЫЙ ПЕРИОД 2020 И 2021 ГОДОВ
H12: (в тыс. рублей)
A13: Наименование объекта | B13: Раздел | C13: Под-раздел | D13: Целевая статья | E13: Вид расхода | F13: Сумма
F14: 2019 год | G14: 2020 год | H14: 2021 год
A15: 1 | B15: 2 | C15: 3 | D15: 4 | E15: 5 | F15: 6 | G15: 7 | H15: 8
A16: Строительство городской улицы на месте 20-го ходового пути от ул. Мальбахова до примыкания к ул. Калюжного и реконструкция ул. Калюжного от пересечения с ул. Головко до ул. Эльбрусской (2-я очередь) софинансирование из местного бюджета | B16: 04 | C16: 09 | D16: 2420473010 | E16: 400 | F16: 27897.5 | G16: 0 | H16: 0
A17: Строительство сетей электроснабжения жилой застройки в продолжение микрорайона Нарт жилого района Вольный Аул (2018 - 2019 гг.) | B17: 05 | C17: 02 | D17: 520299998 | E17: 400 | F17: 40880.7 | G17: 0 | H17: 0
A18: Строительство (устройство) трех многофункциональных площадок с детскими спортивно-оздоровительными комплексами и зонами воркаута | B18: 11 | C18: 02 | D18: 136P554950 | E18: 400 | F18: 17076.5
A19: Модернизация здания театра юного зрителя | B19: 08 | C19: 01 | F19: =прил.4!G238 -> 0 | G19: =прил.4!H238 -> 239.1 | H19: =прил.4!I238 -> 40989.5
A20: ИТОГО: | F20: =SUM(F16:F19) -> 85854.7 | G20: =SUM(G19:G19) -> 239.1 | H20: =SUM(H19:H19) -> 40989.5
A22: заместитель Главы городского округа Нальчик-
A23: заместитель Председателя Совета местного самоуправления
A24: городского округа Нальчик В.Б.Назранов

Sheet прил.9
E1: Приложение № 9
E2: к решению Совета местного самоуправления
E3: городского округа Нальчик "О внесении изменений
E4: в решение Совета местного самоуправления городского округа
E5: Нальчик от 25.12.2018г. №191 "О местном бюджете городского
E6: округа Нальчик на 2019 год и на плановый период 2020 и 2021 годов"
E7: от " 13 " декабря 2019г. №277
A9: ИСТОЧНИКИ ФИНАНСИРОВАНИЯ ДЕФИЦИТА МЕСТНОГО БЮДЖЕТА
A10: НА 2019 ГОД И НА ПЛАНОВЫЙ ПЕРИОД 2020 И 2021 ГОДОВ
E11: (тыс. рублей)
A12: Код бюджетной классификации Российской Федерации | B12: Наименование источников финансирования дефицита местного бюджета | C12: 2019 год | D12: 2020 год | E12: 2021 год
A13: 1 | B13: 2 | C13: 3 | D13: 4 | E13: 5
A14: 000 01 02 00 00 04 0000 710 | B14: Получение кредитов от кредитных организаций бюджетом городского округа в валюте Российской Федерации | C14: 100000 | D14: 0 | E14: 0
A15: 000 01 02 00 00 04 0000 810 | B15: Погашение бюджетом городского округа кредитов от кредитных организаций в валюте Российской Федерации | C15: 0 | D15: 100000 | E15: 0
A16: 000 01 03 01 00 04 0000 710 | B16: Получение бюджетных кредитов от других бюджетов бюджетной системы Российской Федерации бюджетом городского округа в валюте Российской Федерации | C16: 0 | D16: 0 | E16: 0
A17: 000 01 03 01 00 04 0000 810 | B17: Погашение бюджетом городского округа бюджетных кредитов от других бюджетов бюджетной системы Российской Федерации в валюте Российской Федерации | C17: 0 | D17: 0 | E17: 0
A18: 000 01 05 02 01 04 0000 510 | C18: =прил.3!C38 -> 4263121.5 | D18: =прил.3!D38 -> 4016750.6 | E18: =прил.3!E38 -> 4078208.6
A19: 000 01 05 02 01 04 0000 610 | B19: Уменьшение прочих остатков денежных средств бюджета городского округа | C19: =прил.4!G387 -> 4419486.8 | D19: =прил.4!H387 -> 4116750.6 | E19: =прил.4!I387 -> 3978208.6
A20: 000 01 06 01 00 04 0000 630 | B20: Средства от продажи акций и иных форм участия в капитале, находящихся в собственности бюджетов городских округов | C20: 0 | D20: 0 | E20: 0
B21: ИТОГО: | C21: =C18-C19 -> -156365.3 | D21: =D18-D19 -> -100000 | E21: =E18-E19 -> 100000
A23: заместитель Главы городского округа Нальчик-
A24: заместитель Председателя Совета местного самоуправления
A25: городского округа Нальчик В.Б.Назранов
